Workbook
Name __10: oIndikatoren!$A$113
Name __11: oIndikatoren!$A$125
Name __12: oIndikatoren!$A$137
Name __13: oIndikatoren!$A$149
Name __14: oIndikatoren!$A$161
Name __15: oIndikatoren!$A$173
Name __16: oIndikatoren!$A$185
Name __17: oIndikatoren!$A$197
Name __18: oIndikatoren!$A$209
Name __19: oIndikatoren!$A$221
Name __20: oIndikatoren!$A$233
Name __21: oIndikatoren!$A$245
Name __22: oIndikatoren!$A$257
Name __23: oIndikatoren!$A$269
Name __24: oIndikatoren!$A$281
Name __25: oIndikatoren!$A$293
Name __26: oIndikatoren!$A$305
Name __27: oIndikatoren!$A$317
Name __28: oIndikatoren!$A$329
Name __29: oIndikatoren!$A$341
Name __30: oIndikatoren!$A$353
Name __31: oIndikatoren!$A$365
Name __32: oIndikatoren!$A$377
Name __33: oIndikatoren!$A$389
Name __34: oIndikatoren!$A$401
Name __35: oIndikatoren!$A$413
Name __36: oIndikatoren!$A$425
Name __37: oIndikatoren!$A$437
Name __38: oIndikatoren!$A$449
Name __39: oIndikatoren!$A$461
Name __40: oIndikatoren!$A$473
Name __41: oIndikatoren!$A$485
Name __42: oIndikatoren!$A$497
Name __43: oIndikatoren!$A$509
Name __44: oIndikatoren!$A$521
Name __45: oIndikatoren!$A$533
Name __46: oIndikatoren!$A$545
Name __47: oIndikatoren!$A$557
Name __48: oIndikatoren!$A$569
Name __49: oIndikatoren!$A$581
Name __50: oIndikatoren!$A$593
Name __51: oIndikatoren!$A$605
Name __52: oIndikatoren!$A$617
Name __53: oIndikatoren!$A$629
Name __54: oIndikatoren!$A$641
Name __55: oIndikatoren!$A$653
Name __56: oIndikatoren!$A$665
Name __57: oIndikatoren!$A$677
Name __58: oIndikatoren!$A$689
Name __59: oIndikatoren!$A$701
Name __60: oIndikatoren!$A$713
Name __61: oIndikatoren!$A$725
Name __62: oIndikatoren!$A$737
Name __63: oIndikatoren!$A$749
Name __64: oIndikatoren!$A$761
Name __65: oIndikatoren!$A$773
Name __66: oIndikatoren!$A$785
Name __67: oIndikatoren!$A$797
Name __68: oIndikatoren!$A$809
Name __69: oIndikatoren!$A$821

Sheet  
A1: =OFFSET($C1,0,$Z$5-1) -> Français | C1: Deutsch | D1: Français | E1: English | F1: Italiano
A2: Aktuelle Sprache | C2: Sprache 1 | D2: Sprache 2 | E2: Sprache 3 | F2: Sprache 4 | G2: Sprache 5
A3: Aktuell angezeigte Sprache | C3: Deutsch | D3: Français | E3: English | F3: Italiano | G3: 5_???
B4: 2 | Z4: 55153
A5: =OFFSET($C5,0,$Z$5-1) -> G E S T I O N D E L ' I N N O V A T I O N | C5: I N N O V A T I O N S M A N A G E M E N T | D5: G E S T I O N D E L ' I N N O V A T I O N | E5: I N N O V A T I O N M A N A G E M E N T | G5: contact info@2imanagement.ch | Z5: =IF(AND('Menu Innovation'!C35="© iManagement • s.imboden • www.2iManagement.ch", TODAY()<=$Z$4), $B$4,5) -> 2
A6: =OFFSET($C6,0,$Z$5-1) -> Vision stratégies | C6: Vision & Strategien | D6: Vision stratégies | E6: Vision and strategies | G6: contact info@2imanagement.ch | Z6: Deutsch
A7: =OFFSET($C7,0,$Z$5-1) -> Phase d'exploration | C7: Explorationsphase | D7: Phase d'exploration | E7: Explorative phase | G7: contact info@2imanagement.ch | Z7: Français
A8: =OFFSET($C8,0,$Z$5-1) -> Phase créative | C8: Kreativphase | D8: Phase créative | E8: Creative phase | G8: contact info@2imanagement.ch | Z8: English
A9: =OFFSET($C9,0,$Z$5-1) -> Phase de l'innovation | C9: Innovationsphase | D9: Phase de l'innovation | E9: Innovation phase | G9: contact info@2imanagement.ch | Z9: Italiano
A10: =OFFSET($C10,0,$Z$5-1) -> Analyse | C10: Analyse | D10: Analyse | E10: Analysis | G10: contact info@2imanagement.ch
A11: =OFFSET($C11,0,$Z$5-1) -> Stratégies d'innovation | C11: Innovationsstrategien | D11: Stratégies d'innovation | E11: Innovation strategies | G11: contact info@2imanagement.ch
A12: =OFFSET($C12,0,$Z$5-1) -> Gestion des idées | C12: Ideenmanagement | D12: Gestion des idées | E12: Ideas management | G12: contact info@2imanagement.ch
A13: =OFFSET($C13,0,$Z$5-1) -> Objectifs & stratégies | C13: Ziele & Strategien | D13: Objectifs & stratégies | E13: Goals & strategies | G13: contact info@2imanagement.ch
A14: =OFFSET($C14,0,$Z$5-1) -> Business Plan | C14: Business Plan | D14: Business Plan | E14: Business Plan | G14: contact info@2imanagement.ch
A15: =OFFSET($C15,0,$Z$5-1) -> Réalisation & Controlling | C15: Umsetzung & Controlling | D15: Réalisation & Controlling | E15: Implementation & Controlling | G15: contact info@2imanagement.ch
A16: =OFFSET($C16,0,$Z$5-1) -> CULTURE D'INNOVATION | C16: INNOVATIONSKULTUR | D16: CULTURE D'INNOVATION | E16: Innovation culture | G16: contact info@2imanagement.ch
A17: =OFFSET($C17,0,$Z$5-1) -> Parties prenantes | C17: Stakeholder | D17: Parties prenantes | E17: Stakeholder | G17: contact info@2imanagement.ch
A18: =OFFSET($C18,0,$Z$5-1) -> Produits | C18: Produkte | D18: Produits | E18: Products | G18: contact info@2imanagement.ch
A19: =OFFSET($C19,0,$Z$5-1) -> Processus | C19: Prozesse | D19: Processus | E19: Processes | G19: contact info@2imanagement.ch
A20: =OFFSET($C20,0,$Z$5-1) -> Analyse des erreurs | C20: Fehleranalyse | D20: Analyse des erreurs | E20: Error analysis | G20: contact info@2imanagement.ch
A21: =OFFSET($C21,0,$Z$5-1) -> Causes et effets | C21: Ursache - Wirkung | D21: Causes et effets | E21: Cause - effect | G21: contact info@2imanagement.ch
... A47: =OFFSET($C47,0,$Z$5-1) -> Consumer Trend Canvas | C47: Consumer Trend Canvas | D47: Consumer Trend Canvas | E47: Consumer Trend Canvas | G47: contact info@2imanagement.ch
A48: =OFFSET($C48,0,$Z$5-1) -> Créativité | C48: Kreativität | D48: Créativité | E48: Creativity
A49: =OFFSET($C49,0,$Z$5-1) -> Intéligence créative | C49: Kreative Intelligenz | D49: Intéligence créative | E49: Creative intelligence
A50: =OFFSET($C50,0,$Z$5-1) -> Votre logo: | C50: Ihr Logo: | D50: Votre logo: | E50: Your logo: | F50: Vostro logo:
A51: =OFFSET($C51,0,$Z$5-1) -> T E N D A N C E S D E D É V E L O P P E M E N T | C51: E N T W I C K L U N G S T R E N D S | D51: T E N D A N C E S D E D É V E L O P P E M E N T | E51: D E V E L O P M E N T T R E N D S | G51: contact info@2imanagement.ch
A52: =OFFSET($C52,0,$Z$5-1) -> Tendances politiques | C52: Politische Trends | D52: Tendances politiques | E52: Political trends | G52: contact info@2imanagement.ch
A53: =OFFSET($C53,0,$Z$5-1) -> No. | C53: Nr. | D53: No. | E53: No. | G53: contact info@2imanagement.ch
A54: =OFFSET($C54,0,$Z$5-1) -> Facteurs d'influence | C54: Einflussfaktoren | D54: Facteurs d'influence | E54: Influencing factors | G54: contact info@2imanagement.ch
A55: =OFFSET($C55,0,$Z$5-1) -> Impact sur l'innovation | C55: Auswirkungen auf die Innovation | D55: Impact sur l'innovation | E55: Impact on innovation | G55: contact info@2imanagement.ch
A56: =OFFSET($C56,0,$Z$5-1) -> Intensité de l'impact | C56: Stärke der Auswirkungen | D56: Intensité de l'impact | E56: Strength of impact | G56: contact info@2imanagement.ch
A57: =OFFSET($C57,0,$Z$5-1) -> Ten- dance | C57: Trend | D57: Ten- dance | E57: Trend | G57: contact info@2imanagement.ch
A58: =OFFSET($C58,0,$Z$5-1) -> Mesures / innovations possibles | C58: Mögliche Massnahmen / Innovationen | D58: Mesures / innovations possibles | E58: Possible measures / innovations | G58: contact info@2imanagement.ch
A59: =OFFSET($C59,0,$Z$5-1) -> Statut | C59: Status | D59: Statut | E59: Status | G59: contact info@2imanagement.ch
A60: =OFFSET($C60,0,$Z$5-1) -> Tendances économiques | C60: Ökonomische Trends | D60: Tendances économiques | E60: Economic trends | G60: contact info@2imanagement.ch
A61: =OFFSET($C61,0,$Z$5-1) -> Tendances sociologiques | C61: Soziologische Trends | D61: Tendances sociologiques | E61: Sociological trends | G61: contact info@2imanagement.ch
A62: =OFFSET($C62,0,$Z$5-1) -> Tendances technologiques | C62: Technologische Trends | D62: Tendances technologiques | E62: Technological trends | G62: contact info@2imanagement.ch
... A64: =OFFSET($C64,0,$Z$5-1) -> Tendances légales | C64: Rechtliche Trends | D64: Tendances légales | E64: Legal trends | G64: contact info@2imanagement.ch
A65: =OFFSET($C65,0,$Z$5-1) -> P O T E N T I E L D ' I N N O V A T I O N | C65: I N N O V A T I O N S P O T E N Z I A L | D65: P O T E N T I E L D ' I N N O V A T I O N | E65: P O T E N T I A L A N A L Y S I S | F65: A N A L I S I D E L P O T E N Z I A L E | G65: contact info@2imanagement.ch
A66: =OFFSET($C66,0,$Z$5-1) -> Avantage | C66: Vorteil | D66: Avantage | E66: Advantage | F66: Vantaggio | G66: contact info@2imanagement.ch
A67: =OFFSET($C67,0,$Z$5-1) -> Désavantage | C67: Nachteil | D67: Désavantage | E67: Disadvantage | F67: Svantaggio | G67: contact info@2imanagement.ch
A68: =OFFSET($C68,0,$Z$5-1) -> Potentiel | C68: Potenzial | D68: Potentiel | E68: Competition | F68: Concorrenza | G68: contact info@2imanagement.ch
A69: =OFFSET($C69,0,$Z$5-1) -> No. | C69: Nr. | D69: No. | E69: No. | F69: N. | G69: contact info@2imanagement.ch
A70: =OFFSET($C70,0,$Z$5-1) -> Facteur clé | C70: Schlüsselfaktor | D70: Facteur clé | E70: Key factor | F70: Fattore chiave | G70: contact info@2imanagement.ch
A71: =OFFSET($C71,0,$Z$5-1) -> Innovations possibles | C71: Mögliche Innovationen | D71: Innovations possibles | E71: Remarks | F71: Osservazioni | G71: contact info@2imanagement.ch
A72: =OFFSET($C72,0,$Z$5-1) -> Produit, assortiment | C72: Produkt, Sortiment | D72: Produit, assortiment | E72: Product, range | F72: Prodotto, assortimento | G72: contact info@2imanagement.ch
A73: =OFFSET($C73,0,$Z$5-1) -> Prix, conditions | C73: Preise, Konditionen | D73: Prix, conditions | E73: Prices, conditions | F73: Prezzi, condizioni | G73: contact info@2imanagement.ch
A74: =OFFSET($C74,0,$Z$5-1) -> Part du marché, croissance, structure | C74: Marktanteil, Marktwachstum, Marktstruktur | D74: Part du marché, croissance, structure | E74: Market share, market growth and market structure | F74: Quota di mercato, crescita e struttura del mercato | G74: contact info@2imanagement.ch
A75: =OFFSET($C75,0,$Z$5-1) -> Nom de marque, image de marque | C75: Markenname, Markenimage | D75: Nom de marque, image de marque | E75: Brand name, brand image | F75: Marchio, immagine di marca | G75: contact info@2imanagement.ch
A76: =OFFSET($C76,0,$Z$5-1) -> Organisation de la distribution | C76: Vertriebsorganisation | D76: Organisation de la distribution | E76: Sales organization | F76: Organizzazione della distribuzione | G76: contact info@2imanagement.ch
... A154: =OFFSET($C154,0,$Z$5-1) -> Statut | C154: Status | D154: Statut | E154: Status | F154: Statuto | G154: contact info@2imanagement.ch
A155: =OFFSET($C155,0,$Z$5-1) -> grande | C155: gross | D155: grande | E155: Big | F155: grande
A156: =OFFSET($C156,0,$Z$5-1) -> petit | C156: klein | D156: petit | E156: Small | F156: piccolo
A157: =OFFSET($C157,0,$Z$5-1) -> C O Û T S - A V A N T A G E | C157: K O S T E N - N U T Z E N | D157: C O Û T S - A V A N T A G E | E157: C O S T - B E N E F I T | G157: contact info@2imanagement.ch
A158: =OFFSET($C158,0,$Z$5-1) -> Avantages | C158: Nutzen | D158: Avantages | E158: Benefits | G158: contact info@2imanagement.ch
A159: =OFFSET($C159,0,$Z$5-1) -> grands | C159: hoch | D159: grands | E159: high | G159: contact info@2imanagement.ch
A160: =OFFSET($C160,0,$Z$5-1) -> petits | C160: gering | D160: petits | E160: low | G160: contact info@2imanagement.ch
A161: =OFFSET($C161,0,$Z$5-1) -> Innovation | C161: Innovation | D161: Innovation | E161: Innovation | G161: contact info@2imanagement.ch
A162: =OFFSET($C162,0,$Z$5-1) -> Coûts | C162: Kosten | D162: Coûts | E162: Costs | G162: contact info@2imanagement.ch
A163: =OFFSET($C163,0,$Z$5-1) -> Efforts | C163: Aufwand | D163: Efforts | E163: Expense | G163: contact info@2imanagement.ch
A164: =OFFSET($C164,0,$Z$5-1) -> Remarques | C164: Bemerkungen | D164: Remarques | E164: Remarks | G164: contact info@2imanagement.ch
A165: =OFFSET($C165,0,$Z$5-1) -> Innovation produit | C165: Produkteinnovation | D165: Innovation produit | E165: Product innovation | G165: contact info@2imanagement.ch
A166: =OFFSET($C166,0,$Z$5-1) -> Innovation prest. service | C166: Dienstleistungs-innovation | D166: Innovation prest. service | E166: Service innovation | G166: contact info@2imanagement.ch
A167: =OFFSET($C167,0,$Z$5-1) -> Innovation processus | C167: Prozessinnovation | D167: Innovation processus | E167: Process innovation | G167: contact info@2imanagement.ch
A168: =OFFSET($C168,0,$Z$5-1) -> Innovation organisationnelle | C168: Organisatorische Innovation | D168: Innovation organisationnelle | E168: Organisational innovation | G168: contact info@2imanagement.ch
A169: =OFFSET($C169,0,$Z$5-1) -> D O M A I N E D' A C T I V I T É S T R A T É G I Q U E (DAS) | C169: S T R A T E G I S C H E G E S C H Ä F T S E I N H E I T E N (SGE) | D169: D O M A I N E D' A C T I V I T É S T R A T É G I Q U E (DAS) | E169: S T R A T E G I C B U S I N E S S U N I T S (SBU) | F169: A R E E S T R A T E G I C H E D I A F F A R I (ASA) | G169: contact info@2imanagement.ch
A170: =OFFSET($C170,0,$Z$5-1) -> Domaine d'activité stratégique | C170: Strategische Geschäftseinheiten | D170: Domaine d'activité stratégique | E170: Strategic business units | F170: Aree strategiche di affari | G170: contact info@2imanagement.ch
A171: =OFFSET($C171,0,$Z$5-1) -> DAS | C171: SGE | D171: DAS | E171: SBU | F171: ASA | G171: contact info@2imanagement.ch
A172: =OFFSET($C172,0,$Z$5-1) -> Effets de synergies | C172: Synergieeffekte | D172: Effets de synergies | E172: Synergetic effects | F172: Effetti sinergici | G172: contact info@2imanagement.ch
A173: =OFFSET($C173,0,$Z$5-1) -> Segments du marché | C173: Marktsegmente | D173: Segments du marché | E173: Market segments | F173: Segmenti di mercato | G173: contact info@2imanagement.ch
A174: =OFFSET($C174,0,$Z$5-1) -> Indépendance | C174: Eigenständigkeit | D174: Indépendance | E174: Independence | F174: Indipendenza | G174: contact info@2imanagement.ch
A175: =OFFSET($C175,0,$Z$5-1) -> C O Û T S D E L ' I N N O V A T I O N | C175: I N N O V A T I O N S K O S T E N | D175: C O Û T S D E L ' I N N O V A T I O N | E175: C O Û T S D E L ' I N N O V A T I O N | F175: I N NO V A T I O N C O S T S | G175: contact info@2imanagement.ch
A176: =OFFSET($C176,0,$Z$5-1) -> Coûts | C176: Kostenträger | D176: Coûts | E176: Coûts | F176: Cost objects | G176: contact info@2imanagement.ch
A177: =OFFSET($C177,0,$Z$5-1) -> en % | C177: in % | D177: en % | E177: en % | F177: in % | G177: contact info@2imanagement.ch
A178: =OFFSET($C178,0,$Z$5-1) -> Influença-bilité? | C178: Beinfluss-barkeit? | D178: Influença-bilité? | E178: Influença-bilité ? | F178: Influenceable? | G178: contact info@2imanagement.ch
A179: =OFFSET($C179,0,$Z$5-1) -> No. | C179: Nr. | D179: No. | E179: No. | F179: No. | G179: contact info@2imanagement.ch
A180: =OFFSET($C180,0,$Z$5-1) -> Statut | C180: Status | D180: Statut | E180: Statut | F180: Status | G180: contact info@2imanagement.ch
... A200: =OFFSET($C200,0,$Z$5-1) -> Nos mécanismes de fixation des prix permettent de capter tout ce que le client est prêt à payer | C200: Unsere Preisgestaltung entspricht dem, was der Kunde bereit ist zu bezahlen | D200: Nos mécanismes de fixation des prix permettent de capter tout ce que le client est prêt à payer | E200: Our pricing mechanismes capture full willingness to pay | F200: I nostri prezzi sono strutturati in base a quanto il cliente è disposto a pagare | G200: contact info@2imanagement.ch
A201: =OFFSET($C201,0,$Z$5-1) -> 0 | G201: contact info@2imanagement.ch
A202: =OFFSET($C202,0,$Z$5-1) -> Nos coûts sont prévisibles | C202: Unsere Kosten sind vorhersehbar | D202: Nos coûts sont prévisibles | E202: Our costs are predictable | F202: I nostri costi sono prevedibili | G202: contact info@2imanagement.ch
A203: =OFFSET($C203,0,$Z$5-1) -> Notre structure de coûts est correctement adaptée à notre modèle d'affaires | C203: Unsere Kostenstruktur ist richtig auf unser Geschäftsmodell abgestimmt | D203: Notre structure de coûts est correctement adaptée à notre modèle d'affaires | E203: Our Cost Structure is correctly matched to our business model | F203: La nostra struttura dei costi è perfettamente adattata al nostro modello di business | G203: contact info@2imanagement.ch
A204: =OFFSET($C204,0,$Z$5-1) -> Nos activités sont efficace par rapport aux coûts | C204: Unsere Aktivitäten sind Kosteneffizient | D204: Nos activités sont efficace par rapport aux coûts | E204: Our operations are cost-efficient | F204: Le nostre attività sono redditizie | G204: contact info@2imanagement.ch
A205: =OFFSET($C205,0,$Z$5-1) -> Nous bénéficions d'économies d'échelle | C205: Wir profitieren von Skaleneffekten | D205: Nous bénéficions d'économies d'échelle | E205: We benefit from economies of scale | F205: Beneficiamo di economie di scala | G205: contact info@2imanagement.ch
A206: =OFFSET($C206,0,$Z$5-1) -> 0 | G206: contact info@2imanagement.ch
A207: =OFFSET($C207,0,$Z$5-1) -> Le taux de roulement de la clientèle est faible | C207: Die Fluktuationsrate der Kunden ist gering | D207: Le taux de roulement de la clientèle est faible | E207: Customer churn rates are low | F207: Il tasso di fluttuazione della clientela è basso | G207: contact info@2imanagement.ch
A208: =OFFSET($C208,0,$Z$5-1) -> La clientèle est bien segmentée | C208: Die Kundensegmentierung ist gut | D208: La clientèle est bien segmentée | E208: Customer base is well segmented | F208: La segmentazione della clientela è buona | G208: contact info@2imanagement.ch
A209: =OFFSET($C209,0,$Z$5-1) -> Nous acquérons régulièrement de nouveaux clients | C209: Wir gewinnen regelmässig neue Kunden | D209: Nous acquérons régulièrement de nouveaux clients | E209: We are continuously acquiring new customers | F209: Acquisiamo regolarmente nuovi clienti | G209: contact info@2imanagement.ch
A210: =OFFSET($C210,0,$Z$5-1) -> 0 | G210: contact info@2imanagement.ch
A211: =OFFSET($C211,0,$Z$5-1) -> Nos canaux de distribution sont efficients | C211: Unsere Vertriebskanäle sind effizient | D211: Nos canaux de distribution sont efficients | E211: Our Channels are efficient | F211: I nostri canali di distribuzione sono molto efficaci | G211: contact info@2imanagement.ch
A212: =OFFSET($C212,0,$Z$5-1) -> Nos canaux de distribution sont efficaces (effective) | C212: Unsere Vertriebskanäle sind wirksam (effektiv) | D212: Nos canaux de distribution sont efficaces (effective) | E212: Our Channels are effective | F212: I nostri canali di distribuzione sono redditizi | G212: contact info@2imanagement.ch
A213: =OFFSET($C213,0,$Z$5-1) -> La pénétration des canaux est bonne | C213: Die Penetration (Reichweite) der Vertriebskanäle ist gut | D213: La pénétration des canaux est bonne | E213: Channel reach ist strong among customers | F213: La penetrazione dei canali di distribuzione è buona | G213: contact info@2imanagement.ch
A214: =OFFSET($C214,0,$Z$5-1) -> Les clients repèrent facilement nos canaux de distribution | C214: Die Vertriebskanäle werden von unseren Kunden einfach identifiziert | D214: Les clients repèrent facilement nos canaux de distribution | E214: Customers can easily see our Channels | F214: I nostri canali di distribuzione vengono facilmente identificati dai nostri clienti | G214: contact info@2imanagement.ch
A215: =OFFSET($C215,0,$Z$5-1) -> Les canaux sont très intégrés | C215: Die Vertriebskanäle sind sehr stark integriert | D215: Les canaux sont très intégrés | E215: Channels are strongly integrated | F215: I canali di distribuzione sono fortemente integrati | G215: contact info@2imanagement.ch
A216: =OFFSET($C216,0,$Z$5-1) -> Les canaux sont sources d'économie d'envergure (economies of scope) | C216: Mit den Vertriebskanäle können Synergien und Kostenvorteile realisiert werden (economies of scope, Verbundvorteile) | D216: Les canaux sont sources d'économie d'envergure (economies of scope) | E216: Channels provide economies of scope | F216: I canali di distribuzione permettono di generare sinergie e di risparmiare sui costi (economies of scope) | G216: contact info@2imanagement.ch
A217: =OFFSET($C217,0,$Z$5-1) -> Les canaux de distribution sont adaptés aux segments clients | C217: Die Vertriebskanäle sind auf die Kundensegmente abgestimmt | D217: Les canaux de distribution sont adaptés aux segments clients | E217: Channels are matched to Customer Segments | F217: I canali di distribuzione sono perfettamente adattati ai segmenti della clientela | G217: contact info@2imanagement.ch
A218: =OFFSET($C218,0,$Z$5-1) -> 0 | G218: contact info@2imanagement.ch
A219: =OFFSET($C219,0,$Z$5-1) -> Forte relations avec les clients | C219: Starke Kundenbeziehung | D219: Forte relations avec les clients | E219: Strong Customer Relationships | F219: Le relazioni con i clienti sono molto solide | G219: contact info@2imanagement.ch
A220: =OFFSET($C220,0,$Z$5-1) -> La qualité de la relation correspond à la segmentation de la clientèle | C220: Die Qualität der Beziehung entspricht der Kundensegmentierung | D220: La qualité de la relation correspond à la segmentation de la clientèle | E220: Relationship quality matches Customers Segements | F220: La qualità della relazione corrisponde alla segmentazione della clientela | G220: contact info@2imanagement.ch
A221: =OFFSET($C221,0,$Z$5-1) -> Les relations avec les clients sont forte. Pour le client, un changement a des coûts élevés | C221: Die Kundenbindung ist so stark, dass ein Wechsel hohe Kosten für den Kunden bringt | D221: Les relations avec les clients sont forte. Pour le client, un changement a des coûts élevés | E221: Relationship bind customers through high switching costs | F221: Le relazioni con i clienti sono di natura tale da generare costi elevati in caso di cambiamento | G221: contact info@2imanagement.ch
A222: =OFFSET($C222,0,$Z$5-1) -> Notre marque est forte | C222: Unsere Marke ist stark | D222: Notre marque est forte | E222: Our brand is strong | F222: Il nostro marchio è forte | G222: contact info@2imanagement.ch
...

Sheet Menu Innovation
C1: =' '!A5 -> G E S T I O N D E L ' I N N O V A T I O N
C35: © iManagement • s.imboden • www.2iManagement.ch | M35: V1.4.2

Sheet Analyse
B1: =' '!A342 -> A N A L Y S E
B27: © iManagement • s.imboden • www.2iManagement.ch

Sheet IdeenMgmt
B1: =' '!A318 -> G E S T I O N D E S I D É E S
B27: © iManagement • s.imboden • www.2iManagement.ch

Sheet Umsetzung
B1: =' '!A404 -> R É A L I S A T I O N & C O N T R O L L I N G
B27: © iManagement • s.imboden • www.2iManagement.ch

Sheet Produkte
B1: =' '!A143 -> P R O D U I T S & P R E S T A T I O N S C L É
B4: =' '!A152 -> No. | C4: =' '!A144 -> Produit/Prestations de service | D4: =' '!A147 -> USP | E4: =' '!A148 -> Demande | F4: =' '!A149 -> Chiffre d'affaire | G4: =' '!A151 -> Stratégie d'innovation possible | H4: =' '!A154 -> Statut
B5: P1 | C5: Produit 1 | D5: 3 | E5: 6 | F5: 1 | H5: 2 | I5: =IF(F5=3,3, IF(F5=2,2,1)) -> 1
B6: P2 | C6: Produit2 | D6: 8 | E6: 9 | F6: 2 | I6: =IF(F6=3,3, IF(F6=2,2,1)) -> 2
B7: P3 | C7: Produit 3 | I7: =IF(F7=3,3, IF(F7=2,2,1)) -> 1
B8: P4 | C8: Produit 4 | I8: =IF(F8=3,3, IF(F8=2,2,1)) -> 1
B9: P5 | C9: Produit 5 | I9: =IF(F9=3,3, IF(F9=2,2,1)) -> 1
B10: © iManagement • s.imboden • www.2iManagement.ch
G36: =CONCATENATE(" ",B5," ",C5) -> P1 Produit 1
G37: =CONCATENATE(" ",B6," ",C6) -> P2 Produit2
G38: =CONCATENATE(" ",B7," ",C7) -> P3 Produit 3
G39: =CONCATENATE(" ",B8," ",C8) -> P4 Produit 4
G40: =CONCATENATE(" ",B9," ",C9) -> P5 Produit 5

Sheet Prozesse
B1: =' '!A405 -> A N A L Y S E D E S P R O C E S S U S
B2: =' '!A399 -> du: | C2: 41640 | D2: =' '!A400 -> au: | E2: 42004
B4: =' '!A349 -> Ranking | C4: =' '!A406 -> Processus | D4: =' '!A408 -> Nbr. amélio. | E4: =' '!A407 -> Améliorations | F4: =' '!A412 -> Plus-value pour clients | G4: =' '!A409 -> Date | H4: =' '!A397 -> Statut
B5: =IF(D5="","",RANK(D5,D$5:D$24)+COUNTIF(D$5:D5,D5)-1) -> 20 | C5: Process 1 | D5: 2 | F5: 2 | G5: 41275 | H5: 2
B6: =IF(D6="","",RANK(D6,D$5:D$24)+COUNTIF(D$5:D6,D6)-1) -> 19 | C6: Process 2 | D6: 3 | F6: 6
B7: =IF(D7="","",RANK(D7,D$5:D$24)+COUNTIF(D$5:D7,D7)-1) -> 18 | C7: Process 3 | D7: 5 | F7: 10
B8: =IF(D8="","",RANK(D8,D$5:D$24)+COUNTIF(D$5:D8,D8)-1) -> 2 | C8: Process 4 | D8: 9
B9: =IF(D9="","",RANK(D9,D$5:D$24)+COUNTIF(D$5:D9,D9)-1) -> 4 | C9: Process 5 | D9: 6
B10: =IF(D10="","",RANK(D10,D$5:D$24)+COUNTIF(D$5:D10,D10)-1) -> 1 | C10: Process 6 | D10: 10
B11: =IF(D11="","",RANK(D11,D$5:D$24)+COUNTIF(D$5:D11,D11)-1) -> 5 | C11: Process 7 | D11: 6
B12: =IF(D12="","",RANK(D12,D$5:D$24)+COUNTIF(D$5:D12,D12)-1) -> 6 | C12: Process 8 | D12: 6
B13: =IF(D13="","",RANK(D13,D$5:D$24)+COUNTIF(D$5:D13,D13)-1) -> 7 | C13: Process 9 | D13: 6
B14: =IF(D14="","",RANK(D14,D$5:D$24)+COUNTIF(D$5:D14,D14)-1) -> 8 | C14: Process 10 | D14: 6
B15: =IF(D15="","",RANK(D15,D$5:D$24)+COUNTIF(D$5:D15,D15)-1) -> 9 | C15: Process 11 | D15: 6
B16: =IF(D16="","",RANK(D16,D$5:D$24)+COUNTIF(D$5:D16,D16)-1) -> 10 | C16: Process 12 | D16: 6
B17: =IF(D17="","",RANK(D17,D$5:D$24)+COUNTIF(D$5:D17,D17)-1) -> 11 | C17: Process 13 | D17: 6
B18: =IF(D18="","",RANK(D18,D$5:D$24)+COUNTIF(D$5:D18,D18)-1) -> 12 | C18: Process 14 | D18: 6
B19: =IF(D19="","",RANK(D19,D$5:D$24)+COUNTIF(D$5:D19,D19)-1) -> 3 | C19: Process 15 | D19: 8
... B24: =IF(D24="","",RANK(D24,D$5:D$24)+COUNTIF(D$5:D24,D24)-1) -> 17 | C24: Process 20 | D24: 6
B25: © iManagement • s.imboden • www.2iManagement.ch
B28: Pareto X Axis | C28: Bars | D28: Ordered Rank | E28: Percentage
B29: =IF(D5="","",INDEX($B$5:$D$24,MATCH(D29,$B$5:$B$24,0),2)) -> Process 6 | C29: =IF(D5="","",INDEX($B$5:$D$24,MATCH(D29,$B$5:$B$24,0),3)) -> 10 | D29: 1 | E29: =IF(C29="","",C29/SUM($C$29:$C$48)) -> 0.082644628
B30: =IF(D6="","",INDEX($B$5:$D$24,MATCH(D30,$B$5:$B$24,0),2)) -> Process 4 | C30: =IF(D6="","",INDEX($B$5:$D$24,MATCH(D30,$B$5:$B$24,0),3)) -> 9 | D30: 2 | E30: =IF(C30="","",(C30/SUM($C$29:$C$48)+E29)) -> 0.15702479
B31: =IF(D7="","",INDEX($B$5:$D$24,MATCH(D31,$B$5:$B$24,0),2)) -> Process 15 | C31: =IF(D7="","",INDEX($B$5:$D$24,MATCH(D31,$B$5:$B$24,0),3)) -> 8 | D31: 3 | E31: =IF(C31="","",(C31/SUM($C$29:$C$48)+E30)) -> 0.2231405
B32: =IF(D8="","",INDEX($B$5:$D$24,MATCH(D32,$B$5:$B$24,0),2)) -> Process 5 | C32: =IF(D8="","",INDEX($B$5:$D$24,MATCH(D32,$B$5:$B$24,0),3)) -> 6 | D32: 4 | E32: =IF(C32="","",(C32/SUM($C$29:$C$48)+E31)) -> 0.27272727
B33: =IF(D9="","",INDEX($B$5:$D$24,MATCH(D33,$B$5:$B$24,0),2)) -> Process 7 | C33: =IF(D9="","",INDEX($B$5:$D$24,MATCH(D33,$B$5:$B$24,0),3)) -> 6 | D33: 5 | E33: =IF(C33="","",(C33/SUM($C$29:$C$48)+E32)) -> 0.32231405
B34: =IF(D10="","",INDEX($B$5:$D$24,MATCH(D34,$B$5:$B$24,0),2)) -> Process 8 | C34: =IF(D10="","",INDEX($B$5:$D$24,MATCH(D34,$B$5:$B$24,0),3)) -> 6 | D34: 6 | E34: =IF(C34="","",(C34/SUM($C$29:$C$48)+E33)) -> 0.37190083
B35: =IF(D11="","",INDEX($B$5:$D$24,MATCH(D35,$B$5:$B$24,0),2)) -> Process 9 | C35: =IF(D11="","",INDEX($B$5:$D$24,MATCH(D35,$B$5:$B$24,0),3)) -> 6 | D35: 7 | E35: =IF(C35="","",(C35/SUM($C$29:$C$48)+E34)) -> 0.4214876
B36: =IF(D12="","",INDEX($B$5:$D$24,MATCH(D36,$B$5:$B$24,0),2)) -> Process 10 | C36: =IF(D12="","",INDEX($B$5:$D$24,MATCH(D36,$B$5:$B$24,0),3)) -> 6 | D36: 8 | E36: =IF(C36="","",(C36/SUM($C$29:$C$48)+E35)) -> 0.47107438
B37: =IF(D13="","",INDEX($B$5:$D$24,MATCH(D37,$B$5:$B$24,0),2)) -> Process 11 | C37: =IF(D13="","",INDEX($B$5:$D$24,MATCH(D37,$B$5:$B$24,0),3)) -> 6 | D37: 9 | E37: =IF(C37="","",(C37/SUM($C$29:$C$48)+E36)) -> 0.52066116
B38: =IF(D14="","",INDEX($B$5:$D$24,MATCH(D38,$B$5:$B$24,0),2)) -> Process 12 | C38: =IF(D14="","",INDEX($B$5:$D$24,MATCH(D38,$B$5:$B$24,0),3)) -> 6 | D38: 10 | E38: =IF(C38="","",(C38/SUM($C$29:$C$48)+E37)) -> 0.57024793
B39: =IF(D15="","",INDEX($B$5:$D$24,MATCH(D39,$B$5:$B$24,0),2)) -> Process 13 | C39: =IF(D15="","",INDEX($B$5:$D$24,MATCH(D39,$B$5:$B$24,0),3)) -> 6 | D39: 11 | E39: =IF(C39="","",(C39/SUM($C$29:$C$48)+E38)) -> 0.61983471
B40: =IF(D16="","",INDEX($B$5:$D$24,MATCH(D40,$B$5:$B$24,0),2)) -> Process 14 | C40: =IF(D16="","",INDEX($B$5:$D$24,MATCH(D40,$B$5:$B$24,0),3)) -> 6 | D40: 12 | E40: =IF(C40="","",(C40/SUM($C$29:$C$48)+E39)) -> 0.66942149
B41: =IF(D17="","",INDEX($B$5:$D$24,MATCH(D41,$B$5:$B$24,0),2)) -> Process 16 | C41: =IF(D17="","",INDEX($B$5:$D$24,MATCH(D41,$B$5:$B$24,0),3)) -> 6 | D41: 13 | E41: =IF(C41="","",(C41/SUM($C$29:$C$48)+E40)) -> 0.71900826
... B48: =IF(D24="","",INDEX($B$5:$D$24,MATCH(D48,$B$5:$B$24,0),2)) -> Process 1 | C48: =IF(D24="","",INDEX($B$5:$D$24,MATCH(D48,$B$5:$B$24,0),3)) -> 2 | D48: 20 | E48: =IF(C48="","",(C48/SUM($C$29:$C$48)+E47)) -> 1

Sheet Fehler
B1: =' '!A392 -> A N A L Y S E D E S E R R E U R E S
B2: =' '!A399 -> du: | C2: 41640 | D2: =' '!A400 -> au: | E2: 42004
B4: =' '!A349 -> Ranking | C4: =' '!A394 -> Erreur | D4: =' '!A351 -> Fré-quence | E4: =' '!A393 -> Processus / Produit / Prestation de service | F4: =' '!A395 -> Raisons | G4: =' '!A396 -> Innovations possibles pour éviter les erreurs | H4: =' '!A398 -> Probabilité d'occurence | I4: =' '!A397 -> Statut
B5: =IF(D5="","",RANK(D5,D$5:D$24)+COUNTIF(D$5:D5,D5)-1) -> 5 | C5: Error 1 | D5: 15 | H5: 2 | I5: 2
B6: =IF(D6="","",RANK(D6,D$5:D$24)+COUNTIF(D$5:D6,D6)-1) -> 18 | C6: Error 2 | D6: 2 | H6: 1
B7: =IF(D7="","",RANK(D7,D$5:D$24)+COUNTIF(D$5:D7,D7)-1) -> 10 | C7: Error 3 | D7: 10
B8: =IF(D8="","",RANK(D8,D$5:D$24)+COUNTIF(D$5:D8,D8)-1) -> 15 | C8: Error 4 | D8: 5
B9: =IF(D9="","",RANK(D9,D$5:D$24)+COUNTIF(D$5:D9,D9)-1) -> 13 | C9: Error 5 | D9: 7
B10: =IF(D10="","",RANK(D10,D$5:D$24)+COUNTIF(D$5:D10,D10)-1) -> 6 | C10: Error 6 | D10: 15
B11: =IF(D11="","",RANK(D11,D$5:D$24)+COUNTIF(D$5:D11,D11)-1) -> 14 | C11: Error 7 | D11: 7
B12: =IF(D12="","",RANK(D12,D$5:D$24)+COUNTIF(D$5:D12,D12)-1) -> 2 | C12: Error 8 | D12: 80
B13: =IF(D13="","",RANK(D13,D$5:D$24)+COUNTIF(D$5:D13,D13)-1) -> 12 | C13: Error 9 | D13: 9
B14: =IF(D14="","",RANK(D14,D$5:D$24)+COUNTIF(D$5:D14,D14)-1) -> 11 | C14: Error 10 | D14: 10
B15: =IF(D15="","",RANK(D15,D$5:D$24)+COUNTIF(D$5:D15,D15)-1) -> 8 | C15: Error 11 | D15: 12
B16: =IF(D16="","",RANK(D16,D$5:D$24)+COUNTIF(D$5:D16,D16)-1) -> 9 | C16: Error 12 | D16: 12
B17: =IF(D17="","",RANK(D17,D$5:D$24)+COUNTIF(D$5:D17,D17)-1) -> 7 | C17: Error 13 | D17: 13
B18: =IF(D18="","",RANK(D18,D$5:D$24)+COUNTIF(D$5:D18,D18)-1) -> 17 | C18: Error 14 | D18: 3
... B23: =IF(D23="","",RANK(D23,D$5:D$24)+COUNTIF(D$5:D23,D23)-1) -> 16 | C23: Error 19 | D23: 5
B24: =IF(D24="","",RANK(D24,D$5:D$24)+COUNTIF(D$5:D24,D24)-1)
B25: © iManagement • s.imboden • www.2iManagement.ch
B28: Pareto X Axis | C28: Bars | D28: Ordered Rank | E28: Percentage
B29: =IF(D5="","",INDEX($B$5:$D$24,MATCH(D29,$B$5:$B$24,0),2)) -> Error 18 | C29: =IF(D5="","",INDEX($B$5:$D$24,MATCH(D29,$B$5:$B$24,0),3)) -> 86 | D29: 1 | E29: =IF(C29="","",C29/SUM($C$29:$C$48)) -> 0.21882952
B30: =IF(D6="","",INDEX($B$5:$D$24,MATCH(D30,$B$5:$B$24,0),2)) -> Error 8 | C30: =IF(D6="","",INDEX($B$5:$D$24,MATCH(D30,$B$5:$B$24,0),3)) -> 80 | D30: 2 | E30: =IF(C30="","",(C30/SUM($C$29:$C$48)+E29)) -> 0.42239186
B31: =IF(D7="","",INDEX($B$5:$D$24,MATCH(D31,$B$5:$B$24,0),2)) -> Error 17 | C31: =IF(D7="","",INDEX($B$5:$D$24,MATCH(D31,$B$5:$B$24,0),3)) -> 55 | D31: 3 | E31: =IF(C31="","",(C31/SUM($C$29:$C$48)+E30)) -> 0.56234097
B32: =IF(D8="","",INDEX($B$5:$D$24,MATCH(D32,$B$5:$B$24,0),2)) -> Error 15 | C32: =IF(D8="","",INDEX($B$5:$D$24,MATCH(D32,$B$5:$B$24,0),3)) -> 45 | D32: 4 | E32: =IF(C32="","",(C32/SUM($C$29:$C$48)+E31)) -> 0.67684478
B33: =IF(D9="","",INDEX($B$5:$D$24,MATCH(D33,$B$5:$B$24,0),2)) -> Error 1 | C33: =IF(D9="","",INDEX($B$5:$D$24,MATCH(D33,$B$5:$B$24,0),3)) -> 15 | D33: 5 | E33: =IF(C33="","",(C33/SUM($C$29:$C$48)+E32)) -> 0.71501272
B34: =IF(D10="","",INDEX($B$5:$D$24,MATCH(D34,$B$5:$B$24,0),2)) -> Error 6 | C34: =IF(D10="","",INDEX($B$5:$D$24,MATCH(D34,$B$5:$B$24,0),3)) -> 15 | D34: 6 | E34: =IF(C34="","",(C34/SUM($C$29:$C$48)+E33)) -> 0.75318066
B35: =IF(D11="","",INDEX($B$5:$D$24,MATCH(D35,$B$5:$B$24,0),2)) -> Error 13 | C35: =IF(D11="","",INDEX($B$5:$D$24,MATCH(D35,$B$5:$B$24,0),3)) -> 13 | D35: 7 | E35: =IF(C35="","",(C35/SUM($C$29:$C$48)+E34)) -> 0.78625954
B36: =IF(D12="","",INDEX($B$5:$D$24,MATCH(D36,$B$5:$B$24,0),2)) -> Error 11 | C36: =IF(D12="","",INDEX($B$5:$D$24,MATCH(D36,$B$5:$B$24,0),3)) -> 12 | D36: 8 | E36: =IF(C36="","",(C36/SUM($C$29:$C$48)+E35)) -> 0.81679389
B37: =IF(D13="","",INDEX($B$5:$D$24,MATCH(D37,$B$5:$B$24,0),2)) -> Error 12 | C37: =IF(D13="","",INDEX($B$5:$D$24,MATCH(D37,$B$5:$B$24,0),3)) -> 12 | D37: 9 | E37: =IF(C37="","",(C37/SUM($C$29:$C$48)+E36)) -> 0.84732824
B38: =IF(D14="","",INDEX($B$5:$D$24,MATCH(D38,$B$5:$B$24,0),2)) -> Error 3 | C38: =IF(D14="","",INDEX($B$5:$D$24,MATCH(D38,$B$5:$B$24,0),3)) -> 10 | D38: 10 | E38: =IF(C38="","",(C38/SUM($C$29:$C$48)+E37)) -> 0.87277354
B39: =IF(D15="","",INDEX($B$5:$D$24,MATCH(D39,$B$5:$B$24,0),2)) -> Error 10 | C39: =IF(D15="","",INDEX($B$5:$D$24,MATCH(D39,$B$5:$B$24,0),3)) -> 10 | D39: 11 | E39: =IF(C39="","",(C39/SUM($C$29:$C$48)+E38)) -> 0.89821883
B40: =IF(D16="","",INDEX($B$5:$D$24,MATCH(D40,$B$5:$B$24,0),2)) -> Error 9 | C40: =IF(D16="","",INDEX($B$5:$D$24,MATCH(D40,$B$5:$B$24,0),3)) -> 9 | D40: 12 | E40: =IF(C40="","",(C40/SUM($C$29:$C$48)+E39)) -> 0.92111959
B41: =IF(D17="","",INDEX($B$5:$D$24,MATCH(D41,$B$5:$B$24,0),2)) -> Error 5 | C41: =IF(D17="","",INDEX($B$5:$D$24,MATCH(D41,$B$5:$B$24,0),3)) -> 7 | D41: 13 | E41: =IF(C41="","",(C41/SUM($C$29:$C$48)+E40)) -> 0.9389313
... B48: =IF(D24="","",INDEX($B$5:$D$24,MATCH(D48,$B$5:$B$24,0),2)) | C48: =IF(D24="","",INDEX($B$5:$D$24,MATCH(D48,$B$5:$B$24,0),3)) | D48: 20 | E48: =IF(C48="","",(C48/SUM($C$29:$C$48)+E47))

Sheet Fishbone
B1: =' '!A346 -> D I A G R A M M E D E C A U S E S E T E F F E T S
D3: People | J3: Process | R3: Product
D5: Cause 1
E7: Cause 2
AB9: Problem
D21: Management | J21: Equipement | R21: Environement
D23: © iManagement • s.imboden • www.2iManagement.ch

Sheet Stakeholder
B1: =' '!A454 -> A N A L Y S E D E S P A R T I E S P R E N A N T E S
B4: =' '!A468 -> No. | C4: =' '!A469 -> Groupe de parties prenantes | D4: =' '!A471 -> Etendue de l'intérêt | E4: =' '!A472 -> Etendue de l'influence | F4: =' '!A470 -> Intérêt, attentes | G4: =' '!A476 -> Taille du groupe | H4: =' '!A473 -> Chances (+) et Dangers (-) | I4: =' '!A474 -> Innovations possibles | J4: =' '!A475 -> Statut
B5: s1 | C5: Groupe 1 | D5: 8.1818182 | E5: 4 | G5: 2 | J5: 1 | K5: =IF(G5=3,3, IF(G5=2,2,1)) -> 2
B6: s2 | D6: 5 | E6: 6 | G6: 1 | J6: 2 | K6: =IF(G6=3,3, IF(G6=2,2,1)) -> 1
B7: s3 | D7: 9.0909091 | E7: 8 | G7: 3 | J7: 3 | K7: =IF(G7=3,3, IF(G7=2,2,1)) -> 3
B8: s4 | K8: =IF(G8=3,3, IF(G8=2,2,1)) -> 1
B9: s5 | K9: =IF(G9=3,3, IF(G9=2,2,1)) -> 1
B10: s6 | K10: =IF(G10=3,3, IF(G10=2,2,1)) -> 1
B11: s7 | K11: =IF(G11=3,3, IF(G11=2,2,1)) -> 1
B12: s8 | K12: =IF(G12=3,3, IF(G12=2,2,1)) -> 1
B13: s9 | K13: =IF(G13=3,3, IF(G13=2,2,1)) -> 1
B14: s10 | K14: =IF(G14=3,3, IF(G14=2,2,1)) -> 1
B15: s11 | K15: =IF(G15=3,3, IF(G15=2,2,1)) -> 1
B16: s12 | K16: =IF(G16=3,3, IF(G16=2,2,1)) -> 1
B17: s13 | K17: =IF(G17=3,3, IF(G17=2,2,1)) -> 1
B18: s14 | K18: =IF(G18=3,3, IF(G18=2,2,1)) -> 1
B19: s15 | K19: =IF(G19=3,3, IF(G19=2,2,1)) -> 1
... B24: s20 | K24: =IF(G24=3,3, IF(G24=2,2,1)) -> 1
B25: © iManagement • s.imboden • www.2iManagement.ch
H28: =CONCATENATE(" ",B5," ",C5) -> s1 Groupe 1
H29: =CONCATENATE(" ",B6," ",C6) -> s2
H30: =CONCATENATE(" ",B7," ",C7) -> s3
H31: =CONCATENATE(" ",B8," ",C8) -> s4
H32: =CONCATENATE(" ",B9," ",C9) -> s5
H33: =CONCATENATE(" ",B10," ",C10) -> s6
H34: =CONCATENATE(" ",B11," ",C11) -> s7
H35: =CONCATENATE(" ",B12," ",C12) -> s8
H36: =CONCATENATE(" ",B13," ",C13) -> s9
H37: =CONCATENATE(" ",B14," ",C14) -> s10
H38: =CONCATENATE(" ",B15," ",C15) -> s11
H39: =CONCATENATE(" ",B16," ",C16) -> s12
... H47: =CONCATENATE(" ",B24," ",C24) -> s20

Sheet Reklamationen
B1: =' '!A401 -> R É C L A M A T I O N S D E S C L I E N T S
B2: =' '!A399 -> du: | C2: 41640 | D2: =' '!A400 -> au: | E2: 42004
B4: =' '!A349 -> Ranking | C4: =' '!A402 -> Réclamations | D4: =' '!A351 -> Fré-quence | E4: =' '!A393 -> Processus / Produit / Prestation de service | F4: =' '!A395 -> Raisons | G4: =' '!A403 -> Innovations possibles pour éviter les réclamations | H4: =' '!A398 -> Probabilité d'occurence | I4: =' '!A397 -> Statut
B5: =IF(D5="","",RANK(D5,D$5:D$24)+COUNTIF(D$5:D5,D5)-1) -> 5 | C5: Reklamation 1 | D5: 15 | H5: 2 | I5: 2
B6: =IF(D6="","",RANK(D6,D$5:D$24)+COUNTIF(D$5:D6,D6)-1) -> 19 | C6: Reklamation 2 | D6: 2 | H6: 6 | I6: 1
B7: =IF(D7="","",RANK(D7,D$5:D$24)+COUNTIF(D$5:D7,D7)-1) -> 10 | C7: Reklamation 3 | D7: 10
B8: =IF(D8="","",RANK(D8,D$5:D$24)+COUNTIF(D$5:D8,D8)-1) -> 15 | C8: Reklamation 4 | D8: 5
B9: =IF(D9="","",RANK(D9,D$5:D$24)+COUNTIF(D$5:D9,D9)-1) -> 13 | C9: Reklamation 5 | D9: 7
B10: =IF(D10="","",RANK(D10,D$5:D$24)+COUNTIF(D$5:D10,D10)-1) -> 6 | C10: Reklamation 6 | D10: 15
B11: =IF(D11="","",RANK(D11,D$5:D$24)+COUNTIF(D$5:D11,D11)-1) -> 14 | C11: Reklamation 7 | D11: 7
B12: =IF(D12="","",RANK(D12,D$5:D$24)+COUNTIF(D$5:D12,D12)-1) -> 2 | C12: Reklamation 8 | D12: 80
B13: =IF(D13="","",RANK(D13,D$5:D$24)+COUNTIF(D$5:D13,D13)-1) -> 12 | C13: Reklamation 9 | D13: 9
B14: =IF(D14="","",RANK(D14,D$5:D$24)+COUNTIF(D$5:D14,D14)-1) -> 11 | C14: Reklamation 10 | D14: 10
B15: =IF(D15="","",RANK(D15,D$5:D$24)+COUNTIF(D$5:D15,D15)-1) -> 8 | C15: Reklamation 11 | D15: 12
B16: =IF(D16="","",RANK(D16,D$5:D$24)+COUNTIF(D$5:D16,D16)-1) -> 9 | C16: Reklamation 12 | D16: 12
B17: =IF(D17="","",RANK(D17,D$5:D$24)+COUNTIF(D$5:D17,D17)-1) -> 7 | C17: Reklamation 13 | D17: 13
B18: =IF(D18="","",RANK(D18,D$5:D$24)+COUNTIF(D$5:D18,D18)-1) -> 17 | C18: Reklamation 14 | D18: 3
... B24: =IF(D24="","",RANK(D24,D$5:D$24)+COUNTIF(D$5:D24,D24)-1) -> 18 | C24: Reklamation 20 | D24: 3
B25: © iManagement • s.imboden • www.2iManagement.ch
B28: Pareto X Axis | C28: Bars | D28: Ordered Rank | E28: Percentage
B29: =IF(D5="","",INDEX($B$5:$D$24,MATCH(D29,$B$5:$B$24,0),2)) -> Reklamation 18 | C29: =IF(D5="","",INDEX($B$5:$D$24,MATCH(D29,$B$5:$B$24,0),3)) -> 86 | D29: 1 | E29: =IF(C29="","",C29/SUM($C$29:$C$48)) -> 0.21717172
B30: =IF(D6="","",INDEX($B$5:$D$24,MATCH(D30,$B$5:$B$24,0),2)) -> Reklamation 8 | C30: =IF(D6="","",INDEX($B$5:$D$24,MATCH(D30,$B$5:$B$24,0),3)) -> 80 | D30: 2 | E30: =IF(C30="","",(C30/SUM($C$29:$C$48)+E29)) -> 0.41919192
B31: =IF(D7="","",INDEX($B$5:$D$24,MATCH(D31,$B$5:$B$24,0),2)) -> Reklamation 17 | C31: =IF(D7="","",INDEX($B$5:$D$24,MATCH(D31,$B$5:$B$24,0),3)) -> 55 | D31: 3 | E31: =IF(C31="","",(C31/SUM($C$29:$C$48)+E30)) -> 0.55808081
B32: =IF(D8="","",INDEX($B$5:$D$24,MATCH(D32,$B$5:$B$24,0),2)) -> Reklamation 15 | C32: =IF(D8="","",INDEX($B$5:$D$24,MATCH(D32,$B$5:$B$24,0),3)) -> 45 | D32: 4 | E32: =IF(C32="","",(C32/SUM($C$29:$C$48)+E31)) -> 0.67171717
B33: =IF(D9="","",INDEX($B$5:$D$24,MATCH(D33,$B$5:$B$24,0),2)) -> Reklamation 1 | C33: =IF(D9="","",INDEX($B$5:$D$24,MATCH(D33,$B$5:$B$24,0),3)) -> 15 | D33: 5 | E33: =IF(C33="","",(C33/SUM($C$29:$C$48)+E32)) -> 0.70959596
B34: =IF(D10="","",INDEX($B$5:$D$24,MATCH(D34,$B$5:$B$24,0),2)) -> Reklamation 6 | C34: =IF(D10="","",INDEX($B$5:$D$24,MATCH(D34,$B$5:$B$24,0),3)) -> 15 | D34: 6 | E34: =IF(C34="","",(C34/SUM($C$29:$C$48)+E33)) -> 0.74747475
B35: =IF(D11="","",INDEX($B$5:$D$24,MATCH(D35,$B$5:$B$24,0),2)) -> Reklamation 13 | C35: =IF(D11="","",INDEX($B$5:$D$24,MATCH(D35,$B$5:$B$24,0),3)) -> 13 | D35: 7 | E35: =IF(C35="","",(C35/SUM($C$29:$C$48)+E34)) -> 0.78030303
B36: =IF(D12="","",INDEX($B$5:$D$24,MATCH(D36,$B$5:$B$24,0),2)) -> Reklamation 11 | C36: =IF(D12="","",INDEX($B$5:$D$24,MATCH(D36,$B$5:$B$24,0),3)) -> 12 | D36: 8 | E36: =IF(C36="","",(C36/SUM($C$29:$C$48)+E35)) -> 0.81060606
B37: =IF(D13="","",INDEX($B$5:$D$24,MATCH(D37,$B$5:$B$24,0),2)) -> Reklamation 12 | C37: =IF(D13="","",INDEX($B$5:$D$24,MATCH(D37,$B$5:$B$24,0),3)) -> 12 | D37: 9 | E37: =IF(C37="","",(C37/SUM($C$29:$C$48)+E36)) -> 0.84090909
B38: =IF(D14="","",INDEX($B$5:$D$24,MATCH(D38,$B$5:$B$24,0),2)) -> Reklamation 3 | C38: =IF(D14="","",INDEX($B$5:$D$24,MATCH(D38,$B$5:$B$24,0),3)) -> 10 | D38: 10 | E38: =IF(C38="","",(C38/SUM($C$29:$C$48)+E37)) -> 0.86616162
B39: =IF(D15="","",INDEX($B$5:$D$24,MATCH(D39,$B$5:$B$24,0),2)) -> Reklamation 10 | C39: =IF(D15="","",INDEX($B$5:$D$24,MATCH(D39,$B$5:$B$24,0),3)) -> 10 | D39: 11 | E39: =IF(C39="","",(C39/SUM($C$29:$C$48)+E38)) -> 0.89141414
B40: =IF(D16="","",INDEX($B$5:$D$24,MATCH(D40,$B$5:$B$24,0),2)) -> Reklamation 9 | C40: =IF(D16="","",INDEX($B$5:$D$24,MATCH(D40,$B$5:$B$24,0),3)) -> 9 | D40: 12 | E40: =IF(C40="","",(C40/SUM($C$29:$C$48)+E39)) -> 0.91414141
B41: =IF(D17="","",INDEX($B$5:$D$24,MATCH(D41,$B$5:$B$24,0),2)) -> Reklamation 5 | C41: =IF(D17="","",INDEX($B$5:$D$24,MATCH(D41,$B$5:$B$24,0),3)) -> 7 | D41: 13 | E41: =IF(C41="","",(C41/SUM($C$29:$C$48)+E40)) -> 0.93181818
... B48: =IF(D24="","",INDEX($B$5:$D$24,MATCH(D48,$B$5:$B$24,0),2)) -> Reklamation 16 | C48: =IF(D24="","",INDEX($B$5:$D$24,MATCH(D48,$B$5:$B$24,0),3)) -> 2 | D48: 20 | E48: =IF(C48="","",(C48/SUM($C$29:$C$48)+E47)) -> 1

Sheet Benchmark
B1: =' '!A126 -> B E N C H M A R K I N G
B3: =' '!A127 -> Statut | C3: =' '!A128 -> No. | D3: =' '!A129 -> Objets de comparaison | E3: =' '!A131 -> Nous | F3: =' '!A132 -> Concurrence | I3: =' '!A130 -> Innovations possibles
E4: l | F4: u
A5: =E5-F5 -> 1 | B5: =IF(A5>=2,1, IF(OR(A5=1,A5=-1, AND(E5=0,F5=0)),2,3)) -> 2 | C5: 1 | D5: Comparaison 1 | E5: 2 | F5: 1
A6: =E6-F6 -> -2 | B6: =IF(A6>=2,1, IF(OR(A6=1,A6=-1, AND(E6=0,F6=0)),2,3)) -> 3 | C6: 2 | D6: Comparaison 2 | E6: 1 | F6: 3
A7: =E7-F7 -> -1 | B7: =IF(A7>=2,1, IF(OR(A7=1,A7=-1, AND(E7=0,F7=0)),2,3)) -> 2 | C7: 3 | E7: 1 | F7: 2
A8: =E8-F8 -> -2 | B8: =IF(A8>=2,1, IF(OR(A8=1,A8=-1, AND(E8=0,F8=0)),2,3)) -> 3 | C8: 4 | E8: -1 | F8: 1
A9: =E9-F9 -> -4 | B9: =IF(A9>=2,1, IF(OR(A9=1,A9=-1, AND(E9=0,F9=0)),2,3)) -> 3 | C9: 5 | E9: -3 | F9: 1
A10: =E10-F10 -> 0 | B10: =IF(A10>=2,1, IF(OR(A10=1,A10=-1, AND(E10=0,F10=0)),2,3)) -> 3 | C10: 6 | E10: 1 | F10: 1
A11: =E11-F11 -> -4 | B11: =IF(A11>=2,1, IF(OR(A11=1,A11=-1, AND(E11=0,F11=0)),2,3)) -> 3 | C11: 7 | E11: -3 | F11: 1
A12: =E12-F12 -> 2 | B12: =IF(A12>=2,1, IF(OR(A12=1,A12=-1, AND(E12=0,F12=0)),2,3)) -> 1 | C12: 8 | E12: 3 | F12: 1
A13: =E13-F13 -> 0 | B13: =IF(A13>=2,1, IF(OR(A13=1,A13=-1, AND(E13=0,F13=0)),2,3)) -> 3 | C13: 9 | E13: 1 | F13: 1
A14: =E14-F14 -> -2 | B14: =IF(A14>=2,1, IF(OR(A14=1,A14=-1, AND(E14=0,F14=0)),2,3)) -> 3 | C14: 10 | E14: -1 | F14: 1
A15: =E15-F15 -> 1 | B15: =IF(A15>=2,1, IF(OR(A15=1,A15=-1, AND(E15=0,F15=0)),2,3)) -> 2 | C15: 11 | E15: 2 | F15: 1
A16: =E16-F16 -> -2 | B16: =IF(A16>=2,1, IF(OR(A16=1,A16=-1, AND(E16=0,F16=0)),2,3)) -> 3 | C16: 12 | E16: -1 | F16: 1
A17: =E17-F17 -> -1 | B17: =IF(A17>=2,1, IF(OR(A17=1,A17=-1, AND(E17=0,F17=0)),2,3)) -> 2 | C17: 13 | E17: 0 | F17: 1
A18: =E18-F18 -> -3 | B18: =IF(A18>=2,1, IF(OR(A18=1,A18=-1, AND(E18=0,F18=0)),2,3)) -> 3 | C18: 14 | E18: -2 | F18: 1
... A34: =E34-F34 -> 0 | B34: =IF(A34>=2,1, IF(OR(A34=1,A34=-1, AND(E34=0,F34=0)),2,3)) -> 2 | C34: 30 | E34: 0 | F34: 0
B35: © iManagement • s.imboden • www.2iManagement.ch

Sheet Trends
B1: =' '!A51 -> T E N D A N C E S D E D É V E L O P P E M E N T
C5: =' '!A52 -> Tendances politiques | D5: =IF(E27<>0,E27,0.1) -> 3
C6: =' '!A60 -> Tendances économiques | D6: =IF(E41<>0,E41,0.1) -> 0.1
C7: =' '!A61 -> Tendances sociologiques | D7: =IF(E55<>0,E55,0.1) -> 1
C8: =' '!A62 -> Tendances technologiques | D8: =IF(E69<>0,E69,0.1) -> 3
C9: =' '!A63 -> Tendances écologiques | D9: =IF(E83<>0,E83,0.1) -> 0.1
C10: =' '!A64 -> Tendances légales | D10: =E97 -> 0
C15: =' '!A52 -> Tendances politiques
B16: =' '!A53 -> No. | C16: =' '!A54 -> Facteurs d'influence | D16: =' '!A55 -> Impact sur l'innovation | E16: =' '!A56 -> Intensité de l'impact | F16: =' '!A57 -> Ten- dance | G16: =' '!A58 -> Mesures / innovations possibles | H16: =' '!A59 -> Statut | I16: =COUNTIF(H16:H26,1) -> 1
B17: 1 | E17: 4 | F17: 2 | H17: 1 | I17: =COUNTIF(H17:H26,2) -> 0
B18: =$B17+1 -> 2 | E18: 3 | I18: =COUNTIF(H18:H27,3) -> 0
B19: =$B18+1 -> 3 | E19: 3
B20: =$B19+1 -> 4
B21: =$B20+1 -> 5
B22: =$B21+1 -> 6
B23: =$B22+1 -> 7
B24: =$B23+1 -> 8
B25: =$B24+1 -> 9
B26: =$B25+1 -> 10
D27: =' '!A522 -> Nbr. >= 3 | E27: =COUNTIFS(E17:E26,"<=4",E17:E26,">=3") -> 3
C29: =' '!A60 -> Tendances économiques
B30: =B16 -> No. | C30: =C16 -> Facteurs d'influence | D30: =D16 -> Impact sur l'innovation | E30: =E16 -> Intensité de l'impact | F30: =F16 -> Ten- dance | G30: =G16 -> Mesures / innovations possibles | H30: =H16 -> Statut | I30: =COUNTIF(H30:H40,1) -> 0
B31: 1 | E31: 2 | F31: 1 | H31: 3 | I31: =COUNTIF(H30:H40,2) -> 1
B32: =$B31+1 -> 2 | H32: 2 | I32: =COUNTIF(H30:H41,3) -> 1
B33: =$B32+1 -> 3
B34: =$B33+1 -> 4
B35: =$B34+1 -> 5
B36: =$B35+1 -> 6
B37: =$B36+1 -> 7
B38: =$B37+1 -> 8
B39: =$B38+1 -> 9
B40: =$B39+1 -> 10
D41: =$D$27 -> Nbr. >= 3 | E41: =COUNTIFS(E31:E40,"<=4",E31:E40,">=3") -> 0
C43: =' '!A61 -> Tendances sociologiques
B44: =B16 -> No. | C44: =C16 -> Facteurs d'influence | D44: =D16 -> Impact sur l'innovation | E44: =E16 -> Intensité de l'impact | F44: =F16 -> Ten- dance | G44: =G16 -> Mesures / innovations possibles | H44: =H16 -> Statut | I44: =COUNTIF(H44:H54,1) -> 1
B45: 1 | E45: 3 | F45: 1 | H45: 1 | I45: =COUNTIF(H44:H54,2) -> 0
B46: =$B45+1 -> 2 | I46: =COUNTIF(H44:H55,3) -> 0
B47: =$B46+1 -> 3
B48: =$B47+1 -> 4
B49: =$B48+1 -> 5
B50: =$B49+1 -> 6
B51: =$B50+1 -> 7
B52: =$B51+1 -> 8
B53: =$B52+1 -> 9
B54: =$B53+1 -> 10
D55: =$D$27 -> Nbr. >= 3 | E55: =COUNTIFS(E45:E54,"<=4",E45:E54,">=3") -> 1
C57: =' '!A62 -> Tendances technologiques
B58: =B16 -> No. | C58: =C16 -> Facteurs d'influence | D58: =D16 -> Impact sur l'innovation | E58: =E16 -> Intensité de l'impact | F58: =F16 -> Ten- dance | G58: =G16 -> Mesures / innovations possibles | H58: =H16 -> Statut | I58: =COUNTIF(H58:H68,1) -> 1
B59: 1 | E59: 4 | F59: 1 | H59: 1 | I59: =COUNTIF(H58:H68,2) -> 0
B60: =$B59+1 -> 2 | E60: 3 | I60: =COUNTIF(H58:H69,3) -> 0
B61: =$B60+1 -> 3 | E61: 3
B62: =$B61+1 -> 4
B63: =$B62+1 -> 5
B64: =$B63+1 -> 6
B65: =$B64+1 -> 7
B66: =$B65+1 -> 8
B67: =$B66+1 -> 9
B68: =$B67+1 -> 10
D69: =$D$27 -> Nbr. >= 3 | E69: =COUNTIFS(E59:E68,"<=4",E59:E68,">=3") -> 3
C71: =' '!A63 -> Tendances écologiques
B72: =B16 -> No. | C72: =C16 -> Facteurs d'influence | D72: =D16 -> Impact sur l'innovation | E72: =E16 -> Intensité de l'impact | F72: =F16 -> Ten- dance | G72: =G16 -> Mesures / innovations possibles | H72: =H16 -> Statut | I72: =COUNTIF(H72:H82,1) -> 2
B73: 1 | E73: 1 | F73: 1 | H73: 1 | I73: =COUNTIF(H72:H82,2) -> 0
B74: =$B73+1 -> 2 | H74: 1 | I74: =COUNTIF(H72:H83,3) -> 0
B75: =$B74+1 -> 3
B76: =$B75+1 -> 4
B77: =$B76+1 -> 5
B78: =$B77+1 -> 6
B79: =$B78+1 -> 7
B80: =$B79+1 -> 8
B81: =$B80+1 -> 9
B82: =$B81+1 -> 10
D83: =$D$27 -> Nbr. >= 3 | E83: =COUNTIFS(E73:E82,"<=4",E73:E82,">=3") -> 0
C85: =' '!A64 -> Tendances légales
B86: =B16 -> No. | C86: =C16 -> Facteurs d'influence | D86: =D16 -> Impact sur l'innovation | E86: =E16 -> Intensité de l'impact | F86: =F16 -> Ten- dance | G86: =G16 -> Mesures / innovations possibles | H86: =H16 -> Statut | I86: =COUNTIF(H86:H96,1) -> 0
B87: 1 | E87: 0 | F87: 1 | H87: 9 | I87: =COUNTIF(H86:H96,2) -> 0
B88: =$B87+1 -> 2 | E88: 1 | I88: =COUNTIF(H86:H98,3) -> 0
B89: =$B88+1 -> 3
B90: =$B89+1 -> 4
B91: =$B90+1 -> 5
B92: =$B91+1 -> 6
B93: =$B92+1 -> 7
B94: =$B93+1 -> 8
B95: =$B94+1 -> 9
B96: =$B95+1 -> 10
B97: © iManagement • www.2iManagement.ch | D97: =$D$27 -> Nbr. >= 3 | E97: =COUNTIFS(E87:E96,"<=4",E87:E96,">=3") -> 0

Sheet Consumer_Trend
B1: =' '!A505 -> C O N S U M E R T R E N D C A N V A S
C3: =' '!A513 -> Trend:
B6: =' '!A506 -> Basic Needs | C6: =' '!A507 -> Drivers of Change | E6: =' '!A510 -> Innovation Potential
B23: =' '!A508 -> Emerging Consumer Expectations | C23: =' '!A509 -> Inspiration | E23: =' '!A511 -> Who
B40: © iManagement • s.imboden • www.2iManagement.ch

Sheet Potenzial
B1: =' '!A65 -> P O T E N T I E L D ' I N N O V A T I O N
B3: x!A236 | F3: =' '!A68 -> Potentiel
C5: =' '!A69 -> No. | D5: =' '!A70 -> Facteur clé | H5: =' '!A71 -> Innovations possibles
B6: =' '!A102 -> Distribution | C6: 1 | D6: =' '!A72 -> Produit, assortiment | E6: 1
C7: 2 | D7: =' '!A73 -> Prix, conditions | E7: 3
C8: 3 | D8: =' '!A74 -> Part du marché, croissance, structure | E8: 2
C9: 4 | D9: =' '!A75 -> Nom de marque, image de marque | E9: 0
C10: 5 | D10: =' '!A76 -> Organisation de la distribution | E10: 0
C11: 6 | D11: =' '!A77 -> Service clients | E11: 0
C12: 7 | D12: =' '!A78 -> Délais de livraison, respect des délais, fiabilité | E12: 0
B13: =' '!A103 -> Production | C13: 8 | D13: =' '!A79 -> Qualité | E13: 0
C14: 9 | D14: =' '!A80 -> Niveau de coût | E14: 0
C15: 10 | D15: =' '!A81 -> Modernité de l'équipement | E15: 0
C16: 11 | D16: =' '!A82 -> Productivité | E16: 0
C17: 12 | D17: =' '!A83 -> Pollution, consommation d'énergie | E17: 0
C18: 13 | D18: =' '!A84 -> Emplacement, logistique | E18: 0
B19: =' '!A104 -> Approvisionne. | C19: 14 | D19: =' '!A85 -> Pénuries d'approvisionnement | E19: 0
C20: 15 | D20: =' '!A86 -> Dépendance des prix | E20: 0
C21: 16 | D21: =' '!A87 -> Dépendance du taux de change | E21: 0
C22: 17 | D22: =' '!A88 -> Qualité des fournisseurs | E22: 0
B23: =' '!A105 -> R & D | C23: 18 | D23: =' '!A89 -> Innovation, brevets | E23: 0
C24: 19 | D24: =' '!A90 -> Savoir-faire | E24: 0
C25: 20 | D25: =' '!A91 -> Équipement | E25: 0
B26: =' '!A106 -> Personnel | C26: 21 | D26: =' '!A92 -> Motivation et engagement des collab. | E26: 0
C27: 22 | D27: =' '!A93 -> Outils de gestion, management | E27: 0
C28: 23 | D28: =' '!A94 -> Organisation "lean" et flexible | E28: 0
C29: 24 | D29: =' '!A95 -> Formation, qualification des collab. | E29: 0
C30: 25 | D30: =' '!A96 -> Pyramide des âges | E30: 0
C31: 26 | D31: =' '!A97 -> Taux de fluctuation, absentéisme | E31: 0
B32: =' '!A107 -> Administration | C32: 27 | D32: =' '!A98 -> Solidité financière, liquidité | E32: 0
C33: 28 | D33: =' '!A99 -> Emplacement, espaces à disposition | E33: 0
C34: 29 | D34: =' '!A100 -> Controlling | E34: 0
C35: 30 | D35: =' '!A101 -> Processus de décision | E35: 0
B36: © iManagement • s.imboden • www.2iManagement.ch

Sheet Swot-Analyse
B1: =' '!A133 -> A N A L Y S E S W O T
C5: =' '!A139 -> Forces | G5: =' '!A140 -> Faiblesses
B6: s1 | D6: 5 | F6: w1 | H6: -5
B7: s2 | D7: 3 | F7: w2 | H7: -4
B8: s3 | D8: 4 | F8: w3 | H8: -2
B9: s4 | F9: w4
B10: s5 | F10: w5
B11: s6 | F11: w6
B12: s7 | F12: w7
B13: s8 | F13: w8
B14: s9 | F14: w9
B15: s10 | F15: w10
B16: s11 | F16: w11
B17: s12 | F17: w12
B18: s13 | F18: w13
B19: s14 | F19: w14
B20: s15 | F20: w15
... B23: s18 | F23: w18
C24: =' '!A141 -> Opportunités | G24: =' '!A142 -> Menaces
B25: o1 | D25: 3 | F25: t1 | H25: -2
B26: o2 | D26: 3 | F26: t2 | H26: -2
B27: o3 | D27: 2 | F27: t3
B28: o4 | F28: t4
B29: o5 | F29: t5
B30: o6 | F30: t6
B31: o7 | F31: t7
B32: o8 | F32: t8
B33: o9 | F33: t9
B34: o10 | F34: t10
B35: o11 | F35: t11
B36: o12 | F36: t12
B37: o13 | F37: t13
B38: o14 | F38: t14
B39: o15 | F39: t15
... B42: o18 | F42: t18
B43: © iManagement • s.imboden • www.2iManagement.ch

Sheet Canvas
C1: =' '!A478 -> T H E B U S I N E S S M O D E L C A N V A S
C3: =' '!A479 -> Conçu pour: | D3: =H1 -> 0 | E3: =' '!A480 -> Conçu par: | G3: =' '!A481 -> Mis à jour le : | H3: =TODAY() -> 46049
C6: Key Partnerships | D6: Key Activities | E6: Value Propositions | G6: Customer Relationship | H6: Customer Segments
D23: Key Resources | G23: Channels
C39: Cost Structure | F39: Revenue Streams
C52: © iManagement • s.imboden • www.2iManagement.ch

Sheet Forces
B1: =' '!A182 -> C A N V A S : F O R C E S & F A I B L E S S E S
E3: =(P10+P15+P24+P29+P33+P41+P46+P50+P55) -> 195 | H3: =' '!A187 -> ne correspond pas du tout | J3: =' '!A186 -> correspond peu | L3: =' '!A185 -> correspond partiellement | N3: =' '!A184 -> correspond plutôt | P3: =' '!A183 -> correspond tout à fait | S3: =' '!A235 -> Impact (1 - 10)
E4: =(N10+N15+N24+N29+N33+N41+N50+N55) -> 80
U6: =CONCATENATE(' '!A239," ",E4," / ",E3) -> Total points : 80 / 195
H7: =(COUNTIF(B118:B164,1)/39) -> 0.051282051 | J7: =(COUNTIF(B118:B164,2)/39) -> 0.20512821 | L7: =(COUNTIF(B118:B164,3)/39) -> 0.23076923 | N7: =(COUNTIF(B118:B164,4)/39) -> 0.15384615 | P7: =(COUNTIF(B118:B164,5)/39) -> 0.076923077
B10: 1 | D10: CUSTOMER RELATIONSHIP | G10: =SUM(B118:B121) -> 13 | N10: =SUM(B118:B121) -> 13 | O10: / | P10: 20
B11: 1.1 | D11: =' '!A188 -> Nos propositions de valeur correspondent aux besoins de nos clients | S11: 9
B12: 1.2 | D12: =' '!A189 -> Nos propositions de valeur ont de forts effets sur le réseau (Networking) | S12: 7
B13: 1.3 | D13: =' '!A190 -> Il existe des synergies fortes entre nos produits et nos services | S13: 5
B14: 1.4 | D14: =' '!A191 -> Nos clients sont satisfaits | S14: 3
B15: 2 | D15: REVENUE STREAMS | N15: =SUM(B123:B130) -> 25 | O15: / | P15: 40
B16: 2.1 | D16: =' '!A193 -> Nos marges sont élevées | S16: 5
B17: 2.2 | D17: =' '!A194 -> Nos revenus sont prévisibles | S17: 4
B18: 2.3 | D18: =' '!A195 -> Nous avons des flux de revenus récurrents et des achats répétés fréquents | S18: 8
B19: 2.4 | D19: =' '!A196 -> Nos flux de revenus sont diversifiés | S19: 8
B20: 2.5 | D20: =' '!A197 -> Nos flux de revenus sont durables | S20: 5
B21: 2.6 | D21: =' '!A198 -> Nous encaissons nos revenus avant d'engager nos dépenses | S21: 9
B22: 2.7 | D22: =' '!A199 -> Nous facturons ce pour quoi les clients ont réellement envie de payer | S22: 5
B23: 2.8 | D23: =' '!A200 -> Nos mécanismes de fixation des prix permettent de capter tout ce que le client est prêt à payer | S23: 7
B24: 3 | D24: COST STRUCTURE | N24: =SUM(B132:B135) -> 13 | O24: / | P24: 20
B25: 3.1 | D25: =' '!A202 -> Nos coûts sont prévisibles | S25: 5
B26: 3.2 | D26: =' '!A203 -> Notre structure de coûts est correctement adaptée à notre modèle d'affaires | S26: 5
B27: 3.3 | D27: =' '!A204 -> Nos activités sont efficace par rapport aux coûts | S27: 5
B28: 3.4 | D28: =' '!A205 -> Nous bénéficions d'économies d'échelle | S28: 5
B29: 4 | D29: CUSTOMER SEGMENTS | N29: =SUM(B137:B139) -> 6 | O29: / | P29: 15
B30: 4.1 | D30: =' '!A207 -> Le taux de roulement de la clientèle est faible | S30: 5
B31: 4.2 | D31: =' '!A208 -> La clientèle est bien segmentée | S31: 5
B32: 4.3 | D32: =' '!A209 -> Nous acquérons régulièrement de nouveaux clients | S32: 5
B33: 5 | D33: CHANNELS | N33: =SUM(B141:B147) -> 11 | O33: / | P33: 35
B34: 5.1 | D34: =' '!A211 -> Nos canaux de distribution sont efficients | S34: 5
B35: 5.2 | D35: =' '!A212 -> Nos canaux de distribution sont efficaces (effective) | S35: 5
B36: 5.3 | D36: =' '!A213 -> La pénétration des canaux est bonne | S36: 5
B37: 5.4 | D37: =' '!A214 -> Les clients repèrent facilement nos canaux de distribution | S37: 5
B38: 5.5 | D38: =' '!A215 -> Les canaux sont très intégrés | S38: 5
B39: 5.6 | D39: =' '!A216 -> Les canaux sont sources d'économie d'envergure (economies of scope) | S39: 5
B40: 5.7 | D40: =' '!A217 -> Les canaux de distribution sont adaptés aux segments clients | S40: 5
B41: 6 | D41: CUSTOMER RELATIONSHIP | N41: =SUM(B149:B152) -> 6 | O41: / | P41: 20
B42: 6.1 | D42: =' '!A219 -> Forte relations avec les clients | S42: 5
B43: 6.2 | D43: =' '!A220 -> La qualité de la relation correspond à la segmentation de la clientèle | S43: 5
B44: 6.3 | D44: =' '!A221 -> Les relations avec les clients sont forte. Pour le client, un changement a des coûts élevés | S44: 5
B45: 6.4 | D45: =' '!A222 -> Notre marque est forte | S45: 5
B46: 7 | D46: KEY RESSOURCES | N46: =SUM(B154:B156) -> 4 | O46: / | P46: 15
B47: 7.1 | D47: =' '!A224 -> Nos ressources clés sont difficiles à reproduire pour nos concurrents | S47: 5
B48: 7.2 | D48: =' '!A225 -> Les besoins en ressources sont prévisibles | S48: 5
B49: 7.3 | D49: =' '!A226 -> Nous savons déployer nos ressources clés au bon moment et dans les bonnes quantités | S49: 5
B50: 8 | D50: KEY ACTIVITIES | N50: =SUM(B158:B161) -> 3 | O50: / | P50: 20
B51: 8.1 | D51: =' '!A228 -> Nous exécutons efficacement nos activités clés | S51: 5
B52: 8.2 | D52: =' '!A229 -> Nos activités clés sont difficilement copiables | S52: 5
B53: 8.3 | D53: =' '!A230 -> La qualité d'exécution est élevée | S53: 5
B54: 8.4 | D54: =' '!A231 -> L'équilibre entre les exécutions internes et les activités sous-traitées est idéale | S54: 5
B55: 9 | D55: KEY PARTNERSHIP | N55: =SUM(B163:B164) -> 3 | O55: / | P55: 10
B56: 9.1 | D56: =' '!A233 -> Nous sommes orientés partenaires et nous travaillons avec eux lorsque cela est nécessaire | S56: 5
B57: 9.2 | D57: =' '!A234 -> Nous entretenons de bonnes relations de travail avec nos partenaires clés | S57: 5
B59: © iManagement • s.imboden • www.2iManagement.ch
B62: =D10 -> CUSTOMER RELATIONSHIP | C62: =5/P10*N10 -> 3.25
B63: =D15 -> REVENUE STREAMS | C63: =5/P15*N15 -> 3.125
B64: =D24 -> COST STRUCTURE | C64: =5/P24*N24 -> 3.25
B65: =D29 -> CUSTOMER SEGMENTS | C65: =5/P29*N29 -> 2
B66: =D33 -> CHANNELS | C66: =5/P33*N33 -> 1.5714286
B67: =D41 -> CUSTOMER RELATIONSHIP | C67: =5/40*23 -> 2.875
B68: =D46 -> KEY RESSOURCES | C68: =5/P46*N46 -> 1.3333333
B69: =D50 -> KEY ACTIVITIES | C69: =5/P50*N50 -> 0.75
B70: =D55 -> KEY PARTNERSHIP | C70: =5/P55*N55 -> 1.5
A115: =A117/390 -> 0.53846154 | B115: =(B117/195) -> 0.43076923 | C115: Kreisgrösse | D115: =(D117/1950) -> 0.24102564 | I115: Anzahl
H116: 1 | I116: =COUNTIF(B118:B164,1) -> 2
A117: =SUM(A118:A164) -> 210 | B117: =SUM(B118:B164) -> 84 | D117: =SUM(D118:D164) -> 470 | H117: 2 | I117: =COUNTIF(B118:B164,2) -> 8
A118: =S11 -> 9 | B118: 3 | C118: 1 | D118: =B118*S11 -> 27 | H118: 3 | I118: =COUNTIF(B118:B164,3) -> 9
A119: =S12 -> 7 | B119: 4 | C119: 1 | D119: =B119*S12 -> 28 | H119: 4 | I119: =COUNTIF(B118:B164,4) -> 6
A120: =S13 -> 5 | B120: 3 | C120: 1 | D120: =B120*S13 -> 15 | H120: 5 | I120: =COUNTIF(B118:B164,5) -> 3
A121: =S14 -> 3 | B121: 3 | C121: 1 | D121: =B121*S14 -> 9
A123: =S16 -> 5 | B123: 5 | C123: 1 | D123: =B123*S16 -> 25
A124: =S17 -> 4 | B124: 2 | C124: 1 | D124: =B124*S17 -> 8
A125: =S18 -> 8 | B125: 4 | C125: 1 | D125: =B125*S18 -> 32
A126: =S19 -> 8 | B126: 4 | C126: 1 | D126: =B126*S19 -> 32
A127: =S20 -> 5 | B127: 3 | C127: 1 | D127: =B127*S20 -> 15
A128: =S21 -> 9 | B128: 2 | C128: 1 | D128: =B128*S21 -> 18
A129: =S22 -> 5 | B129: 2 | C129: 1 | D129: =B129*S22 -> 10
A130: =S23 -> 7 | B130: 3 | C130: 1 | D130: =B130*S23 -> 21
A132: =S25 -> 5 | B132: 5 | C132: 1 | D132: =B132*S25 -> 25
A133: =S26 -> 5 | B133: 4 | C133: 1 | D133: =B133*S26 -> 20
A134: =S27 -> 5 | B134: 2 | C134: 1 | D134: =B134*S27 -> 10
... A144: =S37 -> 5 | B144: 2 | C144: 1 | D144: =B144*S37 -> 10
A145: =S38 -> 5 | C145: 1 | D145: =B145*S38 -> 0
A146: =S39 -> 5 | C146: 1 | D146: =B146*S39 -> 0
A147: =S40 -> 5 | C147: 1 | D147: =B147*S40 -> 0
A149: =S42 -> 5 | C149: 1 | D149: =B149*S42 -> 0
A150: =S43 -> 5 | B150: 4 | C150: 1 | D150: =B150*S43 -> 20
A151: =S44 -> 5 | B151: 2 | C151: 1 | D151: =B151*S44 -> 10
A152: =S45 -> 5 | C152: 1 | D152: =B152*S45 -> 0
A154: =S47 -> 5 | B154: 4 | C154: 1 | D154: =B154*S47 -> 20
A155: =S48 -> 5 | C155: 1 | D155: =B155*S48 -> 0
A156: =S49 -> 5 | C156: 1 | D156: =B156*S49 -> 0
A158: =S51 -> 5 | B158: 3 | C158: 1 | D158: =B158*S51 -> 15
A159: =S52 -> 5 | C159: 1 | D159: =B159*S52 -> 0
A160: =S53 -> 5 | C160: 1 | D160: =B160*S53 -> 0
A161: =S54 -> 5 | C161: 1 | D161: =B161*S54 -> 0
A163: =S56 -> 5 | C163: 1 | D163: =B163*S56 -> 0
A164: =S57 -> 5 | B164: 3 | C164: 1 | D164: =B164*S57 -> 15

Sheet Chances
B1: =' '!A244 -> C A N V A S : O P P O R T U N I T É S & D A N G E R S
E3: =(N10+N18+N27+N31+N40+N48+N56+N63+N69) -> 183 | H3: =' '!A187 -> ne correspond pas du tout | J3: =' '!A186 -> correspond peu | L3: =' '!A185 -> correspond partiellement | N3: =' '!A184 -> correspond plutôt | P3: =' '!A183 -> correspond tout à fait | S3: =' '!A235 -> Impact (1 - 10)
E4: =(P10+P18+P27+P31+P40+P48+P56+P63+P69) -> 295
U6: =CONCATENATE(' '!A239," ",E3," / ",E4) -> Total points : 183 / 295
H7: =(COUNTIF(B134:B200,1)/59) -> 0.084745763 | J7: =(COUNTIF(B134:B200,2)/59) -> 0.28813559 | L7: =(COUNTIF(B134:B200,3)/59) -> 0.25423729 | N7: =(COUNTIF(B134:B200,4)/59) -> 0.18644068 | P7: =(COUNTIF(B134:B200,5)/59) -> 0.18644068
B10: 1 | D10: CUSTOMER RELATIONSHIP | G10: =SUM(B134:B137) -> 13 | N10: =SUM(B134:B140) -> 23 | O10: / | P10: 35
B11: 1.1 | D11: =' '!A245 -> Nous pouvons générer des revenus récurrents en convertissant des produits en services | S11: 9
B12: 1.2 | D12: =' '!A246 -> Nous intégrons nos produits ou services | S12: 8
B13: 1.3 | D13: =' '!A247 -> Nous satisfaisons les besoins supplémentaires de nos clients | S13: 7
B14: 1.4 | D14: =' '!A248 -> Il existe des compléments ou des extensions possibles de notre proposition de valeur | S14: 6
B15: 1.5 | D15: =' '!A249 -> Nous pourrions accomplir d'autres tâches pour nos clients | S15: 4
B16: 1.6 | D16: =' '!A250 -> Des produits et des services de substitution sont disponibles | S16: 3
B17: 1.7 | D17: =' '!A251 -> Les concurrents menacent d'offrir de meilleurs prix ou plus de valeur | S17: 3
B18: 2 | D18: REVENUE STREAMS | N18: =SUM(B142:B149) -> 22 | O18: / | P18: 40
B19: 2.1 | D19: =' '!A253 -> Nous pourrions remplacer des revenus de transactions ponctuels par des revenus récurrents | S19: 10
B20: 2.2 | D20: =' '!A254 -> Nos clients seraient disposés à payer pour d'autres produits et services | S20: 9
B21: 2.3 | D21: =' '!A255 -> Nous avons des occasions de ventes croisées/associées soit en interne, soit avec des partenaires | S21: 8
B22: 2.4 | D22: =' '!A256 -> Nous pourrions rajouter ou créer d'autres flux de revenus | S22: 7
B23: 2.5 | D23: =' '!A257 -> Nous pouvons augmenter les prix | S23: 6
B24: 2.6 | D24: =' '!A258 -> Nos marges sont menacées par des concurrents, et/ou des nouvelles technologies | S24: 5
B25: 2.7 | D25: =' '!A259 -> Nous dépendons d'un ou de plusieurs flux de revenus | S25: 4
B26: 2.8 | D26: =' '!A260 -> Nous avons des flux de revenus appelés à disparaître | S26: 3
B27: 3 | D27: COST STRUCTURE | N27: =SUM(B151:B153) -> 9 | O27: / | P27: 15
B28: 3.1 | D28: =' '!A262 -> Nous pouvons réduire nos coûts | S28: 10
B29: 3.2 | D29: =' '!A263 -> Certains coûts risquent de devenir imprévisibles | S29: 4
B30: 3.3 | D30: =' '!A264 -> Certains coûts menacent d'augmenter plus rapidement que les revenus correspondants | S30: 10
B31: 4 | D31: CUSTOMER SEGMENTS | N31: =SUM(B155:B162) -> 24 | O31: / | P31: 40
B32: 4.1 | D32: =' '!A266 -> Nous pourrions bénéficier d'un marché en pleine croissance | S32: 10
B33: 4.2 | D33: =' '!A267 -> Nous pourrions servir de nouveaux segments de clientèle | S33: 9
B34: 4.3 | D34: =' '!A268 -> Nous pourrions mieux servir nos clients grâce à une segmentation plus fine | S34: 8
B35: 4.4 | D35: =' '!A269 -> Notre marché risque d'être bientôt saturé | S35: 7
B36: 4.5 | D36: =' '!A270 -> Nos concurrents menacent nos parts de marché | S36: 6
B37: 4.6 | D37: =' '!A271 -> Il y a une probabilité que nos clients nous quittent | S37: 5
B38: 4.7 | D38: =' '!A272 -> Il y a des chances que nos clients sont en défaut de paiement | S38: 4
B39: 4.8 | D39: =' '!A273 -> La concurrence risque de s'intensifier sur notre marché | S39: 3
B40: 5 | D40: CHANNELS | N40: =SUM(B164:B170) -> 20 | O40: / | P40: 35
B41: 5.1 | D41: =' '!A275 -> Nous pourrions améliorer l'efficacité et l'efficience de nos canaux de distribution | S41: 1
B42: 5.2 | D42: =' '!A276 -> Nous pourrions améliorer l'intégration de nos canaux | S42: 2
B43: 5.3 | D43: =' '!A277 -> Nous pourrions trouver de nouveaux canaux partenaires complémentaires | S43: 3
B44: 5.4 | D44: =' '!A278 -> Nous pourrions augmenter nos marges en servant directement nos clients | S44: 4
B45: 5.5 | D45: =' '!A279 -> Nous pouvons améliorer l'adéquation des canaux et des segments de clients | S45: 5
B46: 5.6 | D46: =' '!A280 -> Nos concurrents menacent nos canaux de distribution | S46: 6
B47: 5.7 | D47: =' '!A281 -> Nos canaux de distribution risquent de ne plus être pertinents/adaptés pour nos clients | S47: 7
B48: 6 | D48: CUSTOMER RELATIONSHIP | N48: =SUM(B172:B178) -> 20 | O48: / | P48: 35
B49: 6.1 | D49: =' '!A283 -> Le suivi clients recèle un potentiel d'amélioration | S49: 8
B50: 6.2 | D50: =' '!A284 -> Nous pourrions resserrer nos relations avec nos clients | S50: 7
B51: 6.3 | D51: =' '!A285 -> Nous pourrions améliorer la personnalisation | S51: 6
B52: 6.4 | D52: =' '!A286 -> Nous pourrions augmenter pour le client les coûts de changement vers un concurrent (switching costs) | S52: 5
B53: 6.5 | D53: =' '!A287 -> Nous avons identifié et "éliminé" les clients non rentables | S53: 4
B54: 6.6 | D54: =' '!A288 -> Nous avons automatisé certaines relations | S54: 3
B55: 6.7 | D55: =' '!A289 -> Nos relations avec les clients risquent de se détériorer | S55: 1
B56: 7 | D56: KEY RESSOURCES | N56: =SUM(B180:B185) -> 17 | O56: / | P56: 30
B57: 7.1 | D57: =' '!A291 -> Nous pouvons utiliser moins de ressources coûteuses pour arriver au même résultat | S57: 9
B58: 7.2 | D58: =' '!A292 -> Nous avons des ressources clés qui pourront être procuré auprès de partenaires | S58: 8
B59: 7.3 | D59: =' '!A293 -> Nous avons des ressources clés qui sont sous-exploitées | S59: 7
B60: 7.4 | D60: =' '!A294 -> Nous avons des brevets ou d'autres découvertes inexploités qui pourraient avoir de la valeur pour d'autres | S60: 6
B61: 7.5 | D61: =' '!A295 -> Nous risquons d'être confrontés à une rupture de l'offre de certaines ressources | S61: 5
B62: 7.6 | D62: =' '!A296 -> La qualité de nos ressources est menacée | S62: 4
B63: 8 | D63: KEY ACTIVITIES | N63: =SUM(B187:B191) -> 15 | O63: / | P63: 25
B64: 8.1 | D64: =' '!A298 -> Nous pouvons standardiser certaines activités clés | S64: 8
B65: 8.2 | D65: =' '!A299 -> Nous pourrions améliorer notre performance de manière générale | S65: 5
B66: 8.3 | D66: =' '!A300 -> Un support informatique pourrait améliorer notre performance | S66: 2
B67: 8.4 | D67: =' '!A301 -> Des activités clés pourraient être perturbées | S67: 6
B68: 8.5 | D68: =' '!A302 -> La qualité de nos activités est menacée | S68: 7
B69: 9 | D69: KEY PARTNERSHIP | N69: =SUM(B193:B200) -> 33 | O69: / | P69: 40
B70: 9.1 | D70: =' '!A304 -> Des opportunités d'externationalisation (outsourcing) existent | S70: 10
B71: 9.2 | D71: =' '!A305 -> Une collaboration plus étroite avec nos partenaires nous aiderait à nous concentrer sur nos activités clés | S71: 7
B72: 9.3 | D72: =' '!A306 -> Il existe des opportunités de ventes-croisées/associées avec nos partenaires | S72: 5
B73: 9.4 | D73: =' '!A307 -> Les canaux de distribution de partenaires pourraient nous aider à toucher davantage de clients | S73: 6
B74: 9.5 | D74: =' '!A308 -> Nos partenaires pourraient compléter notre proposition de valeur | S74: 9
B75: 9.6 | D75: =' '!A309 -> Nous risquons de perdre des partenaires | S75: 6
B76: 9.7 | D76: =' '!A310 -> Nos partenaires pourraient collaborer avec des concurrents | S76: 10
B77: 9.8 | D77: =' '!A311 -> Nous sommes trop dépendants de certains partenaires | S77: 10
B79: © iManagement • s.imboden • www.2iManagement.ch
B82: =D10 -> CUSTOMER RELATIONSHIP | C82: =5/P10*N10 -> 3.2857143
B83: =D18 -> REVENUE STREAMS | C83: =5/P18*N18 -> 2.75
B84: =D27 -> COST STRUCTURE | C84: =5/P27*N27 -> 3
B85: =D31 -> CUSTOMER SEGMENTS | C85: =5/P31*N31 -> 3
B86: =D40 -> CHANNELS | C86: =5/P40*N40 -> 2.8571429
B87: =D48 -> CUSTOMER RELATIONSHIP | C87: =5/40*23 -> 2.875
B88: =D56 -> KEY RESSOURCES | C88: =5/P56*N56 -> 2.8333333
B89: =D63 -> KEY ACTIVITIES | C89: =5/P63*N63 -> 3
B90: =D69 -> KEY PARTNERSHIP | C90: =5/P69*N69 -> 4.125
A130: =A133/590 -> 0.61016949 | B130: =(B133/205) -> 0.6 | C130: Kreisgrösse | D130: =(D133/2950) -> 0.38677966
A133: =SUM(A134:A200) -> 360 | B133: =SUM(B134:B180) -> 123 | D133: =SUM(D134:D200) -> 1141 | F133: Anzahl
A134: =S11 -> 9 | B134: 2 | C134: 1 | D134: =B134*S11 -> 18 | E134: 1 | F134: =COUNTIF(B134:B200,1) -> 5
A135: =S12 -> 8 | B135: 3 | C135: 1 | D135: =B135*S12 -> 24 | E135: 2 | F135: =COUNTIF(B134:B200,2) -> 17
A136: =S13 -> 7 | B136: 4 | C136: 1 | D136: =B136*S13 -> 28 | E136: 3 | F136: =COUNTIF(B134:B200,3) -> 15
A137: =S14 -> 6 | B137: 4 | C137: 1 | D137: =B137*S14 -> 24 | E137: 4 | F137: =COUNTIF(B134:B200,4) -> 11
A138: =S15 -> 4 | B138: 3 | C138: 1 | D138: =B138*S15 -> 12 | E138: 5 | F138: =COUNTIF(B134:B200,5) -> 11
A139: =S16 -> 3 | B139: 2 | C139: 1 | D139: =B139*S16 -> 6
A140: =S17 -> 3 | B140: 5 | C140: 1 | D140: =B140*S17 -> 15
A142: =S19 -> 10 | B142: 1 | C142: 1 | D142: =B142*S19 -> 10
A143: =S20 -> 9 | B143: 2 | C143: 1 | D143: =B143*S20 -> 18
A144: =S21 -> 8 | B144: 3 | C144: 1 | D144: =B144*S21 -> 24
A145: =S22 -> 7 | B145: 2 | C145: 1 | D145: =B145*S22 -> 14
A146: =S23 -> 6 | B146: 5 | C146: 1 | D146: =B146*S23 -> 30
A147: =S24 -> 5 | B147: 4 | C147: 1 | D147: =B147*S24 -> 20
A148: =S25 -> 4 | B148: 3 | C148: 1 | D148: =B148*S25 -> 12
A149: =S26 -> 3 | B149: 2 | C149: 1 | D149: =B149*S26 -> 6
...

Sheet Massnahmen
C1: =' '!A426 -> S T R A T E G I E S & O B J E C T I F S I N N O V A T I O N
B5: =' '!A431 -> No. | C5: =' '!A439 -> Objectifs Innovation | D5: =B5 -> No. | E5: =' '!A440 -> Indicateurs | G5: =' '!A434 -> ÊTRE | H5: =' '!A435 -> DOIT | I5: =' '!A436 -> atteint | J5: =' '!A437 -> rouge | K5: =' '!A438 -> jaune | M5: =B5 -> No. | N5: =' '!A432 -> Stratégies | O5: =B5 -> No. | P5: =' '!A433 -> Indicateurs stratégiques | R5: =G5 -> ÊTRE | S5: =H5 -> DOIT | T5: =I5 -> atteint | U5: =J5 -> rouge | V5: =K5 -> jaune
B7: 1 | C7: Ziel 1 | D7: i1 | E7: Indikator 1 | F7: =IF(E7<>"","?","") -> ? | G7: 50 | H7: 100 | I7: =IF(OR(G7="Ja",G7="JA",G7="ja",G7="Oui",G7="OUI",G7="oui"),100%, IF(OR(G7="Nein",G7="NEIN",G7="nein",G7="Oon",G7="NON",G7="non"),0%, IF(G7<>0, IF(H7>=G7,G7/H7, IF(H7<G7,H7/G7)), 0%))) -> 0.5 | J7: 0.7 | K7: 0.9 | L7: =IF(E7="","",IF(I7<=J7,3,IF(I7<=K7,2,1))) -> 3 | M7: s1 | N7: Strategie 1 | O7: o1 | P7: Indikator 1 | Q7: =IF(P7<>"","?","") -> ? | R7: 0.01 | S7: 1 | T7: =IF(OR(R7="Ja",R7="JA",R7="ja",R7="Oui",R7="OUI",R7="oui"),100%, IF(OR(R7="Nein",R7="NEIN",R7="nein",R7="Oon",R7="NON",R7="non"),0%, IF(R7<>0, IF(S7>=R7,R7/S7, IF(S7<R7,S7/R7)), 0%))) -> 0.01 | U7: 0.7 | V7: 0.9 | W7: =IF(P7="","",IF(T7<=U7,3,IF(T7<=V7,2,1))) -> 3
B8: 1 | M8: s2 | O8: o2 | Q8: =IF(P8<>"","?","") | T8: =IF(OR(R8="Ja",R8="JA",R8="ja",R8="Oui",R8="OUI",R8="oui"),100%, IF(OR(R8="Nein",R8="NEIN",R8="nein",R8="Oon",R8="NON",R8="non"),0%, IF(R8<>0, IF(S8>=R8,R8/S8, IF(S8<R8,S8/R8)), 0%))) -> 0 | U8: 0.7 | V8: 0.9 | W8: =IF(P8="","",IF(T8<=U8,3,IF(T8<=V8,2,1)))
B9: 1 | D9: i1 | F9: =IF(E9<>"","?","") | I9: =IF(OR(G9="Ja",G9="JA",G9="ja",G9="Oui",G9="OUI",G9="oui"),100%, IF(OR(G9="Nein",G9="NEIN",G9="nein",G9="Oon",G9="NON",G9="non"),0%, IF(G9<>0, IF(H9>=G9,G9/H9, IF(H9<G9,H9/G9)), 0%))) -> 0 | J9: 0.7 | K9: 0.9 | L9: =IF(E9="","",IF(I9<=J9,3,IF(I9<=K9,2,1))) | M9: s3 | O9: o3 | Q9: =IF(P9<>"","?","") | T9: =IF(OR(R9="Ja",R9="JA",R9="ja",R9="Oui",R9="OUI",R9="oui"),100%, IF(OR(R9="Nein",R9="NEIN",R9="nein",R9="Oon",R9="NON",R9="non"),0%, IF(R9<>0, IF(S9>=R9,R9/S9, IF(S9<R9,S9/R9)), 0%))) -> 0 | U9: 0.7 | V9: 0.9 | W9: =IF(P9="","",IF(T9<=U9,3,IF(T9<=V9,2,1)))
B10: 1 | M10: s4 | O10: o4 | Q10: =IF(P10<>"","?","") | T10: =IF(OR(R10="Ja",R10="JA",R10="ja",R10="Oui",R10="OUI",R10="oui"),100%, IF(OR(R10="Nein",R10="NEIN",R10="nein",R10="Oon",R10="NON",R10="non"),0%, IF(R10<>0, IF(S10>=R10,R10/S10, IF(S10<R10,S10/R10)), 0%))) -> 0 | U10: 0.7 | V10: 0.9 | W10: =IF(P10="","",IF(T10<=U10,3,IF(T10<=V10,2,1)))
B11: 1 | D11: i1 | F11: =IF(E11<>"","?","") | I11: =IF(OR(G11="Ja",G11="JA",G11="ja",G11="Oui",G11="OUI",G11="oui"),100%, IF(OR(G11="Nein",G11="NEIN",G11="nein",G11="Oon",G11="NON",G11="non"),0%, IF(G11<>0, IF(H11>=G11,G11/H11, IF(H11<G11,H11/G11)), 0%))) -> 0 | J11: 0.7 | K11: 0.9 | L11: =IF(E11="","",IF(I11<=J11,3,IF(I11<=K11,2,1))) | M11: s5 | O11: o5 | Q11: =IF(P11<>"","?","") | T11: =IF(OR(R11="Ja",R11="JA",R11="ja",R11="Oui",R11="OUI",R11="oui"),100%, IF(OR(R11="Nein",R11="NEIN",R11="nein",R11="Oon",R11="NON",R11="non"),0%, IF(R11<>0, IF(S11>=R11,R11/S11, IF(S11<R11,S11/R11)), 0%))) -> 0 | U11: 0.7 | V11: 0.9 | W11: =IF(P11="","",IF(T11<=U11,3,IF(T11<=V11,2,1)))
B12: 1 | M12: s6 | O12: o6 | Q12: =IF(P12<>"","?","") | T12: =IF(OR(R12="Ja",R12="JA",R12="ja",R12="Oui",R12="OUI",R12="oui"),100%, IF(OR(R12="Nein",R12="NEIN",R12="nein",R12="Oon",R12="NON",R12="non"),0%, IF(R12<>0, IF(S12>=R12,R12/S12, IF(S12<R12,S12/R12)), 0%))) -> 0 | U12: 0.7 | V12: 0.9 | W12: =IF(P12="","",IF(T12<=U12,3,IF(T12<=V12,2,1)))
B13: 1 | D13: i1 | F13: =IF(E13<>"","?","") | I13: =IF(OR(G13="Ja",G13="JA",G13="ja",G13="Oui",G13="OUI",G13="oui"),100%, IF(OR(G13="Nein",G13="NEIN",G13="nein",G13="Oon",G13="NON",G13="non"),0%, IF(G13<>0, IF(H13>=G13,G13/H13, IF(H13<G13,H13/G13)), 0%))) -> 0 | J13: 0.7 | K13: 0.9 | L13: =IF(E13="","",IF(I13<=J13,3,IF(I13<=K13,2,1))) | M13: s7 | O13: o7 | Q13: =IF(P13<>"","?","") | T13: =IF(OR(R13="Ja",R13="JA",R13="ja",R13="Oui",R13="OUI",R13="oui"),100%, IF(OR(R13="Nein",R13="NEIN",R13="nein",R13="Oon",R13="NON",R13="non"),0%, IF(R13<>0, IF(S13>=R13,R13/S13, IF(S13<R13,S13/R13)), 0%))) -> 0 | U13: 0.7 | V13: 0.9 | W13: =IF(P13="","",IF(T13<=U13,3,IF(T13<=V13,2,1)))
B14: 1 | M14: s8 | O14: o8 | Q14: =IF(P14<>"","?","") | T14: =IF(OR(R14="Ja",R14="JA",R14="ja",R14="Oui",R14="OUI",R14="oui"),100%, IF(OR(R14="Nein",R14="NEIN",R14="nein",R14="Oon",R14="NON",R14="non"),0%, IF(R14<>0, IF(S14>=R14,R14/S14, IF(S14<R14,S14/R14)), 0%))) -> 0 | U14: 0.7 | V14: 0.9 | W14: =IF(P14="","",IF(T14<=U14,3,IF(T14<=V14,2,1)))
B15: 2 | C15: Ziel 2 | D15: i1 | F15: =IF(E15<>"","?","") | I15: =IF(OR(G15="Ja",G15="JA",G15="ja",G15="Oui",G15="OUI",G15="oui"),100%, IF(OR(G15="Nein",G15="NEIN",G15="nein",G15="Oon",G15="NON",G15="non"),0%, IF(G15<>0, IF(H15>=G15,G15/H15, IF(H15<G15,H15/G15)), 0%))) -> 0 | J15: 0.7 | K15: 0.9 | L15: =IF(E15="","",IF(I15<=J15,3,IF(I15<=K15,2,1))) | M15: s9 | O15: o9 | Q15: =IF(P15<>"","?","") | T15: =IF(OR(R15="Ja",R15="JA",R15="ja",R15="Oui",R15="OUI",R15="oui"),100%, IF(OR(R15="Nein",R15="NEIN",R15="nein",R15="Oon",R15="NON",R15="non"),0%, IF(R15<>0, IF(S15>=R15,R15/S15, IF(S15<R15,S15/R15)), 0%))) -> 0 | U15: 0.7 | V15: 0.9 | W15: =IF(P15="","",IF(T15<=U15,3,IF(T15<=V15,2,1)))
B16: 2 | M16: s10 | O16: o10 | Q16: =IF(P16<>"","?","") | T16: =IF(OR(R16="Ja",R16="JA",R16="ja",R16="Oui",R16="OUI",R16="oui"),100%, IF(OR(R16="Nein",R16="NEIN",R16="nein",R16="Oon",R16="NON",R16="non"),0%, IF(R16<>0, IF(S16>=R16,R16/S16, IF(S16<R16,S16/R16)), 0%))) -> 0 | U16: 0.7 | V16: 0.9 | W16: =IF(P16="","",IF(T16<=U16,3,IF(T16<=V16,2,1)))
B17: 2 | D17: i1 | F17: =IF(E17<>"","?","") | I17: =IF(OR(G17="Ja",G17="JA",G17="ja",G17="Oui",G17="OUI",G17="oui"),100%, IF(OR(G17="Nein",G17="NEIN",G17="nein",G17="Oon",G17="NON",G17="non"),0%, IF(G17<>0, IF(H17>=G17,G17/H17, IF(H17<G17,H17/G17)), 0%))) -> 0 | J17: 0.7 | K17: 0.9 | L17: =IF(E17="","",IF(I17<=J17,3,IF(I17<=K17,2,1))) | M17: s11 | O17: o11 | Q17: =IF(P17<>"","?","") | T17: =IF(OR(R17="Ja",R17="JA",R17="ja",R17="Oui",R17="OUI",R17="oui"),100%, IF(OR(R17="Nein",R17="NEIN",R17="nein",R17="Oon",R17="NON",R17="non"),0%, IF(R17<>0, IF(S17>=R17,R17/S17, IF(S17<R17,S17/R17)), 0%))) -> 0 | U17: 0.7 | V17: 0.9 | W17: =IF(P17="","",IF(T17<=U17,3,IF(T17<=V17,2,1)))
B18: 2 | M18: s12 | O18: o12 | Q18: =IF(P18<>"","?","") | T18: =IF(OR(R18="Ja",R18="JA",R18="ja",R18="Oui",R18="OUI",R18="oui"),100%, IF(OR(R18="Nein",R18="NEIN",R18="nein",R18="Oon",R18="NON",R18="non"),0%, IF(R18<>0, IF(S18>=R18,R18/S18, IF(S18<R18,S18/R18)), 0%))) -> 0 | U18: 0.7 | V18: 0.9 | W18: =IF(P18="","",IF(T18<=U18,3,IF(T18<=V18,2,1)))
B19: 2 | D19: i1 | F19: =IF(E19<>"","?","") | I19: =IF(OR(G19="Ja",G19="JA",G19="ja",G19="Oui",G19="OUI",G19="oui"),100%, IF(OR(G19="Nein",G19="NEIN",G19="nein",G19="Oon",G19="NON",G19="non"),0%, IF(G19<>0, IF(H19>=G19,G19/H19, IF(H19<G19,H19/G19)), 0%))) -> 0 | J19: 0.7 | K19: 0.9 | L19: =IF(E19="","",IF(I19<=J19,3,IF(I19<=K19,2,1))) | M19: s13 | O19: o13 | Q19: =IF(P19<>"","?","") | T19: =IF(OR(R19="Ja",R19="JA",R19="ja",R19="Oui",R19="OUI",R19="oui"),100%, IF(OR(R19="Nein",R19="NEIN",R19="nein",R19="Oon",R19="NON",R19="non"),0%, IF(R19<>0, IF(S19>=R19,R19/S19, IF(S19<R19,S19/R19)), 0%))) -> 0 | U19: 0.7 | V19: 0.9 | W19: =IF(P19="","",IF(T19<=U19,3,IF(T19<=V19,2,1)))
B20: 2 | M20: s14 | O20: o14 | Q20: =IF(P20<>"","?","") | T20: =IF(OR(R20="Ja",R20="JA",R20="ja",R20="Oui",R20="OUI",R20="oui"),100%, IF(OR(R20="Nein",R20="NEIN",R20="nein",R20="Oon",R20="NON",R20="non"),0%, IF(R20<>0, IF(S20>=R20,R20/S20, IF(S20<R20,S20/R20)), 0%))) -> 0 | U20: 0.7 | V20: 0.9 | W20: =IF(P20="","",IF(T20<=U20,3,IF(T20<=V20,2,1)))
B21: 2 | D21: i1 | F21: =IF(E21<>"","?","") | I21: =IF(OR(G21="Ja",G21="JA",G21="ja",G21="Oui",G21="OUI",G21="oui"),100%, IF(OR(G21="Nein",G21="NEIN",G21="nein",G21="Oon",G21="NON",G21="non"),0%, IF(G21<>0, IF(H21>=G21,G21/H21, IF(H21<G21,H21/G21)), 0%))) -> 0 | J21: 0.7 | K21: 0.9 | L21: =IF(E21="","",IF(I21<=J21,3,IF(I21<=K21,2,1))) | M21: s15 | O21: o15 | Q21: =IF(P21<>"","?","") | T21: =IF(OR(R21="Ja",R21="JA",R21="ja",R21="Oui",R21="OUI",R21="oui"),100%, IF(OR(R21="Nein",R21="NEIN",R21="nein",R21="Oon",R21="NON",R21="non"),0%, IF(R21<>0, IF(S21>=R21,R21/S21, IF(S21<R21,S21/R21)), 0%))) -> 0 | U21: 0.7 | V21: 0.9 | W21: =IF(P21="","",IF(T21<=U21,3,IF(T21<=V21,2,1)))
B22: 2 | M22: s16 | O22: o16 | Q22: =IF(P22<>"","?","") | T22: =IF(OR(R22="Ja",R22="JA",R22="ja",R22="Oui",R22="OUI",R22="oui"),100%, IF(OR(R22="Nein",R22="NEIN",R22="nein",R22="Oon",R22="NON",R22="non"),0%, IF(R22<>0, IF(S22>=R22,R22/S22, IF(S22<R22,S22/R22)), 0%))) -> 0 | U22: 0.7 | V22: 0.9 | W22: =IF(P22="","",IF(T22<=U22,3,IF(T22<=V22,2,1)))
B23: 3 | C23: Ziel 3 | D23: i1 | F23: =IF(E23<>"","?","") | I23: =IF(OR(G23="Ja",G23="JA",G23="ja",G23="Oui",G23="OUI",G23="oui"),100%, IF(OR(G23="Nein",G23="NEIN",G23="nein",G23="Oon",G23="NON",G23="non"),0%, IF(G23<>0, IF(H23>=G23,G23/H23, IF(H23<G23,H23/G23)), 0%))) -> 0 | J23: 0.7 | K23: 0.9 | L23: =IF(E23="","",IF(I23<=J23,3,IF(I23<=K23,2,1))) | M23: s17 | O23: o17 | Q23: =IF(P23<>"","?","") | T23: =IF(OR(R23="Ja",R23="JA",R23="ja",R23="Oui",R23="OUI",R23="oui"),100%, IF(OR(R23="Nein",R23="NEIN",R23="nein",R23="Oon",R23="NON",R23="non"),0%, IF(R23<>0, IF(S23>=R23,R23/S23, IF(S23<R23,S23/R23)), 0%))) -> 0 | U23: 0.7 | V23: 0.9 | W23: =IF(P23="","",IF(T23<=U23,3,IF(T23<=V23,2,1)))
B24: 3 | M24: s18 | O24: o18 | Q24: =IF(P24<>"","?","") | T24: =IF(OR(R24="Ja",R24="JA",R24="ja",R24="Oui",R24="OUI",R24="oui"),100%, IF(OR(R24="Nein",R24="NEIN",R24="nein",R24="Oon",R24="NON",R24="non"),0%, IF(R24<>0, IF(S24>=R24,R24/S24, IF(S24<R24,S24/R24)), 0%))) -> 0 | U24: 0.7 | V24: 0.9 | W24: =IF(P24="","",IF(T24<=U24,3,IF(T24<=V24,2,1)))
B25: 3 | D25: i1 | F25: =IF(E25<>"","?","") | I25: =IF(OR(G25="Ja",G25="JA",G25="ja",G25="Oui",G25="OUI",G25="oui"),100%, IF(OR(G25="Nein",G25="NEIN",G25="nein",G25="Oon",G25="NON",G25="non"),0%, IF(G25<>0, IF(H25>=G25,G25/H25, IF(H25<G25,H25/G25)), 0%))) -> 0 | J25: 0.7 | K25: 0.9 | L25: =IF(E25="","",IF(I25<=J25,3,IF(I25<=K25,2,1))) | M25: s19 | O25: o19 | Q25: =IF(P25<>"","?","") | T25: =IF(OR(R25="Ja",R25="JA",R25="ja",R25="Oui",R25="OUI",R25="oui"),100%, IF(OR(R25="Nein",R25="NEIN",R25="nein",R25="Oon",R25="NON",R25="non"),0%, IF(R25<>0, IF(S25>=R25,R25/S25, IF(S25<R25,S25/R25)), 0%))) -> 0 | U25: 0.7 | V25: 0.9 | W25: =IF(P25="","",IF(T25<=U25,3,IF(T25<=V25,2,1)))
B26: 3 | M26: s20 | O26: o20 | Q26: =IF(P26<>"","?","") | T26: =IF(OR(R26="Ja",R26="JA",R26="ja",R26="Oui",R26="OUI",R26="oui"),100%, IF(OR(R26="Nein",R26="NEIN",R26="nein",R26="Oon",R26="NON",R26="non"),0%, IF(R26<>0, IF(S26>=R26,R26/S26, IF(S26<R26,S26/R26)), 0%))) -> 0 | U26: 0.7 | V26: 0.9 | W26: =IF(P26="","",IF(T26<=U26,3,IF(T26<=V26,2,1)))
B27: 3 | D27: i1 | F27: =IF(E27<>"","?","") | I27: =IF(OR(G27="Ja",G27="JA",G27="ja",G27="Oui",G27="OUI",G27="oui"),100%, IF(OR(G27="Nein",G27="NEIN",G27="nein",G27="Oon",G27="NON",G27="non"),0%, IF(G27<>0, IF(H27>=G27,G27/H27, IF(H27<G27,H27/G27)), 0%))) -> 0 | J27: 0.7 | K27: 0.9 | L27: =IF(E27="","",IF(I27<=J27,3,IF(I27<=K27,2,1))) | M27: s21 | O27: o21 | Q27: =IF(P27<>"","?","") | T27: =IF(OR(R27="Ja",R27="JA",R27="ja",R27="Oui",R27="OUI",R27="oui"),100%, IF(OR(R27="Nein",R27="NEIN",R27="nein",R27="Oon",R27="NON",R27="non"),0%, IF(R27<>0, IF(S27>=R27,R27/S27, IF(S27<R27,S27/R27)), 0%))) -> 0 | U27: 0.7 | V27: 0.9 | W27: =IF(P27="","",IF(T27<=U27,3,IF(T27<=V27,2,1)))
B28: 3 | M28: s22 | O28: o22 | Q28: =IF(P28<>"","?","") | T28: =IF(OR(R28="Ja",R28="JA",R28="ja",R28="Oui",R28="OUI",R28="oui"),100%, IF(OR(R28="Nein",R28="NEIN",R28="nein",R28="Oon",R28="NON",R28="non"),0%, IF(R28<>0, IF(S28>=R28,R28/S28, IF(S28<R28,S28/R28)), 0%))) -> 0 | U28: 0.7 | V28: 0.9 | W28: =IF(P28="","",IF(T28<=U28,3,IF(T28<=V28,2,1)))
B29: 3 | D29: i1 | F29: =IF(E29<>"","?","") | I29: =IF(OR(G29="Ja",G29="JA",G29="ja",G29="Oui",G29="OUI",G29="oui"),100%, IF(OR(G29="Nein",G29="NEIN",G29="nein",G29="Oon",G29="NON",G29="non"),0%, IF(G29<>0, IF(H29>=G29,G29/H29, IF(H29<G29,H29/G29)), 0%))) -> 0 | J29: 0.7 | K29: 0.9 | L29: =IF(E29="","",IF(I29<=J29,3,IF(I29<=K29,2,1))) | M29: s23 | O29: o23 | Q29: =IF(P29<>"","?","") | T29: =IF(OR(R29="Ja",R29="JA",R29="ja",R29="Oui",R29="OUI",R29="oui"),100%, IF(OR(R29="Nein",R29="NEIN",R29="nein",R29="Oon",R29="NON",R29="non"),0%, IF(R29<>0, IF(S29>=R29,R29/S29, IF(S29<R29,S29/R29)), 0%))) -> 0 | U29: 0.7 | V29: 0.9 | W29: =IF(P29="","",IF(T29<=U29,3,IF(T29<=V29,2,1)))
B30: 3 | M30: s24 | O30: o24 | Q30: =IF(P30<>"","?","") | T30: =IF(OR(R30="Ja",R30="JA",R30="ja",R30="Oui",R30="OUI",R30="oui"),100%, IF(OR(R30="Nein",R30="NEIN",R30="nein",R30="Oon",R30="NON",R30="non"),0%, IF(R30<>0, IF(S30>=R30,R30/S30, IF(S30<R30,S30/R30)), 0%))) -> 0 | U30: 0.7 | V30: 0.9 | W30: =IF(P30="","",IF(T30<=U30,3,IF(T30<=V30,2,1)))
B31: 4 | C31: 4 | D31: i1 | F31: =IF(E31<>"","?","") | I31: =IF(OR(G31="Ja",G31="JA",G31="ja",G31="Oui",G31="OUI",G31="oui"),100%, IF(OR(G31="Nein",G31="NEIN",G31="nein",G31="Oon",G31="NON",G31="non"),0%, IF(G31<>0, IF(H31>=G31,G31/H31, IF(H31<G31,H31/G31)), 0%))) -> 0 | J31: 0.7 | K31: 0.9 | L31: =IF(E31="","",IF(I31<=J31,3,IF(I31<=K31,2,1))) | M31: s25 | O31: o25 | Q31: =IF(P31<>"","?","") | T31: =IF(OR(R31="Ja",R31="JA",R31="ja",R31="Oui",R31="OUI",R31="oui"),100%, IF(OR(R31="Nein",R31="NEIN",R31="nein",R31="Oon",R31="NON",R31="non"),0%, IF(R31<>0, IF(S31>=R31,R31/S31, IF(S31<R31,S31/R31)), 0%))) -> 0 | U31: 0.7 | V31: 0.9 | W31: =IF(P31="","",IF(T31<=U31,3,IF(T31<=V31,2,1)))
B32: 4 | M32: s26 | O32: o26 | Q32: =IF(P32<>"","?","") | T32: =IF(OR(R32="Ja",R32="JA",R32="ja",R32="Oui",R32="OUI",R32="oui"),100%, IF(OR(R32="Nein",R32="NEIN",R32="nein",R32="Oon",R32="NON",R32="non"),0%, IF(R32<>0, IF(S32>=R32,R32/S32, IF(S32<R32,S32/R32)), 0%))) -> 0 | U32: 0.7 | V32: 0.9 | W32: =IF(P32="","",IF(T32<=U32,3,IF(T32<=V32,2,1)))
B33: 4 | D33: i1 | F33: =IF(E33<>"","?","") | I33: =IF(OR(G33="Ja",G33="JA",G33="ja",G33="Oui",G33="OUI",G33="oui"),100%, IF(OR(G33="Nein",G33="NEIN",G33="nein",G33="Oon",G33="NON",G33="non"),0%, IF(G33<>0, IF(H33>=G33,G33/H33, IF(H33<G33,H33/G33)), 0%))) -> 0 | J33: 0.7 | K33: 0.9 | L33: =IF(E33="","",IF(I33<=J33,3,IF(I33<=K33,2,1))) | M33: s27 | O33: o27 | Q33: =IF(P33<>"","?","") | T33: =IF(OR(R33="Ja",R33="JA",R33="ja",R33="Oui",R33="OUI",R33="oui"),100%, IF(OR(R33="Nein",R33="NEIN",R33="nein",R33="Oon",R33="NON",R33="non"),0%, IF(R33<>0, IF(S33>=R33,R33/S33, IF(S33<R33,S33/R33)), 0%))) -> 0 | U33: 0.7 | V33: 0.9 | W33: =IF(P33="","",IF(T33<=U33,3,IF(T33<=V33,2,1)))
B34: 4 | M34: s28 | O34: o28 | Q34: =IF(P34<>"","?","") | T34: =IF(OR(R34="Ja",R34="JA",R34="ja",R34="Oui",R34="OUI",R34="oui"),100%, IF(OR(R34="Nein",R34="NEIN",R34="nein",R34="Oon",R34="NON",R34="non"),0%, IF(R34<>0, IF(S34>=R34,R34/S34, IF(S34<R34,S34/R34)), 0%))) -> 0 | U34: 0.7 | V34: 0.9 | W34: =IF(P34="","",IF(T34<=U34,3,IF(T34<=V34,2,1)))
B35: 4 | D35: i1 | F35: =IF(E35<>"","?","") | I35: =IF(OR(G35="Ja",G35="JA",G35="ja",G35="Oui",G35="OUI",G35="oui"),100%, IF(OR(G35="Nein",G35="NEIN",G35="nein",G35="Oon",G35="NON",G35="non"),0%, IF(G35<>0, IF(H35>=G35,G35/H35, IF(H35<G35,H35/G35)), 0%))) -> 0 | J35: 0.7 | K35: 0.9 | L35: =IF(E35="","",IF(I35<=J35,3,IF(I35<=K35,2,1))) | M35: s29 | O35: o29 | Q35: =IF(P35<>"","?","") | T35: =IF(OR(R35="Ja",R35="JA",R35="ja",R35="Oui",R35="OUI",R35="oui"),100%, IF(OR(R35="Nein",R35="NEIN",R35="nein",R35="Oon",R35="NON",R35="non"),0%, IF(R35<>0, IF(S35>=R35,R35/S35, IF(S35<R35,S35/R35)), 0%))) -> 0 | U35: 0.7 | V35: 0.9 | W35: =IF(P35="","",IF(T35<=U35,3,IF(T35<=V35,2,1)))
B36: 4 | M36: s30 | O36: o30 | Q36: =IF(P36<>"","?","") | T36: =IF(OR(R36="Ja",R36="JA",R36="ja",R36="Oui",R36="OUI",R36="oui"),100%, IF(OR(R36="Nein",R36="NEIN",R36="nein",R36="Oon",R36="NON",R36="non"),0%, IF(R36<>0, IF(S36>=R36,R36/S36, IF(S36<R36,S36/R36)), 0%))) -> 0 | U36: 0.7 | V36: 0.9 | W36: =IF(P36="","",IF(T36<=U36,3,IF(T36<=V36,2,1)))
B37: 4 | D37: i1 | F37: =IF(E37<>"","?","") | I37: =IF(OR(G37="Ja",G37="JA",G37="ja",G37="Oui",G37="OUI",G37="oui"),100%, IF(OR(G37="Nein",G37="NEIN",G37="nein",G37="Oon",G37="NON",G37="non"),0%, IF(G37<>0, IF(H37>=G37,G37/H37, IF(H37<G37,H37/G37)), 0%))) -> 0 | J37: 0.7 | K37: 0.9 | L37: =IF(E37="","",IF(I37<=J37,3,IF(I37<=K37,2,1))) | M37: s31 | O37: o31 | Q37: =IF(P37<>"","?","") | T37: =IF(OR(R37="Ja",R37="JA",R37="ja",R37="Oui",R37="OUI",R37="oui"),100%, IF(OR(R37="Nein",R37="NEIN",R37="nein",R37="Oon",R37="NON",R37="non"),0%, IF(R37<>0, IF(S37>=R37,R37/S37, IF(S37<R37,S37/R37)), 0%))) -> 0 | U37: 0.7 | V37: 0.9 | W37: =IF(P37="","",IF(T37<=U37,3,IF(T37<=V37,2,1)))
B38: 4 | M38: s32 | O38: o32 | Q38: =IF(P38<>"","?","") | T38: =IF(OR(R38="Ja",R38="JA",R38="ja",R38="Oui",R38="OUI",R38="oui"),100%, IF(OR(R38="Nein",R38="NEIN",R38="nein",R38="Oon",R38="NON",R38="non"),0%, IF(R38<>0, IF(S38>=R38,R38/S38, IF(S38<R38,S38/R38)), 0%))) -> 0 | U38: 0.7 | V38: 0.9 | W38: =IF(P38="","",IF(T38<=U38,3,IF(T38<=V38,2,1)))
B39: 5 | C39: 5 | D39: i1 | F39: =IF(E39<>"","?","") | I39: =IF(OR(G39="Ja",G39="JA",G39="ja",G39="Oui",G39="OUI",G39="oui"),100%, IF(OR(G39="Nein",G39="NEIN",G39="nein",G39="Oon",G39="NON",G39="non"),0%, IF(G39<>0, IF(H39>=G39,G39/H39, IF(H39<G39,H39/G39)), 0%))) -> 0 | J39: 0.7 | K39: 0.9 | L39: =IF(E39="","",IF(I39<=J39,3,IF(I39<=K39,2,1))) | M39: s33 | O39: o33 | Q39: =IF(P39<>"","?","") | T39: =IF(OR(R39="Ja",R39="JA",R39="ja",R39="Oui",R39="OUI",R39="oui"),100%, IF(OR(R39="Nein",R39="NEIN",R39="nein",R39="Oon",R39="NON",R39="non"),0%, IF(R39<>0, IF(S39>=R39,R39/S39, IF(S39<R39,S39/R39)), 0%))) -> 0 | U39: 0.7 | V39: 0.9 | W39: =IF(P39="","",IF(T39<=U39,3,IF(T39<=V39,2,1)))
B40: 5 | M40: s34 | O40: o34 | Q40: =IF(P40<>"","?","") | T40: =IF(OR(R40="Ja",R40="JA",R40="ja",R40="Oui",R40="OUI",R40="oui"),100%, IF(OR(R40="Nein",R40="NEIN",R40="nein",R40="Oon",R40="NON",R40="non"),0%, IF(R40<>0, IF(S40>=R40,R40/S40, IF(S40<R40,S40/R40)), 0%))) -> 0 | U40: 0.7 | V40: 0.9 | W40: =IF(P40="","",IF(T40<=U40,3,IF(T40<=V40,2,1)))
B41: 5 | D41: i1 | F41: =IF(E41<>"","?","") | I41: =IF(OR(G41="Ja",G41="JA",G41="ja",G41="Oui",G41="OUI",G41="oui"),100%, IF(OR(G41="Nein",G41="NEIN",G41="nein",G41="Oon",G41="NON",G41="non"),0%, IF(G41<>0, IF(H41>=G41,G41/H41, IF(H41<G41,H41/G41)), 0%))) -> 0 | J41: 0.7 | K41: 0.9 | L41: =IF(E41="","",IF(I41<=J41,3,IF(I41<=K41,2,1))) | M41: s35 | O41: o35 | Q41: =IF(P41<>"","?","") | T41: =IF(OR(R41="Ja",R41="JA",R41="ja",R41="Oui",R41="OUI",R41="oui"),100%, IF(OR(R41="Nein",R41="NEIN",R41="nein",R41="Oon",R41="NON",R41="non"),0%, IF(R41<>0, IF(S41>=R41,R41/S41, IF(S41<R41,S41/R41)), 0%))) -> 0 | U41: 0.7 | V41: 0.9 | W41: =IF(P41="","",IF(T41<=U41,3,IF(T41<=V41,2,1)))
B42: 5 | M42: s36 | O42: o36 | Q42: =IF(P42<>"","?","") | T42: =IF(OR(R42="Ja",R42="JA",R42="ja",R42="Oui",R42="OUI",R42="oui"),100%, IF(OR(R42="Nein",R42="NEIN",R42="nein",R42="Oon",R42="NON",R42="non"),0%, IF(R42<>0, IF(S42>=R42,R42/S42, IF(S42<R42,S42/R42)), 0%))) -> 0 | U42: 0.7 | V42: 0.9 | W42: =IF(P42="","",IF(T42<=U42,3,IF(T42<=V42,2,1)))
B43: 5 | D43: i1 | F43: =IF(E43<>"","?","") | I43: =IF(OR(G43="Ja",G43="JA",G43="ja",G43="Oui",G43="OUI",G43="oui"),100%, IF(OR(G43="Nein",G43="NEIN",G43="nein",G43="Oon",G43="NON",G43="non"),0%, IF(G43<>0, IF(H43>=G43,G43/H43, IF(H43<G43,H43/G43)), 0%))) -> 0 | J43: 0.7 | K43: 0.9 | L43: =IF(E43="","",IF(I43<=J43,3,IF(I43<=K43,2,1))) | M43: s37 | O43: o37 | Q43: =IF(P43<>"","?","") | T43: =IF(OR(R43="Ja",R43="JA",R43="ja",R43="Oui",R43="OUI",R43="oui"),100%, IF(OR(R43="Nein",R43="NEIN",R43="nein",R43="Oon",R43="NON",R43="non"),0%, IF(R43<>0, IF(S43>=R43,R43/S43, IF(S43<R43,S43/R43)), 0%))) -> 0 | U43: 0.7 | V43: 0.9 | W43: =IF(P43="","",IF(T43<=U43,3,IF(T43<=V43,2,1)))
B44: 5 | M44: s38 | O44: o38 | Q44: =IF(P44<>"","?","") | T44: =IF(OR(R44="Ja",R44="JA",R44="ja",R44="Oui",R44="OUI",R44="oui"),100%, IF(OR(R44="Nein",R44="NEIN",R44="nein",R44="Oon",R44="NON",R44="non"),0%, IF(R44<>0, IF(S44>=R44,R44/S44, IF(S44<R44,S44/R44)), 0%))) -> 0 | U44: 0.7 | V44: 0.9 | W44: =IF(P44="","",IF(T44<=U44,3,IF(T44<=V44,2,1)))
B45: 5 | D45: i1 | F45: =IF(E45<>"","?","") | I45: =IF(OR(G45="Ja",G45="JA",G45="ja",G45="Oui",G45="OUI",G45="oui"),100%, IF(OR(G45="Nein",G45="NEIN",G45="nein",G45="Oon",G45="NON",G45="non"),0%, IF(G45<>0, IF(H45>=G45,G45/H45, IF(H45<G45,H45/G45)), 0%))) -> 0 | J45: 0.7 | K45: 0.9 | L45: =IF(E45="","",IF(I45<=J45,3,IF(I45<=K45,2,1))) | M45: s39 | O45: o39 | Q45: =IF(P45<>"","?","") | T45: =IF(OR(R45="Ja",R45="JA",R45="ja",R45="Oui",R45="OUI",R45="oui"),100%, IF(OR(R45="Nein",R45="NEIN",R45="nein",R45="Oon",R45="NON",R45="non"),0%, IF(R45<>0, IF(S45>=R45,R45/S45, IF(S45<R45,S45/R45)), 0%))) -> 0 | U45: 0.7 | V45: 0.9 | W45: =IF(P45="","",IF(T45<=U45,3,IF(T45<=V45,2,1)))
B46: 5 | M46: s40 | O46: o40 | Q46: =IF(P46<>"","?","") | T46: =IF(OR(R46="Ja",R46="JA",R46="ja",R46="Oui",R46="OUI",R46="oui"),100%, IF(OR(R46="Nein",R46="NEIN",R46="nein",R46="Oon",R46="NON",R46="non"),0%, IF(R46<>0, IF(S46>=R46,R46/S46, IF(S46<R46,S46/R46)), 0%))) -> 0 | U46: 0.7 | V46: 0.9 | W46: =IF(P46="","",IF(T46<=U46,3,IF(T46<=V46,2,1)))
B47: 6 | C47: 6 | D47: i1 | F47: =IF(E47<>"","?","") | I47: =IF(OR(G47="Ja",G47="JA",G47="ja",G47="Oui",G47="OUI",G47="oui"),100%, IF(OR(G47="Nein",G47="NEIN",G47="nein",G47="Oon",G47="NON",G47="non"),0%, IF(G47<>0, IF(H47>=G47,G47/H47, IF(H47<G47,H47/G47)), 0%))) -> 0 | J47: 0.7 | K47: 0.9 | L47: =IF(E47="","",IF(I47<=J47,3,IF(I47<=K47,2,1))) | M47: s41 | O47: o41 | Q47: =IF(P47<>"","?","") | T47: =IF(OR(R47="Ja",R47="JA",R47="ja",R47="Oui",R47="OUI",R47="oui"),100%, IF(OR(R47="Nein",R47="NEIN",R47="nein",R47="Oon",R47="NON",R47="non"),0%, IF(R47<>0, IF(S47>=R47,R47/S47, IF(S47<R47,S47/R47)), 0%))) -> 0 | U47: 0.7 | V47: 0.9 | W47: =IF(P47="","",IF(T47<=U47,3,IF(T47<=V47,2,1)))
B48: 6 | M48: s42 | O48: o42 | Q48: =IF(P48<>"","?","") | T48: =IF(OR(R48="Ja",R48="JA",R48="ja",R48="Oui",R48="OUI",R48="oui"),100%, IF(OR(R48="Nein",R48="NEIN",R48="nein",R48="Oon",R48="NON",R48="non"),0%, IF(R48<>0, IF(S48>=R48,R48/S48, IF(S48<R48,S48/R48)), 0%))) -> 0 | U48: 0.7 | V48: 0.9 | W48: =IF(P48="","",IF(T48<=U48,3,IF(T48<=V48,2,1)))
B49: 6 | D49: i1 | F49: =IF(E49<>"","?","") | I49: =IF(OR(G49="Ja",G49="JA",G49="ja",G49="Oui",G49="OUI",G49="oui"),100%, IF(OR(G49="Nein",G49="NEIN",G49="nein",G49="Oon",G49="NON",G49="non"),0%, IF(G49<>0, IF(H49>=G49,G49/H49, IF(H49<G49,H49/G49)), 0%))) -> 0 | J49: 0.7 | K49: 0.9 | L49: =IF(E49="","",IF(I49<=J49,3,IF(I49<=K49,2,1))) | M49: s43 | O49: o43 | Q49: =IF(P49<>"","?","") | T49: =IF(OR(R49="Ja",R49="JA",R49="ja",R49="Oui",R49="OUI",R49="oui"),100%, IF(OR(R49="Nein",R49="NEIN",R49="nein",R49="Oon",R49="NON",R49="non"),0%, IF(R49<>0, IF(S49>=R49,R49/S49, IF(S49<R49,S49/R49)), 0%))) -> 0 | U49: 0.7 | V49: 0.9 | W49: =IF(P49="","",IF(T49<=U49,3,IF(T49<=V49,2,1)))
B50: 6 | M50: s44 | O50: o44 | Q50: =IF(P50<>"","?","") | T50: =IF(OR(R50="Ja",R50="JA",R50="ja",R50="Oui",R50="OUI",R50="oui"),100%, IF(OR(R50="Nein",R50="NEIN",R50="nein",R50="Oon",R50="NON",R50="non"),0%, IF(R50<>0, IF(S50>=R50,R50/S50, IF(S50<R50,S50/R50)), 0%))) -> 0 | U50: 0.7 | V50: 0.9 | W50: =IF(P50="","",IF(T50<=U50,3,IF(T50<=V50,2,1)))
B51: 6 | D51: i1 | F51: =IF(E51<>"","?","") | I51: =IF(OR(G51="Ja",G51="JA",G51="ja",G51="Oui",G51="OUI",G51="oui"),100%, IF(OR(G51="Nein",G51="NEIN",G51="nein",G51="Oon",G51="NON",G51="non"),0%, IF(G51<>0, IF(H51>=G51,G51/H51, IF(H51<G51,H51/G51)), 0%))) -> 0 | J51: 0.7 | K51: 0.9 | L51: =IF(E51="","",IF(I51<=J51,3,IF(I51<=K51,2,1))) | M51: s45 | O51: o45 | Q51: =IF(P51<>"","?","") | T51: =IF(OR(R51="Ja",R51="JA",R51="ja",R51="Oui",R51="OUI",R51="oui"),100%, IF(OR(R51="Nein",R51="NEIN",R51="nein",R51="Oon",R51="NON",R51="non"),0%, IF(R51<>0, IF(S51>=R51,R51/S51, IF(S51<R51,S51/R51)), 0%))) -> 0 | U51: 0.7 | V51: 0.9 | W51: =IF(P51="","",IF(T51<=U51,3,IF(T51<=V51,2,1)))
B52: 6 | M52: s46 | O52: o46 | Q52: =IF(P52<>"","?","") | T52: =IF(OR(R52="Ja",R52="JA",R52="ja",R52="Oui",R52="OUI",R52="oui"),100%, IF(OR(R52="Nein",R52="NEIN",R52="nein",R52="Oon",R52="NON",R52="non"),0%, IF(R52<>0, IF(S52>=R52,R52/S52, IF(S52<R52,S52/R52)), 0%))) -> 0 | U52: 0.7 | V52: 0.9 | W52: =IF(P52="","",IF(T52<=U52,3,IF(T52<=V52,2,1)))
B53: 6 | D53: i1 | F53: =IF(E53<>"","?","") | I53: =IF(OR(G53="Ja",G53="JA",G53="ja",G53="Oui",G53="OUI",G53="oui"),100%, IF(OR(G53="Nein",G53="NEIN",G53="nein",G53="Oon",G53="NON",G53="non"),0%, IF(G53<>0, IF(H53>=G53,G53/H53, IF(H53<G53,H53/G53)), 0%))) -> 0 | J53: 0.7 | K53: 0.9 | L53: =IF(E53="","",IF(I53<=J53,3,IF(I53<=K53,2,1))) | M53: s47 | O53: o47 | Q53: =IF(P53<>"","?","") | T53: =IF(OR(R53="Ja",R53="JA",R53="ja",R53="Oui",R53="OUI",R53="oui"),100%, IF(OR(R53="Nein",R53="NEIN",R53="nein",R53="Oon",R53="NON",R53="non"),0%, IF(R53<>0, IF(S53>=R53,R53/S53, IF(S53<R53,S53/R53)), 0%))) -> 0 | U53: 0.7 | V53: 0.9 | W53: =IF(P53="","",IF(T53<=U53,3,IF(T53<=V53,2,1)))
B54: 6 | M54: s48 | O54: o48 | Q54: =IF(P54<>"","?","") | T54: =IF(OR(R54="Ja",R54="JA",R54="ja",R54="Oui",R54="OUI",R54="oui"),100%, IF(OR(R54="Nein",R54="NEIN",R54="nein",R54="Oon",R54="NON",R54="non"),0%, IF(R54<>0, IF(S54>=R54,R54/S54, IF(S54<R54,S54/R54)), 0%))) -> 0 | U54: 0.7 | V54: 0.9 | W54: =IF(P54="","",IF(T54<=U54,3,IF(T54<=V54,2,1)))
B55: 7 | C55: 7 | D55: i1 | F55: =IF(E55<>"","?","") | I55: =IF(OR(G55="Ja",G55="JA",G55="ja",G55="Oui",G55="OUI",G55="oui"),100%, IF(OR(G55="Nein",G55="NEIN",G55="nein",G55="Oon",G55="NON",G55="non"),0%, IF(G55<>0, IF(H55>=G55,G55/H55, IF(H55<G55,H55/G55)), 0%))) -> 0 | J55: 0.7 | K55: 0.9 | L55: =IF(E55="","",IF(I55<=J55,3,IF(I55<=K55,2,1))) | M55: s49 | O55: o49 | Q55: =IF(P55<>"","?","") | T55: =IF(OR(R55="Ja",R55="JA",R55="ja",R55="Oui",R55="OUI",R55="oui"),100%, IF(OR(R55="Nein",R55="NEIN",R55="nein",R55="Oon",R55="NON",R55="non"),0%, IF(R55<>0, IF(S55>=R55,R55/S55, IF(S55<R55,S55/R55)), 0%))) -> 0 | U55: 0.7 | V55: 0.9 | W55: =IF(P55="","",IF(T55<=U55,3,IF(T55<=V55,2,1)))
B56: 7 | M56: s50 | O56: o50 | Q56: =IF(P56<>"","?","") | T56: =IF(OR(R56="Ja",R56="JA",R56="ja",R56="Oui",R56="OUI",R56="oui"),100%, IF(OR(R56="Nein",R56="NEIN",R56="nein",R56="Oon",R56="NON",R56="non"),0%, IF(R56<>0, IF(S56>=R56,R56/S56, IF(S56<R56,S56/R56)), 0%))) -> 0 | U56: 0.7 | V56: 0.9 | W56: =IF(P56="","",IF(T56<=U56,3,IF(T56<=V56,2,1)))
B57: 7 | D57: i1 | F57: =IF(E57<>"","?","") | I57: =IF(OR(G57="Ja",G57="JA",G57="ja",G57="Oui",G57="OUI",G57="oui"),100%, IF(OR(G57="Nein",G57="NEIN",G57="nein",G57="Oon",G57="NON",G57="non"),0%, IF(G57<>0, IF(H57>=G57,G57/H57, IF(H57<G57,H57/G57)), 0%))) -> 0 | J57: 0.7 | K57: 0.9 | L57: =IF(E57="","",IF(I57<=J57,3,IF(I57<=K57,2,1))) | M57: s51 | O57: o51 | Q57: =IF(P57<>"","?","") | T57: =IF(OR(R57="Ja",R57="JA",R57="ja",R57="Oui",R57="OUI",R57="oui"),100%, IF(OR(R57="Nein",R57="NEIN",R57="nein",R57="Oon",R57="NON",R57="non"),0%, IF(R57<>0, IF(S57>=R57,R57/S57, IF(S57<R57,S57/R57)), 0%))) -> 0 | U57: 0.7 | V57: 0.9 | W57: =IF(P57="","",IF(T57<=U57,3,IF(T57<=V57,2,1)))
B58: 7 | M58: s52 | O58: o52 | Q58: =IF(P58<>"","?","") | T58: =IF(OR(R58="Ja",R58="JA",R58="ja",R58="Oui",R58="OUI",R58="oui"),100%, IF(OR(R58="Nein",R58="NEIN",R58="nein",R58="Oon",R58="NON",R58="non"),0%, IF(R58<>0, IF(S58>=R58,R58/S58, IF(S58<R58,S58/R58)), 0%))) -> 0 | U58: 0.7 | V58: 0.9 | W58: =IF(P58="","",IF(T58<=U58,3,IF(T58<=V58,2,1)))
B59: 7 | D59: i1 | F59: =IF(E59<>"","?","") | I59: =IF(OR(G59="Ja",G59="JA",G59="ja",G59="Oui",G59="OUI",G59="oui"),100%, IF(OR(G59="Nein",G59="NEIN",G59="nein",G59="Oon",G59="NON",G59="non"),0%, IF(G59<>0, IF(H59>=G59,G59/H59, IF(H59<G59,H59/G59)), 0%))) -> 0 | J59: 0.7 | K59: 0.9 | L59: =IF(E59="","",IF(I59<=J59,3,IF(I59<=K59,2,1))) | M59: s53 | O59: o53 | Q59: =IF(P59<>"","?","") | T59: =IF(OR(R59="Ja",R59="JA",R59="ja",R59="Oui",R59="OUI",R59="oui"),100%, IF(OR(R59="Nein",R59="NEIN",R59="nein",R59="Oon",R59="NON",R59="non"),0%, IF(R59<>0, IF(S59>=R59,R59/S59, IF(S59<R59,S59/R59)), 0%))) -> 0 | U59: 0.7 | V59: 0.9 | W59: =IF(P59="","",IF(T59<=U59,3,IF(T59<=V59,2,1)))
B60: 7 | M60: s54 | O60: o54 | Q60: =IF(P60<>"","?","") | T60: =IF(OR(R60="Ja",R60="JA",R60="ja",R60="Oui",R60="OUI",R60="oui"),100%, IF(OR(R60="Nein",R60="NEIN",R60="nein",R60="Oon",R60="NON",R60="non"),0%, IF(R60<>0, IF(S60>=R60,R60/S60, IF(S60<R60,S60/R60)), 0%))) -> 0 | U60: 0.7 | V60: 0.9 | W60: =IF(P60="","",IF(T60<=U60,3,IF(T60<=V60,2,1)))
B61: 7 | D61: i1 | F61: =IF(E61<>"","?","") | I61: =IF(OR(G61="Ja",G61="JA",G61="ja",G61="Oui",G61="OUI",G61="oui"),100%, IF(OR(G61="Nein",G61="NEIN",G61="nein",G61="Oon",G61="NON",G61="non"),0%, IF(G61<>0, IF(H61>=G61,G61/H61, IF(H61<G61,H61/G61)), 0%))) -> 0 | J61: 0.7 | K61: 0.9 | L61: =IF(E61="","",IF(I61<=J61,3,IF(I61<=K61,2,1))) | M61: s55 | O61: o55 | Q61: =IF(P61<>"","?","") | T61: =IF(OR(R61="Ja",R61="JA",R61="ja",R61="Oui",R61="OUI",R61="oui"),100%, IF(OR(R61="Nein",R61="NEIN",R61="nein",R61="Oon",R61="NON",R61="non"),0%, IF(R61<>0, IF(S61>=R61,R61/S61, IF(S61<R61,S61/R61)), 0%))) -> 0 | U61: 0.7 | V61: 0.9 | W61: =IF(P61="","",IF(T61<=U61,3,IF(T61<=V61,2,1)))
B62: 7 | M62: s56 | O62: o56 | Q62: =IF(P62<>"","?","") | T62: =IF(OR(R62="Ja",R62="JA",R62="ja",R62="Oui",R62="OUI",R62="oui"),100%, IF(OR(R62="Nein",R62="NEIN",R62="nein",R62="Oon",R62="NON",R62="non"),0%, IF(R62<>0, IF(S62>=R62,R62/S62, IF(S62<R62,S62/R62)), 0%))) -> 0 | U62: 0.7 | V62: 0.9 | W62: =IF(P62="","",IF(T62<=U62,3,IF(T62<=V62,2,1)))
B63: 8 | C63: 8 | D63: i1 | F63: =IF(E63<>"","?","") | I63: =IF(OR(G63="Ja",G63="JA",G63="ja",G63="Oui",G63="OUI",G63="oui"),100%, IF(OR(G63="Nein",G63="NEIN",G63="nein",G63="Oon",G63="NON",G63="non"),0%, IF(G63<>0, IF(H63>=G63,G63/H63, IF(H63<G63,H63/G63)), 0%))) -> 0 | J63: 0.7 | K63: 0.9 | L63: =IF(E63="","",IF(I63<=J63,3,IF(I63<=K63,2,1))) | M63: s57 | O63: o57 | Q63: =IF(P63<>"","?","") | T63: =IF(OR(R63="Ja",R63="JA",R63="ja",R63="Oui",R63="OUI",R63="oui"),100%, IF(OR(R63="Nein",R63="NEIN",R63="nein",R63="Oon",R63="NON",R63="non"),0%, IF(R63<>0, IF(S63>=R63,R63/S63, IF(S63<R63,S63/R63)), 0%))) -> 0 | U63: 0.7 | V63: 0.9 | W63: =IF(P63="","",IF(T63<=U63,3,IF(T63<=V63,2,1)))
B64: 8 | M64: s58 | O64: o58 | Q64: =IF(P64<>"","?","") | T64: =IF(OR(R64="Ja",R64="JA",R64="ja",R64="Oui",R64="OUI",R64="oui"),100%, IF(OR(R64="Nein",R64="NEIN",R64="nein",R64="Oon",R64="NON",R64="non"),0%, IF(R64<>0, IF(S64>=R64,R64/S64, IF(S64<R64,S64/R64)), 0%))) -> 0 | U64: 0.7 | V64: 0.9 | W64: =IF(P64="","",IF(T64<=U64,3,IF(T64<=V64,2,1)))
B65: 8 | D65: i1 | F65: =IF(E65<>"","?","") | I65: =IF(OR(G65="Ja",G65="JA",G65="ja",G65="Oui",G65="OUI",G65="oui"),100%, IF(OR(G65="Nein",G65="NEIN",G65="nein",G65="Oon",G65="NON",G65="non"),0%, IF(G65<>0, IF(H65>=G65,G65/H65, IF(H65<G65,H65/G65)), 0%))) -> 0 | J65: 0.7 | K65: 0.9 | L65: =IF(E65="","",IF(I65<=J65,3,IF(I65<=K65,2,1))) | M65: s59 | O65: o59 | Q65: =IF(P65<>"","?","") | T65: =IF(OR(R65="Ja",R65="JA",R65="ja",R65="Oui",R65="OUI",R65="oui"),100%, IF(OR(R65="Nein",R65="NEIN",R65="nein",R65="Oon",R65="NON",R65="non"),0%, IF(R65<>0, IF(S65>=R65,R65/S65, IF(S65<R65,S65/R65)), 0%))) -> 0 | U65: 0.7 | V65: 0.9 | W65: =IF(P65="","",IF(T65<=U65,3,IF(T65<=V65,2,1)))
B66: 8 | M66: s60 | O66: o60 | Q66: =IF(P66<>"","?","") | T66: =IF(OR(R66="Ja",R66="JA",R66="ja",R66="Oui",R66="OUI",R66="oui"),100%, IF(OR(R66="Nein",R66="NEIN",R66="nein",R66="Oon",R66="NON",R66="non"),0%, IF(R66<>0, IF(S66>=R66,R66/S66, IF(S66<R66,S66/R66)), 0%))) -> 0 | U66: 0.7 | V66: 0.9 | W66: =IF(P66="","",IF(T66<=U66,3,IF(T66<=V66,2,1)))
B67: 8 | D67: i1 | F67: =IF(E67<>"","?","") | I67: =IF(OR(G67="Ja",G67="JA",G67="ja",G67="Oui",G67="OUI",G67="oui"),100%, IF(OR(G67="Nein",G67="NEIN",G67="nein",G67="Oon",G67="NON",G67="non"),0%, IF(G67<>0, IF(H67>=G67,G67/H67, IF(H67<G67,H67/G67)), 0%))) -> 0 | J67: 0.7 | K67: 0.9 | L67: =IF(E67="","",IF(I67<=J67,3,IF(I67<=K67,2,1))) | M67: s61 | O67: o61 | Q67: =IF(P67<>"","?","") | T67: =IF(OR(R67="Ja",R67="JA",R67="ja",R67="Oui",R67="OUI",R67="oui"),100%, IF(OR(R67="Nein",R67="NEIN",R67="nein",R67="Oon",R67="NON",R67="non"),0%, IF(R67<>0, IF(S67>=R67,R67/S67, IF(S67<R67,S67/R67)), 0%))) -> 0 | U67: 0.7 | V67: 0.9 | W67: =IF(P67="","",IF(T67<=U67,3,IF(T67<=V67,2,1)))
B68: 8 | M68: s62 | O68: o62 | Q68: =IF(P68<>"","?","") | T68: =IF(OR(R68="Ja",R68="JA",R68="ja",R68="Oui",R68="OUI",R68="oui"),100%, IF(OR(R68="Nein",R68="NEIN",R68="nein",R68="Oon",R68="NON",R68="non"),0%, IF(R68<>0, IF(S68>=R68,R68/S68, IF(S68<R68,S68/R68)), 0%))) -> 0 | U68: 0.7 | V68: 0.9 | W68: =IF(P68="","",IF(T68<=U68,3,IF(T68<=V68,2,1)))
B69: 8 | D69: i1 | F69: =IF(E69<>"","?","") | I69: =IF(OR(G69="Ja",G69="JA",G69="ja",G69="Oui",G69="OUI",G69="oui"),100%, IF(OR(G69="Nein",G69="NEIN",G69="nein",G69="Oon",G69="NON",G69="non"),0%, IF(G69<>0, IF(H69>=G69,G69/H69, IF(H69<G69,H69/G69)), 0%))) -> 0 | J69: 0.7 | K69: 0.9 | L69: =IF(E69="","",IF(I69<=J69,3,IF(I69<=K69,2,1))) | M69: s63 | O69: o63 | Q69: =IF(P69<>"","?","") | T69: =IF(OR(R69="Ja",R69="JA",R69="ja",R69="Oui",R69="OUI",R69="oui"),100%, IF(OR(R69="Nein",R69="NEIN",R69="nein",R69="Oon",R69="NON",R69="non"),0%, IF(R69<>0, IF(S69>=R69,R69/S69, IF(S69<R69,S69/R69)), 0%))) -> 0 | U69: 0.7 | V69: 0.9 | W69: =IF(P69="","",IF(T69<=U69,3,IF(T69<=V69,2,1)))
B70: 8 | M70: s64 | O70: o64 | Q70: =IF(P70<>"","?","") | T70: =IF(OR(R70="Ja",R70="JA",R70="ja",R70="Oui",R70="OUI",R70="oui"),100%, IF(OR(R70="Nein",R70="NEIN",R70="nein",R70="Oon",R70="NON",R70="non"),0%, IF(R70<>0, IF(S70>=R70,R70/S70, IF(S70<R70,S70/R70)), 0%))) -> 0 | U70: 0.7 | V70: 0.9 | W70: =IF(P70="","",IF(T70<=U70,3,IF(T70<=V70,2,1)))
B71: 9 | C71: 9 | D71: i1 | F71: =IF(E71<>"","?","") | I71: =IF(OR(G71="Ja",G71="JA",G71="ja",G71="Oui",G71="OUI",G71="oui"),100%, IF(OR(G71="Nein",G71="NEIN",G71="nein",G71="Oon",G71="NON",G71="non"),0%, IF(G71<>0, IF(H71>=G71,G71/H71, IF(H71<G71,H71/G71)), 0%))) -> 0 | J71: 0.7 | K71: 0.9 | L71: =IF(E71="","",IF(I71<=J71,3,IF(I71<=K71,2,1))) | M71: s65 | O71: o65 | Q71: =IF(P71<>"","?","") | T71: =IF(OR(R71="Ja",R71="JA",R71="ja",R71="Oui",R71="OUI",R71="oui"),100%, IF(OR(R71="Nein",R71="NEIN",R71="nein",R71="Oon",R71="NON",R71="non"),0%, IF(R71<>0, IF(S71>=R71,R71/S71, IF(S71<R71,S71/R71)), 0%))) -> 0 | U71: 0.7 | V71: 0.9 | W71: =IF(P71="","",IF(T71<=U71,3,IF(T71<=V71,2,1)))
B72: 9 | M72: s66 | O72: o66 | Q72: =IF(P72<>"","?","") | T72: =IF(OR(R72="Ja",R72="JA",R72="ja",R72="Oui",R72="OUI",R72="oui"),100%, IF(OR(R72="Nein",R72="NEIN",R72="nein",R72="Oon",R72="NON",R72="non"),0%, IF(R72<>0, IF(S72>=R72,R72/S72, IF(S72<R72,S72/R72)), 0%))) -> 0 | U72: 0.7 | V72: 0.9 | W72: =IF(P72="","",IF(T72<=U72,3,IF(T72<=V72,2,1)))
B73: 9 | D73: i1 | F73: =IF(E73<>"","?","") | I73: =IF(OR(G73="Ja",G73="JA",G73="ja",G73="Oui",G73="OUI",G73="oui"),100%, IF(OR(G73="Nein",G73="NEIN",G73="nein",G73="Oon",G73="NON",G73="non"),0%, IF(G73<>0, IF(H73>=G73,G73/H73, IF(H73<G73,H73/G73)), 0%))) -> 0 | J73: 0.7 | K73: 0.9 | L73: =IF(E73="","",IF(I73<=J73,3,IF(I73<=K73,2,1))) | M73: s67 | O73: o67 | Q73: =IF(P73<>"","?","") | T73: =IF(OR(R73="Ja",R73="JA",R73="ja",R73="Oui",R73="OUI",R73="oui"),100%, IF(OR(R73="Nein",R73="NEIN",R73="nein",R73="Oon",R73="NON",R73="non"),0%, IF(R73<>0, IF(S73>=R73,R73/S73, IF(S73<R73,S73/R73)), 0%))) -> 0 | U73: 0.7 | V73: 0.9 | W73: =IF(P73="","",IF(T73<=U73,3,IF(T73<=V73,2,1)))
B74: 9 | M74: s68 | O74: o68 | Q74: =IF(P74<>"","?","") | T74: =IF(OR(R74="Ja",R74="JA",R74="ja",R74="Oui",R74="OUI",R74="oui"),100%, IF(OR(R74="Nein",R74="NEIN",R74="nein",R74="Oon",R74="NON",R74="non"),0%, IF(R74<>0, IF(S74>=R74,R74/S74, IF(S74<R74,S74/R74)), 0%))) -> 0 | U74: 0.7 | V74: 0.9 | W74: =IF(P74="","",IF(T74<=U74,3,IF(T74<=V74,2,1)))
B75: 9 | D75: i1 | F75: =IF(E75<>"","?","") | I75: =IF(OR(G75="Ja",G75="JA",G75="ja",G75="Oui",G75="OUI",G75="oui"),100%, IF(OR(G75="Nein",G75="NEIN",G75="nein",G75="Oon",G75="NON",G75="non"),0%, IF(G75<>0, IF(H75>=G75,G75/H75, IF(H75<G75,H75/G75)), 0%))) -> 0 | J75: 0.7 | K75: 0.9 | L75: =IF(E75="","",IF(I75<=J75,3,IF(I75<=K75,2,1))) | M75: s69 | O75: o69 | Q75: =IF(P75<>"","?","") | T75: =IF(OR(R75="Ja",R75="JA",R75="ja",R75="Oui",R75="OUI",R75="oui"),100%, IF(OR(R75="Nein",R75="NEIN",R75="nein",R75="Oon",R75="NON",R75="non"),0%, IF(R75<>0, IF(S75>=R75,R75/S75, IF(S75<R75,S75/R75)), 0%))) -> 0 | U75: 0.7 | V75: 0.9 | W75: =IF(P75="","",IF(T75<=U75,3,IF(T75<=V75,2,1)))
B76: 9 | M76: s70 | O76: o70 | Q76: =IF(P76<>"","?","") | T76: =IF(OR(R76="Ja",R76="JA",R76="ja",R76="Oui",R76="OUI",R76="oui"),100%, IF(OR(R76="Nein",R76="NEIN",R76="nein",R76="Oon",R76="NON",R76="non"),0%, IF(R76<>0, IF(S76>=R76,R76/S76, IF(S76<R76,S76/R76)), 0%))) -> 0 | U76: 0.7 | V76: 0.9 | W76: =IF(P76="","",IF(T76<=U76,3,IF(T76<=V76,2,1)))
B77: 9 | D77: i1 | F77: =IF(E77<>"","?","") | I77: =IF(OR(G77="Ja",G77="JA",G77="ja",G77="Oui",G77="OUI",G77="oui"),100%, IF(OR(G77="Nein",G77="NEIN",G77="nein",G77="Oon",G77="NON",G77="non"),0%, IF(G77<>0, IF(H77>=G77,G77/H77, IF(H77<G77,H77/G77)), 0%))) -> 0 | J77: 0.7 | K77: 0.9 | L77: =IF(E77="","",IF(I77<=J77,3,IF(I77<=K77,2,1))) | M77: s71 | O77: o71 | Q77: =IF(P77<>"","?","") | T77: =IF(OR(R77="Ja",R77="JA",R77="ja",R77="Oui",R77="OUI",R77="oui"),100%, IF(OR(R77="Nein",R77="NEIN",R77="nein",R77="Oon",R77="NON",R77="non"),0%, IF(R77<>0, IF(S77>=R77,R77/S77, IF(S77<R77,S77/R77)), 0%))) -> 0 | U77: 0.7 | V77: 0.9 | W77: =IF(P77="","",IF(T77<=U77,3,IF(T77<=V77,2,1)))
B78: 9 | M78: s72 | O78: o72 | Q78: =IF(P78<>"","?","") | T78: =IF(OR(R78="Ja",R78="JA",R78="ja",R78="Oui",R78="OUI",R78="oui"),100%, IF(OR(R78="Nein",R78="NEIN",R78="nein",R78="Oon",R78="NON",R78="non"),0%, IF(R78<>0, IF(S78>=R78,R78/S78, IF(S78<R78,S78/R78)), 0%))) -> 0 | U78: 0.7 | V78: 0.9 | W78: =IF(P78="","",IF(T78<=U78,3,IF(T78<=V78,2,1)))
B79: 10 | C79: 10 | D79: i1 | M79: s73 | O79: o73
B80: 10 | C80: 10 | F80: =IF(E80<>"","?","") | I80: =IF(OR(G80="Ja",G80="JA",G80="ja",G80="Oui",G80="OUI",G80="oui"),100%, IF(OR(G80="Nein",G80="NEIN",G80="nein",G80="Oon",G80="NON",G80="non"),0%, IF(G80<>0, IF(H80>=G80,G80/H80, IF(H80<G80,H80/G80)), 0%))) -> 0 | J80: 0.7 | K80: 0.9 | L80: =IF(E80="","",IF(I80<=J80,3,IF(I80<=K80,2,1))) | M80: s74 | O80: o74 | Q80: =IF(P80<>"","?","") | T80: =IF(OR(R80="Ja",R80="JA",R80="ja",R80="Oui",R80="OUI",R80="oui"),100%, IF(OR(R80="Nein",R80="NEIN",R80="nein",R80="Oon",R80="NON",R80="non"),0%, IF(R80<>0, IF(S80>=R80,R80/S80, IF(S80<R80,S80/R80)), 0%))) -> 0 | U80: 0.7 | V80: 0.9 | W80: =IF(P80="","",IF(T80<=U80,3,IF(T80<=V80,2,1)))
B81: 10 | D81: i1 | M81: s75 | O81: o75 | Q81: =IF(P81<>"","?","") | T81: =IF(OR(R81="Ja",R81="JA",R81="ja",R81="Oui",R81="OUI",R81="oui"),100%, IF(OR(R81="Nein",R81="NEIN",R81="nein",R81="Oon",R81="NON",R81="non"),0%, IF(R81<>0, IF(S81>=R81,R81/S81, IF(S81<R81,S81/R81)), 0%))) -> 0 | U81: 0.7 | V81: 0.9 | W81: =IF(P81="","",IF(T81<=U81,3,IF(T81<=V81,2,1)))
B82: 10 | F82: =IF(E82<>"","?","") | I82: =IF(OR(G82="Ja",G82="JA",G82="ja",G82="Oui",G82="OUI",G82="oui"),100%, IF(OR(G82="Nein",G82="NEIN",G82="nein",G82="Oon",G82="NON",G82="non"),0%, IF(G82<>0, IF(H82>=G82,G82/H82, IF(H82<G82,H82/G82)), 0%))) -> 0 | J82: 0.7 | K82: 0.9 | L82: =IF(E82="","",IF(I82<=J82,3,IF(I82<=K82,2,1))) | M82: s76 | O82: o76 | Q82: =IF(P82<>"","?","") | T82: =IF(OR(R82="Ja",R82="JA",R82="ja",R82="Oui",R82="OUI",R82="oui"),100%, IF(OR(R82="Nein",R82="NEIN",R82="nein",R82="Oon",R82="NON",R82="non"),0%, IF(R82<>0, IF(S82>=R82,R82/S82, IF(S82<R82,S82/R82)), 0%))) -> 0 | U82: 0.7 | V82: 0.9 | W82: =IF(P82="","",IF(T82<=U82,3,IF(T82<=V82,2,1)))
B83: 10 | D83: i1 | M83: s77 | O83: o77 | Q83: =IF(P83<>"","?","") | T83: =IF(OR(R83="Ja",R83="JA",R83="ja",R83="Oui",R83="OUI",R83="oui"),100%, IF(OR(R83="Nein",R83="NEIN",R83="nein",R83="Oon",R83="NON",R83="non"),0%, IF(R83<>0, IF(S83>=R83,R83/S83, IF(S83<R83,S83/R83)), 0%))) -> 0 | U83: 0.7 | V83: 0.9 | W83: =IF(P83="","",IF(T83<=U83,3,IF(T83<=V83,2,1)))
B84: 10 | F84: =IF(E84<>"","?","") | I84: =IF(OR(G84="Ja",G84="JA",G84="ja",G84="Oui",G84="OUI",G84="oui"),100%, IF(OR(G84="Nein",G84="NEIN",G84="nein",G84="Oon",G84="NON",G84="non"),0%, IF(G84<>0, IF(H84>=G84,G84/H84, IF(H84<G84,H84/G84)), 0%))) -> 0 | J84: 0.7 | K84: 0.9 | L84: =IF(E84="","",IF(I84<=J84,3,IF(I84<=K84,2,1))) | M84: s78 | O84: o78 | Q84: =IF(P84<>"","?","") | T84: =IF(OR(R84="Ja",R84="JA",R84="ja",R84="Oui",R84="OUI",R84="oui"),100%, IF(OR(R84="Nein",R84="NEIN",R84="nein",R84="Oon",R84="NON",R84="non"),0%, IF(R84<>0, IF(S84>=R84,R84/S84, IF(S84<R84,S84/R84)), 0%))) -> 0 | U84: 0.7 | V84: 0.9 | W84: =IF(P84="","",IF(T84<=U84,3,IF(T84<=V84,2,1)))
B85: 10 | D85: i1 | M85: s79 | O85: o79 | Q85: =IF(P85<>"","?","") | T85: =IF(OR(R85="Ja",R85="JA",R85="ja",R85="Oui",R85="OUI",R85="oui"),100%, IF(OR(R85="Nein",R85="NEIN",R85="nein",R85="Oon",R85="NON",R85="non"),0%, IF(R85<>0, IF(S85>=R85,R85/S85, IF(S85<R85,S85/R85)), 0%))) -> 0 | U85: 0.7 | V85: 0.9 | W85: =IF(P85="","",IF(T85<=U85,3,IF(T85<=V85,2,1)))
B86: 10 | F86: =IF(E86<>"","?","") | I86: =IF(OR(G86="Ja",G86="JA",G86="ja",G86="Oui",G86="OUI",G86="oui"),100%, IF(OR(G86="Nein",G86="NEIN",G86="nein",G86="Oon",G86="NON",G86="non"),0%, IF(G86<>0, IF(H86>=G86,G86/H86, IF(H86<G86,H86/G86)), 0%))) -> 0 | J86: 0.7 | K86: 0.9 | L86: =IF(E86="","",IF(I86<=J86,3,IF(I86<=K86,2,1))) | M86: s80 | O86: o80 | Q86: =IF(P86<>"","?","") | T86: =IF(OR(R86="Ja",R86="JA",R86="ja",R86="Oui",R86="OUI",R86="oui"),100%, IF(OR(R86="Nein",R86="NEIN",R86="nein",R86="Oon",R86="NON",R86="non"),0%, IF(R86<>0, IF(S86>=R86,R86/S86, IF(S86<R86,S86/R86)), 0%))) -> 0 | U86: 0.7 | V86: 0.9 | W86: =IF(P86="","",IF(T86<=U86,3,IF(T86<=V86,2,1)))
A87: =IF($C$87="","","ok") -> ok | C87: © iManagement • s.imboden • www.2iManagement.ch

Sheet KostenNutzen
B1: =' '!A157 -> C O Û T S - A V A N T A G E
B4: =' '!A53 -> No. | C4: =' '!A161 -> Innovation | D4: =' '!A162 -> Coûts | E4: =' '!A158 -> Avantages | F4: =' '!A163 -> Efforts | H4: =' '!A164 -> Remarques | I4: =' '!A59 -> Statut
B5: I1 | C5: Innovation 1 | D5: 4 | E5: 7 | F5: 2 | G5: =IF(F5=4,' '!$A$165, IF(F5=3,' '!$A$166, IF(F5=2,' '!$A$167, IF(F5=1,' '!$A$168,"")))) -> Innovation processus | I5: 2
B6: I2 | C6: Innovation 2 | D6: 9 | E6: 7 | F6: 2 | G6: =IF(F6=4,' '!$A$165, IF(F6=3,' '!$A$166, IF(F6=2,' '!$A$167, IF(F6=1,' '!$A$168,"")))) -> Innovation processus | I6: 3
B7: I3 | D7: 1 | E7: 2 | F7: 4 | G7: =IF(F7=4,' '!$A$165, IF(F7=3,' '!$A$166, IF(F7=2,' '!$A$167, IF(F7=1,' '!$A$168,"")))) -> Innovation produit
B8: I4 | G8: =IF(F8=4,' '!$A$165, IF(F8=3,' '!$A$166, IF(F8=2,' '!$A$167, IF(F8=1,' '!$A$168,""))))
B9: I5 | G9: =IF(F9=4,' '!$A$165, IF(F9=3,' '!$A$166, IF(F9=2,' '!$A$167, IF(F9=1,' '!$A$168,""))))
B10: I6 | G10: =IF(F10=4,' '!$A$165, IF(F10=3,' '!$A$166, IF(F10=2,' '!$A$167, IF(F10=1,' '!$A$168,""))))
B11: I7 | G11: =IF(F11=4,' '!$A$165, IF(F11=3,' '!$A$166, IF(F11=2,' '!$A$167, IF(F11=1,' '!$A$168,""))))
B12: I8 | G12: =IF(F12=4,' '!$A$165, IF(F12=3,' '!$A$166, IF(F12=2,' '!$A$167, IF(F12=1,' '!$A$168,""))))
B13: I9 | G13: =IF(F13=4,' '!$A$165, IF(F13=3,' '!$A$166, IF(F13=2,' '!$A$167, IF(F13=1,' '!$A$168,""))))
B14: I10 | G14: =IF(F14=4,' '!$A$165, IF(F14=3,' '!$A$166, IF(F14=2,' '!$A$167, IF(F14=1,' '!$A$168,""))))
B15: I11 | G15: =IF(F15=4,' '!$A$165, IF(F15=3,' '!$A$166, IF(F15=2,' '!$A$167, IF(F15=1,' '!$A$168,""))))
B16: I12 | G16: =IF(F16=4,' '!$A$165, IF(F16=3,' '!$A$166, IF(F16=2,' '!$A$167, IF(F16=1,' '!$A$168,""))))
B17: I13 | G17: =IF(F17=4,' '!$A$165, IF(F17=3,' '!$A$166, IF(F17=2,' '!$A$167, IF(F17=1,' '!$A$168,""))))
B18: I14 | G18: =IF(F18=4,' '!$A$165, IF(F18=3,' '!$A$166, IF(F18=2,' '!$A$167, IF(F18=1,' '!$A$168,""))))
B19: I15 | G19: =IF(F19=4,' '!$A$165, IF(F19=3,' '!$A$166, IF(F19=2,' '!$A$167, IF(F19=1,' '!$A$168,""))))
... B24: I20 | G24: =IF(F24=4,' '!$A$165, IF(F24=3,' '!$A$166, IF(F24=2,' '!$A$167, IF(F24=1,' '!$A$168,""))))
B25: © iManagement • s.imboden • www.2iManagement.ch

Sheet MatrixIdee
B1: =' '!A336 -> M A T R I C E D E C O M P A R A I S O N D' I D É E S
D4: =E15 -> Idee 1 | E4: =G15 -> Idee 2 | F4: =I15 -> ? | G4: =K15 -> ? | H4: =M15 -> ? | I4: =O15 -> ?
C5: =C17 -> Kriterium 1 | D5: =F17 -> 100 | E5: =H17 -> 40 | F5: =J17 -> 40 | G5: =L17 -> 40 | H5: =N17 -> 40 | I5: =P17 -> 40
C6: =C18 -> Kriterium 2 | D6: =F18 -> 25 | E6: =H18 -> 25 | F6: =J18 -> 25 | G6: =L18 -> 25 | H6: =N18 -> 25 | I6: =P18 -> 25
C7: =C19 -> ? | D7: =F19 -> 25 | E7: =H19 -> 25 | F7: =J19 -> 25 | G7: =L19 -> 25 | H7: =N19 -> 25 | I7: =P19 -> 25
C8: =C20 -> ? | D8: =F20 -> 81 | E8: =H20 -> 81 | F8: =J20 -> 54 | G8: =L20 -> 36 | H8: =N20 -> 9 | I8: =P20 -> 18
C9: =C21 -> ? | D9: =F21 -> 16 | E9: =H21 -> 16 | F9: =J21 -> 16 | G9: =L21 -> 16 | H9: =N21 -> 16 | I9: =P21 -> 16
C10: =C22 -> ? | D10: =F22 -> 35 | E10: =H22 -> 30 | F10: =J22 -> 35 | G10: =L22 -> 30 | H10: =N22 -> 30 | I10: =P22 -> 30
A11: x!A192 | C11: =C23 -> ? | D11: =F23 -> 9 | E11: =H23 -> 9 | F11: =J23 -> 9 | G11: =L23 -> 9 | H11: =N23 -> 9 | I11: =P23 -> 27
C12: =C24 -> ? | D12: =F24 -> 20 | E12: =H24 -> 20 | F12: =J24 -> 20 | G12: =L24 -> 20 | H12: =N24 -> 20 | I12: =P24 -> 50
B15: =' '!A468 -> No. | D15: =' '!A339 -> Pondération | E15: Idee 1 | G15: Idee 2 | I15: ? | K15: ? | M15: ? | O15: ?
E16: =' '!A340 -> Evaluation | F16: =' '!A341 -> Totale | G16: =E16 -> Evaluation | H16: =F16 -> Totale | I16: =E16 -> Evaluation | J16: =F16 -> Totale | K16: =E16 -> Evaluation | L16: =F16 -> Totale | M16: =E16 -> Evaluation | N16: =F16 -> Totale | O16: =E16 -> Evaluation | P16: =F16 -> Totale
B17: 1 | C17: Kriterium 1 | D17: 10 | E17: 10 | F17: =E17*D17 -> 100 | G17: 4 | H17: =D17*G17 -> 40 | I17: 4 | J17: =D17*I17 -> 40 | K17: 4 | L17: =D17*K17 -> 40 | M17: 4 | N17: =D17*M17 -> 40 | O17: 4 | P17: =D17*O17 -> 40
B18: 2 | C18: Kriterium 2 | D18: 5 | E18: 5 | F18: =E18*D18 -> 25 | G18: 5 | H18: =D18*G18 -> 25 | I18: 5 | J18: =D18*I18 -> 25 | K18: 5 | L18: =D18*K18 -> 25 | M18: 5 | N18: =D18*M18 -> 25 | O18: 5 | P18: =D18*O18 -> 25
B19: 3 | C19: ? | D19: 5 | E19: 5 | F19: =E19*D19 -> 25 | G19: 5 | H19: =D19*G19 -> 25 | I19: 5 | J19: =D19*I19 -> 25 | K19: 5 | L19: =D19*K19 -> 25 | M19: 5 | N19: =D19*M19 -> 25 | O19: 5 | P19: =D19*O19 -> 25
B20: 4 | C20: ? | D20: 9 | E20: 9 | F20: =E20*D20 -> 81 | G20: 9 | H20: =D20*G20 -> 81 | I20: 6 | J20: =D20*I20 -> 54 | K20: 4 | L20: =D20*K20 -> 36 | M20: 1 | N20: =D20*M20 -> 9 | O20: 2 | P20: =D20*O20 -> 18
B21: 5 | C21: ? | D21: 4 | E21: 4 | F21: =E21*D21 -> 16 | G21: 4 | H21: =D21*G21 -> 16 | I21: 4 | J21: =D21*I21 -> 16 | K21: 4 | L21: =D21*K21 -> 16 | M21: 4 | N21: =D21*M21 -> 16 | O21: 4 | P21: =D21*O21 -> 16
B22: 6 | C22: ? | D22: 5 | E22: 7 | F22: =E22*D22 -> 35 | G22: 6 | H22: =D22*G22 -> 30 | I22: 7 | J22: =D22*I22 -> 35 | K22: 6 | L22: =D22*K22 -> 30 | M22: 6 | N22: =D22*M22 -> 30 | O22: 6 | P22: =D22*O22 -> 30
B23: 7 | C23: ? | D23: 3 | E23: 3 | F23: =E23*D23 -> 9 | G23: 3 | H23: =D23*G23 -> 9 | I23: 3 | J23: =D23*I23 -> 9 | K23: 3 | L23: =D23*K23 -> 9 | M23: 3 | N23: =D23*M23 -> 9 | O23: 9 | P23: =D23*O23 -> 27
B24: 8 | C24: ? | D24: 5 | E24: 4 | F24: =E24*D24 -> 20 | G24: 4 | H24: =D24*G24 -> 20 | I24: 4 | J24: =D24*I24 -> 20 | K24: 4 | L24: =D24*K24 -> 20 | M24: 4 | N24: =D24*M24 -> 20 | O24: 10 | P24: =D24*O24 -> 50
C25: =' '!A341 -> Totale | F25: =SUM(F17:F24) -> 311 | H25: =SUM(H17:H24) -> 246 | J25: =SUM(J17:J24) -> 224 | L25: =SUM(L17:L24) -> 201 | N25: =SUM(N17:N24) -> 174 | P25: =SUM(P17:P24) -> 231
B26: © iManagement • s.imboden • www.2iManagement.ch

Sheet KPI
B1: =' '!A352 -> É V A L U A T I O N D E S V A R I A N T E S
B3: =' '!A353 -> Domaine | C3: =' '!A354 -> Indicateur | D3: =' '!A355 -> Unité | E3: =' '!A356 -> Valeur actuelle | I3: =' '!A357 -> Amélioration / détérioration
G4: Idee 1 | H4: Idee 2 | I4: ? | J4: ? | K4: ?
B5: =' '!A359 -> Finances | C5: Umsatz | D5: Mio. SFr. | E5: 200 | F5: =' '!A358 -> absolue | G5: 20 | H5: -50 | I5: 15 | J5: 17 | K5: 19
F6: % | G6: =IF(AND(G5<>"",E5<>""),G5/$E5,"") -> 0.1 | H6: =IF(AND(H5<>"",E5<>""),H5/$E5,"") -> -0.25 | I6: =IF(AND(I5<>"",E5<>""),I5/$E5,"") -> 0.075 | J6: =IF(AND(J5<>"",E5<>""),J5/$E5,"") -> 0.085 | K6: =IF(AND(K5<>"",E5<>""),K5/$E5,"") -> 0.095
C7: Gewinnmarge | D7: % | E7: 0.53 | F7: =$F$5 -> absolue | G7: 0.01 | H7: 0.03 | I7: 0.02 | J7: 0.05 | K7: -0.02
F8: % | G8: =IF(AND(G7<>"",E7<>""),G7/$E7,"") -> 0.018867925 | H8: =IF(AND(H7<>"",E7<>""),H7/$E7,"") -> 0.056603774 | I8: =IF(AND(I7<>"",E7<>""),I7/$E7,"") -> 0.037735849 | J8: =IF(AND(J7<>"",E7<>""),J7/$E7,"") -> 0.094339623 | K8: =IF(AND(K7<>"",E7<>""),K7/$E7,"") -> -0.037735849
C9: Vertriebskosten | D9: Mio. SFr. | E9: 57 | F9: =$F$5 -> absolue | G9: 20 | H9: 300 | I9: 25 | J9: 30 | K9: 50
F10: % | G10: =IF(AND(G9<>"",E9<>""),G9/$E9,"") -> 0.35087719 | H10: =IF(AND(H9<>"",E9<>""),H9/$E9,"") -> 5.2631579 | I10: =IF(AND(I9<>"",E9<>""),I9/$E9,"") -> 0.43859649 | J10: =IF(AND(J9<>"",E9<>""),J9/$E9,"") -> 0.52631579 | K10: =IF(AND(K9<>"",E9<>""),K9/$E9,"") -> 0.87719298
C11: ?? | D11: Mio. SFr. | F11: =$F$5 -> absolue | G11: 1 | H11: 2 | I11: 10 | J11: 0.5 | K11: 0.3
F12: % | G12: =IF(AND(G11<>"",E11<>""),G11/$E11,"") | H12: =IF(AND(H11<>"",E11<>""),H11/$E11,"") | I12: =IF(AND(I11<>"",E11<>""),I11/$E11,"") | J12: =IF(AND(J11<>"",E11<>""),J11/$E11,"") | K12: =IF(AND(K11<>"",E11<>""),K11/$E11,"")
B13: =' '!A360 -> Clients | C13: Anzahl Kunden | D13: STK | E13: 1270 | F13: =$F$5 -> absolue
F14: % | G14: =IF(AND(G13<>"",E13<>""),G13/$E13,"") | H14: =IF(AND(H13<>"",E13<>""),H13/$E13,"") | I14: =IF(AND(I13<>"",E13<>""),I13/$E13,"") | J14: =IF(AND(J13<>"",E13<>""),J13/$E13,"") | K14: =IF(AND(K13<>"",E13<>""),K13/$E13,"")
C15: Kundenzufriedenheit | D15: Quotient | E15: 5 | F15: =$F$5 -> absolue
F16: % | G16: =IF(AND(G15<>"",E15<>""),G15/$E15,"") | H16: =IF(AND(H15<>"",E15<>""),H15/$E15,"") | I16: =IF(AND(I15<>"",E15<>""),I15/$E15,"") | J16: =IF(AND(J15<>"",E15<>""),J15/$E15,"") | K16: =IF(AND(K15<>"",E15<>""),K15/$E15,"")
F17: =$F$5 -> absolue
F18: % | G18: =IF(AND(G17<>"",E17<>""),G17/$E17,"") | H18: =IF(AND(H17<>"",E17<>""),H17/$E17,"") | I18: =IF(AND(I17<>"",E17<>""),I17/$E17,"") | J18: =IF(AND(J17<>"",E17<>""),J17/$E17,"") | K18: =IF(AND(K17<>"",E17<>""),K17/$E17,"")
F19: =$F$5 -> absolue
F20: % | G20: =IF(AND(G19<>"",E19<>""),G19/$E19,"") | H20: =IF(AND(H19<>"",E19<>""),H19/$E19,"") | I20: =IF(AND(I19<>"",E19<>""),I19/$E19,"") | J20: =IF(AND(J19<>"",E19<>""),J19/$E19,"") | K20: =IF(AND(K19<>"",E19<>""),K19/$E19,"")
B21: ? | F21: =$F$5 -> absolue
F22: % | G22: =IF(AND(G21<>"",E21<>""),G21/$E21,"") | H22: =IF(AND(H21<>"",E21<>""),H21/$E21,"") | I22: =IF(AND(I21<>"",E21<>""),I21/$E21,"") | J22: =IF(AND(J21<>"",E21<>""),J21/$E21,"") | K22: =IF(AND(K21<>"",E21<>""),K21/$E21,"")
F23: =$F$5 -> absolue
F24: % | G24: =IF(AND(G23<>"",E23<>""),G23/$E23,"") | H24: =IF(AND(H23<>"",E23<>""),H23/$E23,"") | I24: =IF(AND(I23<>"",E23<>""),I23/$E23,"") | J24: =IF(AND(J23<>"",E23<>""),J23/$E23,"") | K24: =IF(AND(K23<>"",E23<>""),K23/$E23,"")
F25: =$F$5 -> absolue
F26: % | G26: =IF(AND(G25<>"",E25<>""),G25/$E25,"") | H26: =IF(AND(H25<>"",E25<>""),H25/$E25,"") | I26: =IF(AND(I25<>"",E25<>""),I25/$E25,"") | J26: =IF(AND(J25<>"",E25<>""),J25/$E25,"") | K26: =IF(AND(K25<>"",E25<>""),K25/$E25,"")
F27: =$F$5 -> absolue
F28: % | G28: =IF(AND(G27<>"",E27<>""),G27/$E27,"") | H28: =IF(AND(H27<>"",E27<>""),H27/$E27,"") | I28: =IF(AND(I27<>"",E27<>""),I27/$E27,"") | J28: =IF(AND(J27<>"",E27<>""),J27/$E27,"") | K28: =IF(AND(K27<>"",E27<>""),K27/$E27,"")
B29: ? | F29: =$F$5 -> absolue
F30: % | G30: =IF(AND(G29<>"",E29<>""),G29/$E29,"") | H30: =IF(AND(H29<>"",E29<>""),H29/$E29,"") | I30: =IF(AND(I29<>"",E29<>""),I29/$E29,"") | J30: =IF(AND(J29<>"",E29<>""),J29/$E29,"") | K30: =IF(AND(K29<>"",E29<>""),K29/$E29,"")
F31: =$F$5 -> absolue
F32: % | G32: =IF(AND(G31<>"",E31<>""),G31/$E31,"") | H32: =IF(AND(H31<>"",E31<>""),H31/$E31,"") | I32: =IF(AND(I31<>"",E31<>""),I31/$E31,"") | J32: =IF(AND(J31<>"",E31<>""),J31/$E31,"") | K32: =IF(AND(K31<>"",E31<>""),K31/$E31,"")
F33: =$F$5 -> absolue
F34: % | G34: =IF(AND(G33<>"",E33<>""),G33/$E33,"") | H34: =IF(AND(H33<>"",E33<>""),H33/$E33,"") | I34: =IF(AND(I33<>"",E33<>""),I33/$E33,"") | J34: =IF(AND(J33<>"",E33<>""),J33/$E33,"") | K34: =IF(AND(K33<>"",E33<>""),K33/$E33,"")
F35: =$F$5 -> absolue
F36: % | G36: =IF(AND(G35<>"",E35<>""),G35/$E35,"") | H36: =IF(AND(H35<>"",E35<>""),H35/$E35,"") | I36: =IF(AND(I35<>"",E35<>""),I35/$E35,"") | J36: =IF(AND(J35<>"",E35<>""),J35/$E35,"") | K36: =IF(AND(K35<>"",E35<>""),K35/$E35,"")
B37: © iManagement • s.imboden • www.2iManagement.ch

Sheet Nutzen
B1: =' '!A410 -> P L U S V A L U E
B2: =' '!A399 -> du: | C2: 41640 | D2: =' '!A400 -> au: | E2: 42004
B4: =' '!A349 -> Ranking | C4: =' '!A411 -> Idées | D4: =' '!A412 -> Plus-value pour clients | E4: =' '!A414 -> Économies | F4: =' '!A416 -> Investisse-ments | G4: =' '!A413 -> Remarques | H4: =' '!A397 -> Statut
B5: =IF(D5="","",RANK(D5,D$5:D$24)+COUNTIF(D$5:D5,D5)-1) -> 3 | C5: Idee 1 | D5: 2 | E5: 4 | F5: 1 | H5: 2
B6: =IF(D6="","",RANK(D6,D$5:D$24)+COUNTIF(D$5:D6,D6)-1) -> 2 | C6: Idee 2 | D6: 6 | E6: 6 | F6: 2 | H6: 1
B7: =IF(D7="","",RANK(D7,D$5:D$24)+COUNTIF(D$5:D7,D7)-1) -> 1 | C7: Idee 3 | D7: 10 | E7: 4 | F7: 3
B8: =IF(D8="","",RANK(D8,D$5:D$24)+COUNTIF(D$5:D8,D8)-1) | C8: Idee 4
B9: =IF(D9="","",RANK(D9,D$5:D$24)+COUNTIF(D$5:D9,D9)-1) | C9: Idee 5
B10: =IF(D10="","",RANK(D10,D$5:D$24)+COUNTIF(D$5:D10,D10)-1) | C10: Idee 6
B11: =IF(D11="","",RANK(D11,D$5:D$24)+COUNTIF(D$5:D11,D11)-1) | C11: Idee 7
B12: =IF(D12="","",RANK(D12,D$5:D$24)+COUNTIF(D$5:D12,D12)-1) | C12: Idee 8
B13: =IF(D13="","",RANK(D13,D$5:D$24)+COUNTIF(D$5:D13,D13)-1) | C13: Idee 9
B14: =IF(D14="","",RANK(D14,D$5:D$24)+COUNTIF(D$5:D14,D14)-1) | C14: Idee 10
B15: =IF(D15="","",RANK(D15,D$5:D$24)+COUNTIF(D$5:D15,D15)-1) | C15: Idee 11
B16: =IF(D16="","",RANK(D16,D$5:D$24)+COUNTIF(D$5:D16,D16)-1) | C16: Idee 12
B17: =IF(D17="","",RANK(D17,D$5:D$24)+COUNTIF(D$5:D17,D17)-1) | C17: Idee 13
B18: =IF(D18="","",RANK(D18,D$5:D$24)+COUNTIF(D$5:D18,D18)-1) | C18: Idee 14
B19: =IF(D19="","",RANK(D19,D$5:D$24)+COUNTIF(D$5:D19,D19)-1) | C19: Idee 15
... B24: =IF(D24="","",RANK(D24,D$5:D$24)+COUNTIF(D$5:D24,D24)-1) | C24: Idee 20
B25: © iManagement • s.imboden • www.2iManagement.ch
B28: Pareto X Axis | C28: Bars | D28: Ordered Rank | E28: Percentage
B29: =IF(D5="","",INDEX($B$5:$D$24,MATCH(D29,$B$5:$B$24,0),2)) -> Idee 3 | C29: =IF(D5="","",INDEX($B$5:$D$24,MATCH(D29,$B$5:$B$24,0),3)) -> 10 | D29: 1 | E29: =IF(C29="","",C29/SUM($C$29:$C$48)) -> 0.55555556
B30: =IF(D6="","",INDEX($B$5:$D$24,MATCH(D30,$B$5:$B$24,0),2)) -> Idee 2 | C30: =IF(D6="","",INDEX($B$5:$D$24,MATCH(D30,$B$5:$B$24,0),3)) -> 6 | D30: 2 | E30: =IF(C30="","",(C30/SUM($C$29:$C$48)+E29)) -> 0.88888889
B31: =IF(D7="","",INDEX($B$5:$D$24,MATCH(D31,$B$5:$B$24,0),2)) -> Idee 1 | C31: =IF(D7="","",INDEX($B$5:$D$24,MATCH(D31,$B$5:$B$24,0),3)) -> 2 | D31: 3 | E31: =IF(C31="","",(C31/SUM($C$29:$C$48)+E30)) -> 1
B32: =IF(D8="","",INDEX($B$5:$D$24,MATCH(D32,$B$5:$B$24,0),2)) | C32: =IF(D8="","",INDEX($B$5:$D$24,MATCH(D32,$B$5:$B$24,0),3)) | D32: 4 | E32: =IF(C32="","",(C32/SUM($C$29:$C$48)+E31))
B33: =IF(D9="","",INDEX($B$5:$D$24,MATCH(D33,$B$5:$B$24,0),2)) | C33: =IF(D9="","",INDEX($B$5:$D$24,MATCH(D33,$B$5:$B$24,0),3)) | D33: 5 | E33: =IF(C33="","",(C33/SUM($C$29:$C$48)+E32))
B34: =IF(D10="","",INDEX($B$5:$D$24,MATCH(D34,$B$5:$B$24,0),2)) | C34: =IF(D10="","",INDEX($B$5:$D$24,MATCH(D34,$B$5:$B$24,0),3)) | D34: 6 | E34: =IF(C34="","",(C34/SUM($C$29:$C$48)+E33))
B35: =IF(D11="","",INDEX($B$5:$D$24,MATCH(D35,$B$5:$B$24,0),2)) | C35: =IF(D11="","",INDEX($B$5:$D$24,MATCH(D35,$B$5:$B$24,0),3)) | D35: 7 | E35: =IF(C35="","",(C35/SUM($C$29:$C$48)+E34))
B36: =IF(D12="","",INDEX($B$5:$D$24,MATCH(D36,$B$5:$B$24,0),2)) | C36: =IF(D12="","",INDEX($B$5:$D$24,MATCH(D36,$B$5:$B$24,0),3)) | D36: 8 | E36: =IF(C36="","",(C36/SUM($C$29:$C$48)+E35))
B37: =IF(D13="","",INDEX($B$5:$D$24,MATCH(D37,$B$5:$B$24,0),2)) | C37: =IF(D13="","",INDEX($B$5:$D$24,MATCH(D37,$B$5:$B$24,0),3)) | D37: 9 | E37: =IF(C37="","",(C37/SUM($C$29:$C$48)+E36))
B38: =IF(D14="","",INDEX($B$5:$D$24,MATCH(D38,$B$5:$B$24,0),2)) | C38: =IF(D14="","",INDEX($B$5:$D$24,MATCH(D38,$B$5:$B$24,0),3)) | D38: 10 | E38: =IF(C38="","",(C38/SUM($C$29:$C$48)+E37))
B39: =IF(D15="","",INDEX($B$5:$D$24,MATCH(D39,$B$5:$B$24,0),2)) | C39: =IF(D15="","",INDEX($B$5:$D$24,MATCH(D39,$B$5:$B$24,0),3)) | D39: 11 | E39: =IF(C39="","",(C39/SUM($C$29:$C$48)+E38))
B40: =IF(D16="","",INDEX($B$5:$D$24,MATCH(D40,$B$5:$B$24,0),2)) | C40: =IF(D16="","",INDEX($B$5:$D$24,MATCH(D40,$B$5:$B$24,0),3)) | D40: 12 | E40: =IF(C40="","",(C40/SUM($C$29:$C$48)+E39))
B41: =IF(D17="","",INDEX($B$5:$D$24,MATCH(D41,$B$5:$B$24,0),2)) | C41: =IF(D17="","",INDEX($B$5:$D$24,MATCH(D41,$B$5:$B$24,0),3)) | D41: 13 | E41: =IF(C41="","",(C41/SUM($C$29:$C$48)+E40))
... B48: =IF(D24="","",INDEX($B$5:$D$24,MATCH(D48,$B$5:$B$24,0),2)) | C48: =IF(D24="","",INDEX($B$5:$D$24,MATCH(D48,$B$5:$B$24,0),3)) | D48: 20 | E48: =IF(C48="","",(C48/SUM($C$29:$C$48)+E47))

Sheet Kosten
B1: =' '!A175 -> C O Û T S D E L ' I N N O V A T I O N
B25: =' '!A179 -> No. | C25: =' '!A176 -> Coûts | D25: =' '!A177 -> en % | E25: =' '!A178 -> Influença-bilité? | F25: =' '!A181 -> Mesures | G25: =' '!A180 -> Statut
B26: 1 | C26: Coût 1 | D26: 0.8 | E26: 2 | G26: 2
B27: 2 | C27: Coût 2 | D27: 0.1
B28: 3
B29: 4
B30: 5
B31: 6
B32: 7
B33: 8
B34: 9
B35: 10
B36: 11
B37: 12
B38: 13
B39: 14
B40: 15
C41: TOTAL | D41: =SUM(D26:D40) -> 0.9
B42: © iManagement • s.imboden • www.2iManagement.ch

Sheet Cockpit
C1: =' '!A452 -> T A B L E A U D E B O R D I N N O V A T I O N
B5: =' '!A431 -> No. | C5: =' '!A439 -> Objectifs Innovation | D5: =B5 -> No. | E5: =' '!A440 -> Indicateurs | F5: =' '!A436 -> atteint | H5: =B5 -> No. | I5: =' '!A441 -> Projets | J5: Prio | K5: =' '!A445 -> Qui? | L5: =' '!A443 -> Début | M5: =' '!A444 -> Fin
B7: 1 | C7: =IF(Massnahmen!C7<>"",Massnahmen!C7,"") -> Ziel 1 | D7: i1 | E7: =IF(Massnahmen!E7<>"",Massnahmen!E7,"") -> Indikator 1 | F7: =Massnahmen!I7 -> 0.5 | G7: =Massnahmen!L7 -> 3 | H7: p1 | I7: Projet 1 | J7: 1 | N7: 3
B8: 1 | H8: p2 | J8: 2
B9: 1 | D9: i2 | E9: =IF(Massnahmen!E9<>"",Massnahmen!E9,"") | F9: =Massnahmen!I9 -> 0 | G9: =Massnahmen!L9 | H9: p3 | J9: 3
B10: 1 | H10: p4
B11: 1 | D11: i3 | E11: =IF(Massnahmen!E11<>"",Massnahmen!E11,"") | F11: =Massnahmen!I11 -> 0 | G11: =Massnahmen!L11 | H11: p5
B12: 1 | H12: p6
B13: 1 | D13: i4 | E13: =IF(Massnahmen!E13<>"",Massnahmen!E13,"") | F13: =Massnahmen!I13 -> 0 | G13: =Massnahmen!L13 | H13: p7
B14: 1 | H14: p8
B15: 2 | C15: =IF(Massnahmen!C15<>"",Massnahmen!C15,"") -> Ziel 2 | D15: i5 | E15: =IF(Massnahmen!E15<>"",Massnahmen!E15,"") | F15: =Massnahmen!I15 -> 0 | G15: =Massnahmen!L15 | H15: p9
B16: 2 | H16: p10
B17: 2 | D17: i6 | E17: =IF(Massnahmen!E17<>"",Massnahmen!E17,"") | F17: =Massnahmen!I17 -> 0 | G17: =Massnahmen!L17 | H17: p11
B18: 2 | H18: p12
B19: 2 | D19: i7 | E19: =IF(Massnahmen!E19<>"",Massnahmen!E19,"") | F19: =Massnahmen!I19 -> 0 | G19: =Massnahmen!L19 | H19: p13
B20: 2 | H20: p14
B21: 2 | D21: i8 | E21: =IF(Massnahmen!E21<>"",Massnahmen!E21,"") | F21: =Massnahmen!I21 -> 0 | G21: =Massnahmen!L21 | H21: p15
B22: 2 | H22: p16
B23: 3 | C23: =IF(Massnahmen!C23<>"",Massnahmen!C23,"") -> Ziel 3 | D23: i9 | E23: =IF(Massnahmen!E23<>"",Massnahmen!E23,"") | F23: =Massnahmen!I23 -> 0 | G23: =Massnahmen!L23 | H23: p17
B24: 3 | H24: p18
B25: 3 | D25: i10 | E25: =IF(Massnahmen!E25<>"",Massnahmen!E25,"") | F25: =Massnahmen!I25 -> 0 | G25: =Massnahmen!L25 | H25: p19
B26: 3 | H26: p20
B27: 3 | D27: i11 | E27: =IF(Massnahmen!E27<>"",Massnahmen!E27,"") | F27: =Massnahmen!I27 -> 0 | G27: =Massnahmen!L27 | H27: p21
B28: 3 | H28: p22
B29: 3 | D29: i12 | E29: =IF(Massnahmen!E29<>"",Massnahmen!E29,"") | F29: =Massnahmen!I29 -> 0 | G29: =Massnahmen!L29 | H29: p23
B30: 3 | H30: p24
B31: 4 | C31: =IF(Massnahmen!C31<>"",Massnahmen!C31,"") -> 4 | D31: i13 | E31: =IF(Massnahmen!E31<>"",Massnahmen!E31,"") | F31: =Massnahmen!I31 -> 0 | G31: =Massnahmen!L31 | H31: p25
B32: 4 | H32: p26
B33: 4 | D33: i14 | E33: =IF(Massnahmen!E33<>"",Massnahmen!E33,"") | F33: =Massnahmen!I33 -> 0 | G33: =Massnahmen!L33 | H33: p27
B34: 4 | H34: p28
B35: 4 | D35: i15 | E35: =IF(Massnahmen!E35<>"",Massnahmen!E35,"") | F35: =Massnahmen!I35 -> 0 | G35: =Massnahmen!L35 | H35: p29
B36: 4 | H36: p30
B37: 4 | D37: i16 | E37: =IF(Massnahmen!E37<>"",Massnahmen!E37,"") | F37: =Massnahmen!I37 -> 0 | G37: =Massnahmen!L37 | H37: p31
B38: 4 | H38: p32
B39: 5 | C39: =IF(Massnahmen!C39<>"",Massnahmen!C39,"") -> 5 | D39: i17 | E39: =IF(Massnahmen!E39<>"",Massnahmen!E39,"") | F39: =Massnahmen!I39 -> 0 | G39: =Massnahmen!L39 | H39: p33
B40: 5 | H40: p34
B41: 5 | D41: i18 | E41: =IF(Massnahmen!E41<>"",Massnahmen!E41,"") | F41: =Massnahmen!I41 -> 0 | G41: =Massnahmen!L41 | H41: p35
B42: 5 | H42: p36
B43: 5 | D43: i19 | E43: =IF(Massnahmen!E43<>"",Massnahmen!E43,"") | F43: =Massnahmen!I43 -> 0 | G43: =Massnahmen!L43 | H43: p37
B44: 5 | H44: p38
B45: 5 | D45: i20 | E45: =IF(Massnahmen!E45<>"",Massnahmen!E45,"") | F45: =Massnahmen!I45 -> 0 | G45: =Massnahmen!L45 | H45: p39
B46: 5 | H46: p40
B47: 6 | C47: =IF(Massnahmen!C47<>"",Massnahmen!C47,"") -> 6 | D47: i21 | E47: =IF(Massnahmen!E47<>"",Massnahmen!E47,"") | F47: =Massnahmen!I47 -> 0 | G47: =Massnahmen!L47 | H47: p41
B48: 6 | H48: p42
B49: 6 | D49: i22 | E49: =IF(Massnahmen!E49<>"",Massnahmen!E49,"") | F49: =Massnahmen!I49 -> 0 | G49: =Massnahmen!L49 | H49: p43
B50: 6 | H50: p44
B51: 6 | D51: i23 | E51: =IF(Massnahmen!E51<>"",Massnahmen!E51,"") | F51: =Massnahmen!I51 -> 0 | G51: =Massnahmen!L51 | H51: p45
B52: 6 | H52: p46
B53: 6 | D53: i24 | E53: =IF(Massnahmen!E53<>"",Massnahmen!E53,"") | F53: =Massnahmen!I53 -> 0 | G53: =Massnahmen!L53 | H53: p47
B54: 6 | H54: p48
B55: 7 | C55: =IF(Massnahmen!C55<>"",Massnahmen!C55,"") -> 7 | D55: i25 | E55: =IF(Massnahmen!E55<>"",Massnahmen!E55,"") | F55: =Massnahmen!I55 -> 0 | G55: =Massnahmen!L55 | H55: p49
B56: 7 | H56: p50
B57: 7 | D57: i26 | E57: =IF(Massnahmen!E57<>"",Massnahmen!E57,"") | F57: =Massnahmen!I57 -> 0 | G57: =Massnahmen!L57 | H57: p51
B58: 7 | H58: p52
B59: 7 | D59: i27 | E59: =IF(Massnahmen!E59<>"",Massnahmen!E59,"") | F59: =Massnahmen!I59 -> 0 | G59: =Massnahmen!L59 | H59: p53
B60: 7 | H60: p54
B61: 7 | D61: i28 | E61: =IF(Massnahmen!E61<>"",Massnahmen!E61,"") | F61: =Massnahmen!I61 -> 0 | G61: =Massnahmen!L61 | H61: p55
B62: 7 | H62: p56
B63: 8 | C63: =IF(Massnahmen!C63<>"",Massnahmen!C63,"") -> 8 | D63: i29 | E63: =IF(Massnahmen!E63<>"",Massnahmen!E63,"") | F63: =Massnahmen!I63 -> 0 | G63: =Massnahmen!L63 | H63: p57
B64: 8 | H64: p58
B65: 8 | D65: i30 | E65: =IF(Massnahmen!E65<>"",Massnahmen!E65,"") | F65: =Massnahmen!I65 -> 0 | G65: =Massnahmen!L65 | H65: p59
B66: 8 | H66: p60
B67: 8 | D67: i31 | E67: =IF(Massnahmen!E67<>"",Massnahmen!E67,"") | F67: =Massnahmen!I67 -> 0 | G67: =Massnahmen!L67 | H67: p61
B68: 8 | H68: p62
B69: 8 | D69: i32 | E69: =IF(Massnahmen!E69<>"",Massnahmen!E69,"") | F69: =Massnahmen!I69 -> 0 | G69: =Massnahmen!L69 | H69: p63
B70: 8 | H70: p64
B71: 9 | C71: =IF(Massnahmen!C71<>"",Massnahmen!C71,"") -> 9 | D71: i33 | E71: =IF(Massnahmen!E71<>"",Massnahmen!E71,"") | F71: =Massnahmen!I71 -> 0 | G71: =Massnahmen!L71 | H71: p65
B72: 9 | H72: p66
B73: 9 | D73: i34 | E73: =IF(Massnahmen!E73<>"",Massnahmen!E73,"") | F73: =Massnahmen!I73 -> 0 | G73: =Massnahmen!L73 | H73: p67
B74: 9 | H74: p68
B75: 9 | D75: i35 | E75: =IF(Massnahmen!E75<>"",Massnahmen!E75,"") | F75: =Massnahmen!I75 -> 0 | G75: =Massnahmen!L75 | H75: p69
B76: 9 | H76: p70
B77: 9 | D77: i36 | E77: =IF(Massnahmen!E77<>"",Massnahmen!E77,"") | F77: =Massnahmen!I77 -> 0 | G77: =Massnahmen!L77 | H77: p71
B78: 9 | H78: p72
B79: 10 | C79: =IF(Massnahmen!C80<>"",Massnahmen!C80,"") -> 10 | D79: i37 | E79: =IF(Massnahmen!E80<>"",Massnahmen!E80,"") | F79: =Massnahmen!I80 -> 0 | G79: =Massnahmen!L80 | H79: p73
B80: 10 | H80: p74
B81: 10 | D81: i38 | E81: =IF(Massnahmen!E82<>"",Massnahmen!E82,"") | F81: =Massnahmen!I82 -> 0 | G81: =Massnahmen!L82 | H81: p75
B82: 10 | H82: p76
B83: 10 | D83: i39 | E83: =IF(Massnahmen!E84<>"",Massnahmen!E84,"") | F83: =Massnahmen!I84 -> 0 | G83: =Massnahmen!L84 | H83: p77
B84: 10 | H84: p78
B85: 10 | D85: i40 | E85: =IF(Massnahmen!E86<>"",Massnahmen!E86,"") | F85: =Massnahmen!I86 -> 0 | G85: =Massnahmen!L86 | H85: p79
B86: 10 | H86: p80
A87: =IF($C$87="","","ok") -> ok | C87: © iManagement • s.imboden • www.2iManagement.ch

Sheet Portfolio
B1: =' '!A418 -> P O R T F E U I L D E S I N N O V A T I O N S
B4: =' '!A117 -> No. | C4: =' '!A421 -> Innovations | D4: =' '!A419 -> Risque | E4: =' '!A420 -> Rentabilité | F4: =' '!A119 -> Impact | G4: =' '!A125 -> Étendue de l'impact | H4: =' '!A122 -> Ten- dance | I4: =' '!A123 -> Mesures possibles | J4: =' '!A124 -> Statut
B5: i1 | C5: Inno. 1 | D5: 8 | E5: 9 | G5: 1 | H5: 3 | J5: 1 | K5: =IF(G5=3,3, IF(G5=2,2,1)) -> 1
B6: i2 | C6: Inno. 2 | D6: 3 | E6: 6 | G6: 2 | H6: 2 | J6: 3 | K6: =IF(G6=3,3, IF(G6=2,2,1)) -> 2
B7: i3 | K7: =IF(G7=3,3, IF(G7=2,2,1)) -> 1
B8: i4 | K8: =IF(G8=3,3, IF(G8=2,2,1)) -> 1
B9: i5 | K9: =IF(G9=3,3, IF(G9=2,2,1)) -> 1
B10: i6 | K10: =IF(G10=3,3, IF(G10=2,2,1)) -> 1
B11: i7 | K11: =IF(G11=3,3, IF(G11=2,2,1)) -> 1
B12: i8 | K12: =IF(G12=3,3, IF(G12=2,2,1)) -> 1
B13: i9 | K13: =IF(G13=3,3, IF(G13=2,2,1)) -> 1
B14: i10 | K14: =IF(G14=3,3, IF(G14=2,2,1)) -> 1
B15: i11 | K15: =IF(G15=3,3, IF(G15=2,2,1)) -> 1
B16: i12 | K16: =IF(G16=3,3, IF(G16=2,2,1)) -> 1
B17: i13 | K17: =IF(G17=3,3, IF(G17=2,2,1)) -> 1
B18: i14 | K18: =IF(G18=3,3, IF(G18=2,2,1)) -> 1
B19: i15 | K19: =IF(G19=3,3, IF(G19=2,2,1)) -> 1
B20: © iManagement • s.imboden • www.2iManagement.ch

Sheet Risikomgmt
B1: =' '!A108 -> G E S T I O N D U R I S Q U E
B4: =' '!A117 -> No. | C4: =' '!A118 -> Risque | D4: =' '!A121 -> Étendue des dommages | E4: =' '!A120 -> Probabilité d'occurrence | F4: =' '!A119 -> Impact | G4: =' '!A122 -> Ten- dance | H4: =' '!A123 -> Mesures possibles | I4: =' '!A124 -> Statut
B5: R1 | D5: 3 | E5: 9 | G5: 3 | I5: 1 | J5: 1
B6: R2 | D6: 8 | E6: 10 | G6: 2 | I6: 3 | J6: 1
B7: R3 | J7: 1
B8: R4 | J8: 1
B9: R5 | J9: 1
B10: R6 | J10: 1
B11: R7 | J11: 1
B12: R8 | J12: 1
B13: R9 | J13: 1
B14: R10 | J14: 1
B15: R11 | J15: 1
B16: R12 | J16: 1
B17: R13 | J17: 1
B18: R14 | J18: 1
B19: R15 | J19: 1
B20: © iManagement • s.imboden • www.2iManagement.ch

Sheet Pareto
B1: =' '!A348 -> D I A G R A M M E D E P A R E T O
B6: =' '!A349 -> Ranking | C6: =' '!A350 -> Raisons du problème | D6: =' '!A351 -> Fré-quence | E6: Pareto X Axis | F6: Bars | G6: Ordered Rank | H6: Percentage
B7: =IF(D7="","",RANK(D7,D$7:D$26)+COUNTIF(D$7:D7,D7)-1) -> 11 | C7: Reason 1 | D7: 10 | E7: =IF(D7="","",INDEX($B$7:$D$26,MATCH(G7,$B$7:$B$26,0),2)) -> Reason 20 | F7: =IF(D7="","",INDEX($B$7:$D$26,MATCH(G7,$B$7:$B$26,0),3)) -> 21 | G7: 1 | H7: =IF(F7="","",F7/SUM($F$7:$F$26)) -> 0.095454545
B8: =IF(D8="","",RANK(D8,D$7:D$26)+COUNTIF(D$7:D8,D8)-1) -> 20 | C8: Reason 2 | D8: 2 | E8: =IF(D8="","",INDEX($B$7:$D$26,MATCH(G8,$B$7:$B$26,0),2)) -> Reason 19 | F8: =IF(D8="","",INDEX($B$7:$D$26,MATCH(G8,$B$7:$B$26,0),3)) -> 19 | G8: 2 | H8: =IF(F8="","",(F8/SUM($F$7:$F$26)+H7)) -> 0.18181818
B9: =IF(D9="","",RANK(D9,D$7:D$26)+COUNTIF(D$7:D9,D9)-1) -> 19 | C9: Reason 3 | D9: 3 | E9: =IF(D9="","",INDEX($B$7:$D$26,MATCH(G9,$B$7:$B$26,0),2)) -> Reason 18 | F9: =IF(D9="","",INDEX($B$7:$D$26,MATCH(G9,$B$7:$B$26,0),3)) -> 18 | G9: 3 | H9: =IF(F9="","",(F9/SUM($F$7:$F$26)+H8)) -> 0.26363636
B10: =IF(D10="","",RANK(D10,D$7:D$26)+COUNTIF(D$7:D10,D10)-1) -> 18 | C10: Reason 4 | D10: 4 | E10: =IF(D10="","",INDEX($B$7:$D$26,MATCH(G10,$B$7:$B$26,0),2)) -> Reason 17 | F10: =IF(D10="","",INDEX($B$7:$D$26,MATCH(G10,$B$7:$B$26,0),3)) -> 17 | G10: 4 | H10: =IF(F10="","",(F10/SUM($F$7:$F$26)+H9)) -> 0.34090909
B11: =IF(D11="","",RANK(D11,D$7:D$26)+COUNTIF(D$7:D11,D11)-1) -> 17 | C11: Reason 5 | D11: 5 | E11: =IF(D11="","",INDEX($B$7:$D$26,MATCH(G11,$B$7:$B$26,0),2)) -> Reason 16 | F11: =IF(D11="","",INDEX($B$7:$D$26,MATCH(G11,$B$7:$B$26,0),3)) -> 16 | G11: 5 | H11: =IF(F11="","",(F11/SUM($F$7:$F$26)+H10)) -> 0.41363636
B12: =IF(D12="","",RANK(D12,D$7:D$26)+COUNTIF(D$7:D12,D12)-1) -> 16 | C12: Reason 6 | D12: 6 | E12: =IF(D12="","",INDEX($B$7:$D$26,MATCH(G12,$B$7:$B$26,0),2)) -> Reason 15 | F12: =IF(D12="","",INDEX($B$7:$D$26,MATCH(G12,$B$7:$B$26,0),3)) -> 15 | G12: 6 | H12: =IF(F12="","",(F12/SUM($F$7:$F$26)+H11)) -> 0.48181818
B13: =IF(D13="","",RANK(D13,D$7:D$26)+COUNTIF(D$7:D13,D13)-1) -> 15 | C13: Reason 7 | D13: 7 | E13: =IF(D13="","",INDEX($B$7:$D$26,MATCH(G13,$B$7:$B$26,0),2)) -> Reason 14 | F13: =IF(D13="","",INDEX($B$7:$D$26,MATCH(G13,$B$7:$B$26,0),3)) -> 14 | G13: 7 | H13: =IF(F13="","",(F13/SUM($F$7:$F$26)+H12)) -> 0.54545455
B14: =IF(D14="","",RANK(D14,D$7:D$26)+COUNTIF(D$7:D14,D14)-1) -> 14 | C14: Reason 8 | D14: 8 | E14: =IF(D14="","",INDEX($B$7:$D$26,MATCH(G14,$B$7:$B$26,0),2)) -> Reason 13 | F14: =IF(D14="","",INDEX($B$7:$D$26,MATCH(G14,$B$7:$B$26,0),3)) -> 13 | G14: 8 | H14: =IF(F14="","",(F14/SUM($F$7:$F$26)+H13)) -> 0.60454545
B15: =IF(D15="","",RANK(D15,D$7:D$26)+COUNTIF(D$7:D15,D15)-1) -> 13 | C15: Reason 9 | D15: 9 | E15: =IF(D15="","",INDEX($B$7:$D$26,MATCH(G15,$B$7:$B$26,0),2)) -> Reason 12 | F15: =IF(D15="","",INDEX($B$7:$D$26,MATCH(G15,$B$7:$B$26,0),3)) -> 12 | G15: 9 | H15: =IF(F15="","",(F15/SUM($F$7:$F$26)+H14)) -> 0.65909091
B16: =IF(D16="","",RANK(D16,D$7:D$26)+COUNTIF(D$7:D16,D16)-1) -> 12 | C16: Reason 10 | D16: 10 | E16: =IF(D16="","",INDEX($B$7:$D$26,MATCH(G16,$B$7:$B$26,0),2)) -> Reason 11 | F16: =IF(D16="","",INDEX($B$7:$D$26,MATCH(G16,$B$7:$B$26,0),3)) -> 11 | G16: 10 | H16: =IF(F16="","",(F16/SUM($F$7:$F$26)+H15)) -> 0.70909091
B17: =IF(D17="","",RANK(D17,D$7:D$26)+COUNTIF(D$7:D17,D17)-1) -> 10 | C17: Reason 11 | D17: 11 | E17: =IF(D17="","",INDEX($B$7:$D$26,MATCH(G17,$B$7:$B$26,0),2)) -> Reason 1 | F17: =IF(D17="","",INDEX($B$7:$D$26,MATCH(G17,$B$7:$B$26,0),3)) -> 10 | G17: 11 | H17: =IF(F17="","",(F17/SUM($F$7:$F$26)+H16)) -> 0.75454545
B18: =IF(D18="","",RANK(D18,D$7:D$26)+COUNTIF(D$7:D18,D18)-1) -> 9 | C18: Reason 12 | D18: 12 | E18: =IF(D18="","",INDEX($B$7:$D$26,MATCH(G18,$B$7:$B$26,0),2)) -> Reason 10 | F18: =IF(D18="","",INDEX($B$7:$D$26,MATCH(G18,$B$7:$B$26,0),3)) -> 10 | G18: 12 | H18: =IF(F18="","",(F18/SUM($F$7:$F$26)+H17)) -> 0.8
B19: =IF(D19="","",RANK(D19,D$7:D$26)+COUNTIF(D$7:D19,D19)-1) -> 8 | C19: Reason 13 | D19: 13 | E19: =IF(D19="","",INDEX($B$7:$D$26,MATCH(G19,$B$7:$B$26,0),2)) -> Reason 9 | F19: =IF(D19="","",INDEX($B$7:$D$26,MATCH(G19,$B$7:$B$26,0),3)) -> 9 | G19: 13 | H19: =IF(F19="","",(F19/SUM($F$7:$F$26)+H18)) -> 0.84090909
... B26: =IF(D26="","",RANK(D26,D$7:D$26)+COUNTIF(D$7:D26,D26)-1) -> 1 | C26: Reason 20 | D26: 21 | E26: =IF(D26="","",INDEX($B$7:$D$26,MATCH(G26,$B$7:$B$26,0),2)) -> Reason 2 | F26: =IF(D26="","",INDEX($B$7:$D$26,MATCH(G26,$B$7:$B$26,0),3)) -> 2 | G26: 20 | H26: =IF(F26="","",(F26/SUM($F$7:$F$26)+H25)) -> 1
B30: © iManagement • s.imboden • www.2iManagement.ch

Sheet Kommunikation
B1: =' '!A320 -> C O M M U N I C A T I O N
A4: x!A192
B7: =' '!A321 -> Interne
B8: =' '!A328 -> No. | C8: =' '!A329 -> Désignation | D8: =' '!$A$177 -> en % | E8: =' '!A331 -> Forces principales | F8: =' '!A332 -> Faiblesses principales | G8: =' '!A333 -> Impact | H8: =' '!A334 -> Remarques | I8: =' '!A335 -> Statut
B9: 1 | G9: 3 | I9: 2 | J9: =IF(G9=0,0.1,G9) -> 3
B10: 2 | G10: 4 | J10: =IF(G10=0,0.1,G10) -> 4
B11: 3 | G11: 3 | J11: =IF(G11=0,0.1,G11) -> 3
B12: 4 | J12: =IF(G12=0,0.1,G12) -> 0.1
B13: 5 | J13: =IF(G13=0,0.1,G13) -> 0.1
B14: 6 | J14: =IF(G14=0,0.1,G14) -> 0.1
B15: 7 | J15: =IF(G15=0,0.1,G15) -> 0.1
B16: 8 | J16: =IF(G16=0,0.1,G16) -> 0.1
B17: 9 | J17: =IF(G17=0,0.1,G17) -> 0.1
B18: 10 | J18: =IF(G18=0,0.1,G18) -> 0.1
C19: TOTAL | D19: =SUM(D9:D18) -> 0
B21: =' '!A322 -> Externe
B22: =$B$8 -> No. | C22: =$C$8 -> Désignation | D22: =' '!$A$177 -> en % | E22: =$E$8 -> Forces principales | F22: =$F$8 -> Faiblesses principales | G22: =$G$8 -> Impact | H22: =H8 -> Remarques | I22: =$I$8 -> Statut
B23: 1 | D23: 0.8 | G23: 3 | I23: 2 | J23: =IF(G23=0,0.1,G23) -> 3
B24: 2 | D24: 0.01 | G24: 2 | J24: =IF(G24=0,0.1,G24) -> 2
B25: 3 | D25: 0.03 | G25: 4 | J25: =IF(G25=0,0.1,G25) -> 4
B26: 4 | D26: 0.02 | G26: 3 | J26: =IF(G26=0,0.1,G26) -> 3
B27: 5 | D27: 0.05 | G27: 2 | J27: =IF(G27=0,0.1,G27) -> 2
B28: 6 | D28: 0.05 | G28: 3 | J28: =IF(G28=0,0.1,G28) -> 3
B29: 7 | D29: 0.02 | G29: 3 | J29: =IF(G29=0,0.1,G29) -> 3
B30: 8 | D30: 0.02 | G30: 3 | J30: =IF(G30=0,0.1,G30) -> 3
B31: 9 | G31: 2 | J31: =IF(G31=0,0.1,G31) -> 2
B32: 10 | G32: 2 | J32: =IF(G32=0,0.1,G32) -> 2
C33: TOTAL | D33: =SUM(D23:D32) -> 1
B35: =' '!A323 -> Internet
B36: =$B$8 -> No. | C36: =$C$8 -> Désignation | D36: =' '!$A$177 -> en % | E36: =$E$8 -> Forces principales | F36: =$F$8 -> Faiblesses principales | G36: =$G$8 -> Impact | H36: =H22 -> Remarques | I36: =$I$8 -> Statut
B37: 1 | G37: 3 | I37: 2 | J37: =IF(G37=0,0.1,G37) -> 3
B38: 2 | G38: 1 | J38: =IF(G38=0,0.1,G38) -> 1
B39: 3 | G39: 3 | J39: =IF(G39=0,0.1,G39) -> 3
B40: 4 | J40: =IF(G40=0,0.1,G40) -> 0.1
B41: 5 | J41: =IF(G41=0,0.1,G41) -> 0.1
B42: 6 | J42: =IF(G42=0,0.1,G42) -> 0.1
B43: 7 | J43: =IF(G43=0,0.1,G43) -> 0.1
B44: 8 | J44: =IF(G44=0,0.1,G44) -> 0.1
B45: 9 | J45: =IF(G45=0,0.1,G45) -> 0.1
B46: 10 | J46: =IF(G46=0,0.1,G46) -> 0.1
C47: TOTAL | D47: =SUM(D37:D46) -> 0
B49: =' '!A324 -> Social Medias
B50: =$B$8 -> No. | C50: =$C$8 -> Désignation | D50: =' '!$A$177 -> en % | E50: =$E$8 -> Forces principales | F50: =$F$8 -> Faiblesses principales | G50: =$G$8 -> Impact | H50: =H36 -> Remarques | I50: =$I$8 -> Statut
B51: 1 | G51: 3 | I51: 2 | J51: =IF(G51=0,0.1,G51) -> 3
B52: 2 | G52: 1 | J52: =IF(G52=0,0.1,G52) -> 1
B53: 3 | J53: =IF(G53=0,0.1,G53) -> 0.1
B54: 4 | J54: =IF(G54=0,0.1,G54) -> 0.1
B55: 5 | J55: =IF(G55=0,0.1,G55) -> 0.1
B56: 6 | J56: =IF(G56=0,0.1,G56) -> 0.1
B57: 7 | J57: =IF(G57=0,0.1,G57) -> 0.1
B58: 8 | J58: =IF(G58=0,0.1,G58) -> 0.1
B59: 9 | J59: =IF(G59=0,0.1,G59) -> 0.1
B60: 10 | J60: =IF(G60=0,0.1,G60) -> 0.1
C61: TOTAL | D61: =SUM(D51:D60) -> 0
B63: =' '!A325 -> Relations publiques
B64: =$B$8 -> No. | C64: =$C$8 -> Désignation | D64: =' '!$A$177 -> en % | E64: =$E$8 -> Forces principales | F64: =$F$8 -> Faiblesses principales | G64: =$G$8 -> Impact | H64: =H50 -> Remarques | I64: =$I$8 -> Statut
B65: 1 | G65: 4 | I65: 2 | J65: =IF(G65=0,0.1,G65) -> 4
B66: 2 | G66: 1 | J66: =IF(G66=0,0.1,G66) -> 1
B67: 3 | J67: =IF(G67=0,0.1,G67) -> 0.1
B68: 4 | J68: =IF(G68=0,0.1,G68) -> 0.1
B69: 5 | J69: =IF(G69=0,0.1,G69) -> 0.1
B70: 6 | J70: =IF(G70=0,0.1,G70) -> 0.1
B71: 7 | J71: =IF(G71=0,0.1,G71) -> 0.1
B72: 8 | J72: =IF(G72=0,0.1,G72) -> 0.1
B73: 9 | J73: =IF(G73=0,0.1,G73) -> 0.1
B74: 10 | J74: =IF(G74=0,0.1,G74) -> 0.1
C75: TOTAL | D75: =SUM(D65:D74) -> 0
B77: =' '!A326 -> Divers
B78: =$B$8 -> No. | C78: =$C$8 -> Désignation | D78: =' '!$A$177 -> en % | E78: =$E$8 -> Forces principales | F78: =$F$8 -> Faiblesses principales | G78: =$G$8 -> Impact | H78: =H64 -> Remarques | I78: =$I$8 -> Statut
B79: 1 | G79: 3 | I79: 2 | J79: =IF(G79=0,0.1,G79) -> 3
B80: 2 | G80: 3 | J80: =IF(G80=0,0.1,G80) -> 3
B81: 3 | J81: =IF(G81=0,0.1,G81) -> 0.1
B82: 4 | J82: =IF(G82=0,0.1,G82) -> 0.1
B83: 5 | J83: =IF(G83=0,0.1,G83) -> 0.1
B84: 6 | J84: =IF(G84=0,0.1,G84) -> 0.1
B85: 7 | J85: =IF(G85=0,0.1,G85) -> 0.1
B86: 8 | J86: =IF(G86=0,0.1,G86) -> 0.1
B87: 9 | J87: =IF(G87=0,0.1,G87) -> 0.1
B88: 10 | J88: =IF(G88=0,0.1,G88) -> 0.1
C89: TOTAL | D89: =SUM(D79:D88) -> 0
B90: © iManagement • s.imboden • www.2iManagement.ch

Sheet 2Cockpit
B1: =' '!A382 -> Voulez-vous ouvrir le programme "Tableau de bord"?
D5: =' '!A383 -> Assurez-vous, que le fichier "01_Cockpit.exe" se touve dans le même répertoire!

Sheet 2Strategie
B1: =' '!A384 -> Voulez-vous ouvrir le programme "Management stratégique" ?
D5: =' '!A385 -> Assurez-vous, que le fichier "02_StrategicManagement.exe" se trouve dans le même répertoire !

Sheet 2BP
B1: =' '!A386 -> Voulez-vous ouvrir le programme "Business Plan"?
D5: =' '!A387 -> Assurez-vous, que le fichier "04_BusinessPlan.exe" se touve dans le même répertoire!

Sheet 2BSC
B1: =' '!A388 -> Voulez-vous ouvrir le programme "Balanced Scorcard"?
D5: =' '!A389 -> Assurez-vous, que le fichier "01_Cockpit.exe" se touve dans le même répertoire!

Sheet 2Projektmgmt
B1: =' '!A390 -> Voulez-vous ouvrir le programme "Gestion de projets"?
D5: =' '!A391 -> Assurez-vous, que le fichier "03_ProjectManagement.exe" se touve dans le même répertoire!

Sheet oIndikatoren
C1: =' '!A446 -> I N D I C A T E U R S S T R A T É G I Q U E
C5: o1 | D5: =_o1 -> Indikator 1
D7: =' '!$A$448 -> Description/Remarques
D9: =' '!$A$447 -> Calcul
D11: =' '!$A$449 -> Source | E11: =' '!$A$450 -> Moment de l'enquête & Comparaison avec la branche
C17: o2 | D17: =_o2 -> 0
D19: =' '!$A$448 -> Description/Remarques
D21: =' '!$A$447 -> Calcul
D23: =' '!$A$449 -> Source | E23: =' '!$A$450 -> Moment de l'enquête & Comparaison avec la branche
C29: o3 | D29: =_o3 -> 0
D31: =' '!$A$448 -> Description/Remarques
D33: =' '!$A$447 -> Calcul
D35: =' '!$A$449 -> Source | E35: =' '!$A$450 -> Moment de l'enquête & Comparaison avec la branche
C41: o4 | D41: =_o4 -> 0
D43: =' '!$A$448 -> Description/Remarques
D45: =' '!$A$447 -> Calcul
D47: =' '!$A$449 -> Source | E47: =' '!$A$450 -> Moment de l'enquête & Comparaison avec la branche
C53: o5 | D53: =_o5 -> 0
D55: =' '!$A$448 -> Description/Remarques
D57: =' '!$A$447 -> Calcul
D59: =' '!$A$449 -> Source | E59: =' '!$A$450 -> Moment de l'enquête & Comparaison avec la branche
C65: o6 | D65: =_o6 -> 0
D67: =' '!$A$448 -> Description/Remarques
D69: =' '!$A$447 -> Calcul
D71: =' '!$A$449 -> Source | E71: =' '!$A$450 -> Moment de l'enquête & Comparaison avec la branche
C77: o7 | D77: =_o7 -> 0
D79: =' '!$A$448 -> Description/Remarques
D81: =' '!$A$447 -> Calcul
D83: =' '!$A$449 -> Source | E83: =' '!$A$450 -> Moment de l'enquête & Comparaison avec la branche
C89: o8 | D89: =_o8 -> 0
D91: =' '!$A$448 -> Description/Remarques
D93: =' '!$A$447 -> Calcul
D95: =' '!$A$449 -> Source | E95: =' '!$A$450 -> Moment de l'enquête & Comparaison avec la branche
C101: o9 | D101: =_o9 -> 0
D103: =' '!$A$448 -> Description/Remarques
D105: =' '!$A$447 -> Calcul
D107: =' '!$A$449 -> Source | E107: =' '!$A$450 -> Moment de l'enquête & Comparaison avec la branche
C113: o10 | D113: =_o10 -> 0
D115: =' '!$A$448 -> Description/Remarques
D117: =' '!$A$447 -> Calcul
D119: =' '!$A$449 -> Source | E119: =' '!$A$450 -> Moment de l'enquête & Comparaison avec la branche
C125: o11 | D125: =_o11 -> 0
D127: =' '!$A$448 -> Description/Remarques
D129: =' '!$A$447 -> Calcul
D131: =' '!$A$449 -> Source | E131: =' '!$A$450 -> Moment de l'enquête & Comparaison avec la branche
C137: o12 | D137: =_o12 -> 0
D139: =' '!$A$448 -> Description/Remarques
D141: =' '!$A$447 -> Calcul
D143: =' '!$A$449 -> Source | E143: =' '!$A$450 -> Moment de l'enquête & Comparaison avec la branche
C149: o13 | D149: =_o13 -> 0
D151: =' '!$A$448 -> Description/Remarques
D153: =' '!$A$447 -> Calcul
D155: =' '!$A$449 -> Source | E155: =' '!$A$450 -> Moment de l'enquête & Comparaison avec la branche
C161: o14 | D161: =_o14 -> 0
D163: =' '!$A$448 -> Description/Remarques
D165: =' '!$A$447 -> Calcul
D167: =' '!$A$449 -> Source | E167: =' '!$A$450 -> Moment de l'enquête & Comparaison avec la branche
C173: o15 | D173: =_o15 -> 0
D175: =' '!$A$448 -> Description/Remarques
D177: =' '!$A$447 -> Calcul
D179: =' '!$A$449 -> Source | E179: =' '!$A$450 -> Moment de l'enquête & Comparaison avec la branche
C185: o16 | D185: =_o16 -> 0
D187: =' '!$A$448 -> Description/Remarques
D189: =' '!$A$447 -> Calcul
D191: =' '!$A$449 -> Source | E191: =' '!$A$450 -> Moment de l'enquête & Comparaison avec la branche
C197: o17 | D197: =_o17 -> 0
D199: =' '!$A$448 -> Description/Remarques
D201: =' '!$A$447 -> Calcul
D203: =' '!$A$449 -> Source | E203: =' '!$A$450 -> Moment de l'enquête & Comparaison avec la branche
C209: o18 | D209: =_o18 -> 0
D211: =' '!$A$448 -> Description/Remarques
D213: =' '!$A$447 -> Calcul
D215: =' '!$A$449 -> Source | E215: =' '!$A$450 -> Moment de l'enquête & Comparaison avec la branche
C221: o19 | D221: =_o19 -> 0
D223: =' '!$A$448 -> Description/Remarques
D225: =' '!$A$447 -> Calcul
D227: =' '!$A$449 -> Source | E227: =' '!$A$450 -> Moment de l'enquête & Comparaison avec la branche
C233: o20 | D233: =_o20 -> 0
D235: =' '!$A$448 -> Description/Remarques
D237: =' '!$A$447 -> Calcul
D239: =' '!$A$449 -> Source | E239: =' '!$A$450 -> Moment de l'enquête & Comparaison avec la branche
C245: o21 | D245: =_o21 -> 0
D247: =' '!$A$448 -> Description/Remarques
D249: =' '!$A$447 -> Calcul
D251: =' '!$A$449 -> Source | E251: =' '!$A$450 -> Moment de l'enquête & Comparaison avec la branche
C257: o22 | D257: =_o22 -> 0
D259: =' '!$A$448 -> Description/Remarques
D261: =' '!$A$447 -> Calcul
D263: =' '!$A$449 -> Source | E263: =' '!$A$450 -> Moment de l'enquête & Comparaison avec la branche
C269: o23 | D269: =_o23 -> 0
D271: =' '!$A$448 -> Description/Remarques
D273: =' '!$A$447 -> Calcul
D275: =' '!$A$449 -> Source | E275: =' '!$A$450 -> Moment de l'enquête & Comparaison avec la branche
C281: o24 | D281: =_o24 -> 0
D283: =' '!$A$448 -> Description/Remarques
D285: =' '!$A$447 -> Calcul
D287: =' '!$A$449 -> Source | E287: =' '!$A$450 -> Moment de l'enquête & Comparaison avec la branche
C293: o25 | D293: =_o25 -> 0
D295: =' '!$A$448 -> Description/Remarques
D297: =' '!$A$447 -> Calcul
...

Sheet sIndikatoren
C1: =' '!A451 -> I N D I C A T E U R S O B J E C T I F S
C5: i1 | D5: =__s1 -> Indikator 1
D7: =' '!$A$448 -> Description/Remarques
D9: =' '!$A$447 -> Calcul
D11: =' '!$A$449 -> Source | E11: =' '!$A$450 -> Moment de l'enquête & Comparaison avec la branche
C17: i2 | D17: =Massnahmen!E9 -> 0
D19: =' '!$A$448 -> Description/Remarques
D21: =' '!$A$447 -> Calcul
D23: =' '!$A$449 -> Source | E23: =' '!$A$450 -> Moment de l'enquête & Comparaison avec la branche
C29: i3 | D29: =__s3 -> 0
D31: =' '!$A$448 -> Description/Remarques
D33: =' '!$A$447 -> Calcul
D35: =' '!$A$449 -> Source | E35: =' '!$A$450 -> Moment de l'enquête & Comparaison avec la branche
C41: i4 | D41: =__s4 -> 0
D43: =' '!$A$448 -> Description/Remarques
D45: =' '!$A$447 -> Calcul
D47: =' '!$A$449 -> Source | E47: =' '!$A$450 -> Moment de l'enquête & Comparaison avec la branche
C53: i5 | D53: =__s5 -> 0
D55: =' '!$A$448 -> Description/Remarques
D57: =' '!$A$447 -> Calcul
D59: =' '!$A$449 -> Source | E59: =' '!$A$450 -> Moment de l'enquête & Comparaison avec la branche
C65: i6 | D65: =__s6 -> 0
D67: =' '!$A$448 -> Description/Remarques
D69: =' '!$A$447 -> Calcul
D71: =' '!$A$449 -> Source | E71: =' '!$A$450 -> Moment de l'enquête & Comparaison avec la branche
C77: i7 | D77: =__s7 -> 0
D79: =' '!$A$448 -> Description/Remarques
D81: =' '!$A$447 -> Calcul
D83: =' '!$A$449 -> Source | E83: =' '!$A$450 -> Moment de l'enquête & Comparaison avec la branche
C89: i8 | D89: =__s8 -> 0
D91: =' '!$A$448 -> Description/Remarques
D93: =' '!$A$447 -> Calcul
D95: =' '!$A$449 -> Source | E95: =' '!$A$450 -> Moment de l'enquête & Comparaison avec la branche
C101: i9 | D101: =__s9 -> 0
D103: =' '!$A$448 -> Description/Remarques
D105: =' '!$A$447 -> Calcul
D107: =' '!$A$449 -> Source | E107: =' '!$A$450 -> Moment de l'enquête & Comparaison avec la branche
C113: i10 | D113: =__s10 -> 0
D115: =' '!$A$448 -> Description/Remarques
D117: =' '!$A$447 -> Calcul
D119: =' '!$A$449 -> Source | E119: =' '!$A$450 -> Moment de l'enquête & Comparaison avec la branche
C125: i11 | D125: =__s11 -> 0
D127: =' '!$A$448 -> Description/Remarques
D129: =' '!$A$447 -> Calcul
D131: =' '!$A$449 -> Source | E131: =' '!$A$450 -> Moment de l'enquête & Comparaison avec la branche
C137: i12 | D137: =__s12 -> 0
D139: =' '!$A$448 -> Description/Remarques
D141: =' '!$A$447 -> Calcul
D143: =' '!$A$449 -> Source | E143: =' '!$A$450 -> Moment de l'enquête & Comparaison avec la branche
C149: i13 | D149: =__s13 -> 0
D151: =' '!$A$448 -> Description/Remarques
D153: =' '!$A$447 -> Calcul
D155: =' '!$A$449 -> Source | E155: =' '!$A$450 -> Moment de l'enquête & Comparaison avec la branche
C161: i14 | D161: =__s14 -> 0
D163: =' '!$A$448 -> Description/Remarques
D165: =' '!$A$447 -> Calcul
D167: =' '!$A$449 -> Source | E167: =' '!$A$450 -> Moment de l'enquête & Comparaison avec la branche
C173: i15 | D173: =__s15 -> 0
D175: =' '!$A$448 -> Description/Remarques
D177: =' '!$A$447 -> Calcul
D179: =' '!$A$449 -> Source | E179: =' '!$A$450 -> Moment de l'enquête & Comparaison avec la branche
C185: i16 | D185: =__s16 -> 0
D187: =' '!$A$448 -> Description/Remarques
D189: =' '!$A$447 -> Calcul
D191: =' '!$A$449 -> Source | E191: =' '!$A$450 -> Moment de l'enquête & Comparaison avec la branche
C197: i17 | D197: =__s17 -> 0
D199: =' '!$A$448 -> Description/Remarques
D201: =' '!$A$447 -> Calcul
D203: =' '!$A$449 -> Source | E203: =' '!$A$450 -> Moment de l'enquête & Comparaison avec la branche
C209: i18 | D209: =__s18 -> 0
D211: =' '!$A$448 -> Description/Remarques
D213: =' '!$A$447 -> Calcul
D215: =' '!$A$449 -> Source | E215: =' '!$A$450 -> Moment de l'enquête & Comparaison avec la branche
C221: i19 | D221: =__s19 -> 0
D223: =' '!$A$448 -> Description/Remarques
D225: =' '!$A$447 -> Calcul
D227: =' '!$A$449 -> Source | E227: =' '!$A$450 -> Moment de l'enquête & Comparaison avec la branche
C233: i20 | D233: =__s20 -> 0
D235: =' '!$A$448 -> Description/Remarques
D237: =' '!$A$447 -> Calcul
D239: =' '!$A$449 -> Source | E239: =' '!$A$450 -> Moment de l'enquête & Comparaison avec la branche
C245: i21 | D245: =__s21 -> 0
D247: =' '!$A$448 -> Description/Remarques
D249: =' '!$A$447 -> Calcul
D251: =' '!$A$449 -> Source | E251: =' '!$A$450 -> Moment de l'enquête & Comparaison avec la branche
C257: i22 | D257: =__s22 -> 0
D259: =' '!$A$448 -> Description/Remarques
D261: =' '!$A$447 -> Calcul
D263: =' '!$A$449 -> Source | E263: =' '!$A$450 -> Moment de l'enquête & Comparaison avec la branche
C269: i23 | D269: =__s23 -> 0
D271: =' '!$A$448 -> Description/Remarques
D273: =' '!$A$447 -> Calcul
D275: =' '!$A$449 -> Source | E275: =' '!$A$450 -> Moment de l'enquête & Comparaison avec la branche
C281: i24 | D281: =__s24 -> 0
D283: =' '!$A$448 -> Description/Remarques
D285: =' '!$A$447 -> Calcul
D287: =' '!$A$449 -> Source | E287: =' '!$A$450 -> Moment de l'enquête & Comparaison avec la branche
C293: i25 | D293: =__s25 -> 0
D295: =' '!$A$448 -> Description/Remarques
D297: =' '!$A$447 -> Calcul
...

Sheet Logo
D4: =' '!A50 -> Votre logo:
